Workbook
Name NOME1: #REF!
Name NOME1: #REF!
Name NOME1: #REF!
Name NOME1: #REF!
Name NOME1: #REF!
Name NOME1: #REF!
Name NOME1: #REF!
Name NOME2: #REF!
Name NOME2: #REF!
Name NOME2: #REF!
Name NOME2: #REF!
Name NOME2: #REF!
Name NOME2: #REF!
Name NOME2: #REF!
Name Print_Area: 'BM 01'!$A$1:$O$72
Name Print_Area: 'BM 01-Fot'!$A$1:$L$55
Name Print_Area: 'BM 02'!$A$1:$N$72
Name Print_Area: 'BM 02-Fot'!$A$1:$L$55
Name Print_Area: FOTOS!$A$1:$L$53
Name Print_Titles: 'BM 01-Fot'!$1:$6
Name Print_Titles: 'BM 02-Fot'!$1:$6
Name Print_Titles: FOTOS!$1:$4
Name sigla_obras: '[1]Base dados - TCU 2622_2013'!$A$7:$A$14
Name sigla_obras: '[1]Base dados - TCU 2622_2013'!$A$7:$A$14
Name sigla_obras: '[1]Base dados - TCU 2622_2013'!$A$7:$A$14
Name sigla_obras: '[1]Base dados - TCU 2622_2013'!$A$7:$A$14
Name sigla_obras: '[1]Base dados - TCU 2622_2013'!$A$7:$A$14
Name sigla_obras: 'BDI-Dados'!$A$7:$A$14
Name sigla_sn: '[1]Base dados - TCU 2622_2013'!$A$2:$A$3
Name sigla_sn: '[1]Base dados - TCU 2622_2013'!$A$2:$A$3
Name sigla_sn: '[1]Base dados - TCU 2622_2013'!$A$2:$A$3
Name sigla_sn: '[1]Base dados - TCU 2622_2013'!$A$2:$A$3
Name sigla_sn: '[1]Base dados - TCU 2622_2013'!$A$2:$A$3
Name sigla_sn: 'BDI-Dados'!$A$2:$A$3

Sheet MEM
A2: MEMÓRIA DE CÁLCULO | L2: =PLAN!H3 -> DATA: 21/09/26
A3: =PLAN!A3 -> OBRA: SERVIÇOS DE INFRAESTRUTURA
A4: =PLAN!A4 -> LOCAL: ÁREAS PÚBLICAS MUNICIPAIS DE SANTA CRUZ DO ESCALVADO (MG)
A5: ITEM | B5: DESCRIÇÃO DOS SERVIÇOS | K5: UNID | L5: TOTAL | M5: =PLAN!I6 -> 842254.45
A6: =PLAN!A8 -> 1 | B6: =PLAN!C8 -> ADMINISTRAÇÃO LOCAL
A7: =PLAN!A9 -> 1.1 | B7: =PLAN!C9 -> ENCARREGADO GERAL DE OBRAS COM ENCARGOS COMPLEMENTARES | E7: cronograma | J7: (3 meses x 4 semanas x 5 dias x 8 horas) / 220 horas | K7: =PLAN!D9 -> MÊS | L7: =ROUND(M7*4*5*N7/220,2) -> 2.18 | M7: 3 | N7: 8 | O7: =PLAN!J11 -> 0.033261374
A8: =PLAN!A10 -> 1.2 | B8: =PLAN!C10 -> TÉCNICO EM SEGURANÇA DO TRABALHO COM ENCARGOS COMPLEMENTARES | E8: cronograma | J8: (3 meses x 4 semanas x 5 dias x 0,1 horas) / 220 horas | K8: =PLAN!D10 -> MÊS | L8: =ROUND(M7*4*5*N8/220,2) -> 0.03 | N8: 0.1
A9: =PLAN!A11 -> 1.3 | B9: =PLAN!C11 -> ENGENHEIRO CIVIL DE OBRA PLENO COM ENCARGOS COMPLEMENTARES | E9: cronograma | J9: (3 meses x 4 semanas x 5 dias x 0,1 horas) / 220 horas | K9: =PLAN!D11 -> MÊS | L9: =ROUND(M7*4*5*N9/220,2) -> 0.03 | N9: 0.1
A10: =PLAN!A12 -> 2 | B10: =PLAN!C12 -> SERVIÇOS PRELIMINARES | K10: =PLAN!D12 -> 0
A11: =PLAN!A13 -> 2.1 | B11: =PLAN!C13 -> FORNECIMENTO E COLOCAÇÃO DE PLACA DE OBRA EM CHAPA GALVANIZADA #26, ESP. 0,45 MM, PLOTADA COM ADESIVO VINÍLICO, AFIXADA C/ REBITES 4,8X40 MM, EM ESTRUTURA METÁLICA DE METALON 20X20 MM, ESP. 1,25 MM, INCL SUPORTE EM EUCALIPTO AUTOCLAVADO PINTADO COM TINTA PVA DUAS (2) DEMÃOS | E11: área | J11: área = 1,00 x 2,00 | K11: =PLAN!D13 -> M2 | L11: =1*2 -> 2
A12: =PLAN!A14 -> 2.2 | B12: =PLAN!C14 -> MOBILIZAÇÃO E DESMOBILIZAÇÃO OBRA DISTANTE DE CENTRO URBANO OU REGIÃO LIMÍTROFE COM VALOR ATÉ 1.000.000,00 | E12: estimativa | J12: global | K12: =PLAN!D14 -> % | L12: 0.5
A13: =PLAN!A15 -> 3 | B13: =PLAN!C15 -> ÁREA 01 - RUA SAGRADOS CORAÇÕES | K13: =PLAN!D15 -> 0
A14: =PLAN!A16 -> 3.1 | B14: =PLAN!C16 -> DEMOLIÇÕES E REMOÇÕES | K14: =PLAN!D16 -> 0
A15: =PLAN!A17 -> 3.1.1 | B15: =PLAN!C17 -> REMOÇÃO DE MEIO FIO PRÉ MOLDADO DE CONCRETO | E15: comprimento existente CAD | J15: =E15 -> comprimento existente CAD | K15: =PLAN!D17 -> M | L15: 46.55
A16: =PLAN!A18 -> 3.1.2 | B16: =PLAN!C18 -> DEMOLIÇÃO MECANIZADA DE CONCRETO, SEM ARMAÇÃO, COM EQUIPAMENTO ELÉTRICO, INCLUSIVE AFASTAMENTO E EMPILHAMENTO, EXCLUSIVE TRANSPORTE E RETIRADA DO MATERIAL DEMOLIDO | E16: volume de concreto a ser demolido | J16: =E16 -> volume de concreto a ser demolido | K16: =PLAN!D18 -> M3 | L16: =ROUND(20*0.15,2) -> 3
A17: =PLAN!A19 -> 3.1.3 | B17: =PLAN!C19 -> TRANSPORTE DE MATERIAL DE QUALQUER NATUREZA COM CARRINHO DE MÃO, COM DISTÂNCIAS MENORES OU IGUAIS A 50M, INCLUSIVE CARGA/DESCARGA | E17: transporte do volume de material demolido | J17: =E17 -> transporte do volume de material demolido | K17: =PLAN!D19 -> M3 | L17: =ROUND((L15*0.3*0.15)+L16,2) -> 5.09
A18: =PLAN!A20 -> 3.1.4 | B18: =PLAN!C20 -> TRANSPORTE DE MATERIAL DE QUALQUER NATUREZA EM CAMINHÃO, DISTÂNCIA MAIOR QUE 1KM E MENOR OU IGUAL A 2KM, DENTRO DO PERÍMETRO URBANO, EXCLUSIVE CARGA, INCLUSIVE DESCARGA | E18: volume de material demolido x distância de transporte 2km | J18: =E18 -> volume de material demolido x distância de transporte 2km | K18: =PLAN!D20 -> M3xKM | L18: =ROUND(L17*2,2) -> 10.18
A19: =PLAN!A21 -> 3.2 | B19: =PLAN!C21 -> EXECUÇÃO DE CANTEIROS | K19: =PLAN!D21 -> 0
A20: =PLAN!A22 -> 3.2.1 | B20: =PLAN!C22 -> ESCAVAÇÃO MANUAL DE VALA COM PROFUNDIDADE MENOR OU IGUAL A 1,5M, INCLUSIVE DESCARGA LATERAL | E20: escavação de vala p/ execução da cinta CAD | J20: =E20 -> escavação de vala p/ execução da cinta CAD | K20: =PLAN!D22 -> M3 | L20: =ROUND(M22*0.2*0.15,2) -> 1.77
A21: =PLAN!A23 -> 3.2.2 | B21: =PLAN!C23 -> CINTA EM CONCRETO ARMADO | K21: =PLAN!D23 -> 0
A22: =PLAN!A24 -> 3.2.2.1 | B22: =PLAN!C24 -> FÔRMA E DESFORMA DE TÁBUA E SARRAFO, REAPROVEITAMENTO (3X), EXCLUSIVE ESCORAMENTO | E22: área de fôrmas da cinta | J22: área = comprimento x altura x 2 lados | K22: =PLAN!D24 -> M2 | L22: =ROUND(M22*N22*2,2) -> 35.4 | M22: =ROUND((3.78+5.6+4.02)*2+0.41*2+(4.07+11.26+3.01+9.12+3.92),2) -> 59 | N22: 0.3
A23: =PLAN!A25 -> 3.2.2.2 | B23: =PLAN!C25 -> CORTE, DOBRA E ARMAÇÃO DE AÇO CA-50/60 | E23: peso de aço = volume de concreto x 30kg/m3 | J23: =E23 -> peso de aço = volume de concreto x 30kg/m3 | K23: =PLAN!D25 -> KG | L23: =ROUND(L24*30,2) -> 79.8
A24: =PLAN!A26 -> 3.2.2.3 | B24: =PLAN!C26 -> FORNECIMENTO CONCRETO ESTRUTURAL, PREPARADO OBRA, COM FCK 25 MPA, INCL LANÇAMENTO, ADENSAMENTO E ACABAMENTO | E24: volume de concreto da cinta | J24: volume = comprimento x altura x largura | K24: =PLAN!D26 -> M3 | L24: =ROUND(M24*N24*O24,2) -> 2.66 | M24: =M22 -> 59 | N24: =N22 -> 0.3 | O24: 0.15
A25: =PLAN!A27 -> 3.2.2.4 | B25: =PLAN!C27 -> GUIA DE CORDÃO BOLEADO, EM CONCRETO COM FCK 20MPA, PRÉ MOLDADA, 10X10CM (ALTURA X LARGURA), INCLUSIVE UMA (1) FIADA DE BLOCO DE CONCRETO, ESP. 9CM, ESCAVAÇÃO, APILOAMENTO E TRANSPORTE COM RETIRADA DO MATERIAL ESCAVADO (EM CAÇAMBA) | E25: comprimento de cinta | J25: =E25 -> comprimento de cinta | K25: =PLAN!D27 -> M | L25: =M25 -> 59 | M25: =M22 -> 59
A26: =PLAN!A28 -> 3.3 | B26: =PLAN!C28 -> PAISAGISMO | K26: =PLAN!D28 -> 0
A27: =PLAN!A29 -> 3.3.1 | B27: =PLAN!C29 -> PLANTIO DE GRAMA ESMERALDA EM PLACAS, INCLUSIVE TERRA VEGETAL E CONSERVAÇÃO POR TRINTA (30) DIAS | E27: áreas de canteiros | J27: =E27 -> áreas de canteiros | K27: =PLAN!D29 -> M2 | L27: =ROUND((M27*N27)+O27,2) -> 74.34 | M27: =M22 -> 59 | N27: 0.4 | O27: 50.74
A28: =PLAN!A30 -> 3.3.2 | B28: =PLAN!C30 -> FORNECIMENTO DE ARBUSTO BELA EMÍLIA COM ALTURA MÍNIMA DE 15CM, EXCLUSIVE PLANTIO | E28: quantidade | J28: quantidade | K28: =PLAN!D30 -> UNID | L28: 10
A29: =PLAN!A31 -> 3.3.3 | B29: =PLAN!C31 -> PLANTIO E PREPARO DE COVAS DE ARBUSTOS ORNAMENTAIS EM GERAL, EXCETO FORNECIMENTO DAS MUDAS | E29: quantidade | J29: quantidade | K29: =PLAN!D31 -> UNID | L29: =L28 -> 10
A30: =PLAN!A32 -> 3.4 | B30: =PLAN!C32 -> DRENAGEM PLUVIAL | K30: =PLAN!D32 -> 0
A31: =PLAN!A33 -> 3.4.1 | B31: =PLAN!C33 -> ESCAVAÇÃO MECÂNICA DE VALAS COM PROFUNDIDADE MENOR OU IGUAL A 1,5M, INCLUSIVE CARGA EM CAMINHÃO, EXCLUSIVE TRANSPORTE E DESCARGA | E31: volume de escavação de valas | J31: volume = comprimento x altura x largura | K31: =PLAN!D33 -> M3 | L31: =ROUND(M31*N31*O31,2) -> 1.08 | M31: 1.12 | N31: 0.8 | O31: 1.2
A32: =PLAN!A34 -> 3.4.2 | B32: =PLAN!C34 -> TRANSPORTE DE MATERIAL DE QUALQUER NATUREZA EM CAMINHÃO, DISTÂNCIA MAIOR QUE 1KM E MENOR OU IGUAL A 2KM, DENTRO DO PERÍMETRO URBANO, EXCLUSIVE CARGA, INCLUSIVE DESCARGA | E32: volume de material x distância de transporte 2km | J32: =E32 -> volume de material x distância de transporte 2km | K32: =PLAN!D34 -> M3xKM | L32: =ROUND(L31*2,2) -> 2.16
A33: =PLAN!A35 -> 3.4.3 | B33: =PLAN!C35 -> APILOAMENTO DO FUNDO DE VALAS COM PLACA VIBRATÓRIA | E33: comprimento x largura = comprimento x 1,2 | J33: área de apiloamento | K33: =PLAN!D35 -> M2 | L33: =ROUND(L34*O31,2) -> 1.34
A34: =PLAN!A36 -> 3.4.4 | B34: =PLAN!C36 -> TUBO DE CONCRETO ARMADO, CLASSE PA1, DIÂMETRO DE 400MM, INCLUSIVE CARGA E DESCARGA MECÂNICA EM CAMINHÃO, ASSENTAMENTO E REJUNTAMENTO, EXCLUSIVE ESCAVAÇÃO E TRANSPORTE | E34: comprimento da tubulação | J34: comprimento | K34: =PLAN!D36 -> M | L34: =M31 -> 1.12
A35: =PLAN!A37 -> 3.4.5 | B35: =PLAN!C37 -> REATERRO COMPACTADO DE VALA COM EQUIPAMENTO PLACA VIBRATÓRIA | E35: TUBO 400mm=(comprimentox0,80x1,2)-(comprimentox3,14x0,4x0,4x0,25) | J35: volume de reaterro | K35: =PLAN!D37 -> M3 | L35: =ROUND(M35*N31*O31-M35*3.14*0.4*0.4*0.25,2) -> 0.93 | M35: =M31 -> 1.12
A36: =PLAN!A38 -> 3.4.6 | B36: =PLAN!C38 -> Boca de Lobo Simples combinada com grelha, quadro e cantoneira pré moldados de concreto BLS 01 areia e brita comerciais (Execução, incluindo escavação, fornecimento, carga e transporte de todos os materiais) (Caderno de Drenagem RT 01.47.d) | E36: quantidade | J36: quantidade | K36: =PLAN!D38 -> UNID | L36: 1
A37: =PLAN!A39 -> 3.5 | B37: =PLAN!C39 -> PAVIMENTAÇÃO | K37: =PLAN!D39 -> 0
A38: =PLAN!A40 -> 3.5.1 | B38: =PLAN!C40 -> GUIA DE MEIO FIO, EM CONCRETO COM FCK 20MPA, PRÉ MOLDADA, MFC 01 PADRÃO DER MG, DIMENSÕES (12X16,7X35)CM, EXCLUSIVE SARJETA, INCLUSIVE ESCAVAÇÃO, APILOAMENTO E TRANSPORTE COM RETIRADA DO MATERIAL ESCAVADO (EM CAÇAMBA) | E38: comprimento CAD | J38: =E38 -> comprimento CAD | K38: =PLAN!D40 -> M | L38: 46.55
A39: =PLAN!A41 -> 3.5.2 | B39: =PLAN!C41 -> EXECUÇÃO DE PAVIMENTO COM PISO INTERTRAVADO, TIPO RETANGULAR, ESP. 6CM, COM FCK DE 35MPA, INCLUSIVE COLCHÃO DE AREIA, ESP. 6CM, PARA ASSENTAMENTO, COMPACTAÇÃO MECANIZADA, CARGA E DESCARGA MECÂNICA EM CAMINHÃO, EXCLUSIVE TRANSPORTE DE PISO INTERTRAVADO | E39: área CAD | J39: área CAD (passeio público) | K39: =PLAN!D41 -> M2 | L39: 33.8
A40: =PLAN!A42 -> 3.5.3 | B40: =PLAN!C42 -> EXECUÇÃO DE PAVIMENTO COM PISO INTERTRAVADO, TIPO RETANGULAR, ESP. 10CM, COM FCK DE 35MPA, INCLUSIVE COLCHÃO DE AREIA, ESP. 6CM, PARA ASSENTAMENTO, COMPACTAÇÃO MECANIZADA, CARGA E DESCARGA MECÂNICA EM CAMINHÃO, EXCLUSIVE TRANSPORTE DE PISO INTERTRAVADO | E40: área CAD | J40: área CAD (áreas interna + prolongamento da via pública) | K40: =PLAN!D42 -> M2 | L40: =383.24+L39 -> 417.04
A41: =PLAN!A43 -> 3.6 | B41: =PLAN!C43 -> GUARDA CORPO FIXADO EM CINTA DE CONCRETO ARMADO | K41: =PLAN!D43 -> 0
A42: =PLAN!A44 -> 3.6.1 | B42: =PLAN!C44 -> FÔRMA E DESFORMA DE TÁBUA E SARRAFO, REAPROVEITAMENTO (3X), EXCLUSIVE ESCORAMENTO | E42: área de fôrmas da cinta | J42: área = comprimento x altura x 2 lados | K42: =PLAN!D44 -> M2 | L42: =ROUND(M42*N42*2,2) -> 10.81 | M42: =14.02+4 -> 18.02 | N42: 0.3
A43: =PLAN!A45 -> 3.6.2 | B43: =PLAN!C45 -> CORTE, DOBRA E ARMAÇÃO DE AÇO CA-50/60 | E43: peso de aço = volume de concreto x 30kg/m3 | J43: =E43 -> peso de aço = volume de concreto x 30kg/m3 | K43: =PLAN!D45 -> KG | L43: =ROUND(L44*30,2) -> 32.4
A44: =PLAN!A46 -> 3.6.3 | B44: =PLAN!C46 -> FORNECIMENTO CONCRETO ESTRUTURAL, PREPARADO OBRA, COM FCK 25 MPA, INCL LANÇAMENTO, ADENSAMENTO E ACABAMENTO | E44: volume de concreto | J44: volume = comprimento x altura x largura | K44: =PLAN!D46 -> M3 | L44: =ROUND(M44*N44*O44,2) -> 1.08 | M44: =M42 -> 18.02 | N44: =N42 -> 0.3 | O44: 0.2
A45: =PLAN!A47 -> 3.6.4 | B45: =PLAN!C47 -> GUARDA-CORPO DE AÇO GALVANIZADO DE 1,10M, MONTANTES TUBULARES DE 100X50MM ESPAÇADOS DE 1,20M, TRAVESSA SUPERIOR DE 3", GRADIL EM CANTONEIRA 51X51X4,8 MM E BARRAS CHATAS NA VERTICAL DE 32X4,8 MM, FIXADO COM ADESIVO ESTRUTURAL EPOXI. AF_10/2025 | E45: comprimento CAD | J45: =E45 -> comprimento CAD | K45: =PLAN!D47 -> M | L45: =14.02+32.29 -> 46.31
A46: =PLAN!A48 -> 4 | B46: =PLAN!C48 -> ÁREA 02 - RUA OTÁVIO SOARES | K46: =PLAN!D48 -> 0
A47: =PLAN!A49 -> 4.1 | B47: =PLAN!C49 -> DEMOLIÇÕES E REMOÇÕES | K47: =PLAN!D49 -> 0
A48: =PLAN!A50 -> 4.1.1 | B48: =PLAN!C50 -> REMOÇÃO DE MEIO FIO PRÉ MOLDADO DE CONCRETO | E48: comprimento existente | J48: =E48 -> comprimento existente | K48: =PLAN!D50 -> M | L48: 17.6
A49: =PLAN!A51 -> 4.1.2 | B49: =PLAN!C51 -> DEMOLIÇÃO MECANIZADA DE CONCRETO, SEM ARMAÇÃO, COM EQUIPAMENTO ELÉTRICO, INCLUSIVE AFASTAMENTO E EMPILHAMENTO, EXCLUSIVE TRANSPORTE E RETIRADA DO MATERIAL DEMOLIDO | E49: volume de concreto a ser demolido | J49: =E49 -> volume de concreto a ser demolido | K49: =PLAN!D51 -> M3 | L49: =ROUND(15*1.5*0.2,2) -> 4.5
A50: =PLAN!A52 -> 4.1.3 | B50: =PLAN!C52 -> TRANSPORTE DE MATERIAL DE QUALQUER NATUREZA COM CARRINHO DE MÃO, COM DISTÂNCIAS MENORES OU IGUAIS A 50M, INCLUSIVE CARGA/DESCARGA | E50: transporte do volume de material demolido | J50: =E50 -> transporte do volume de material demolido | K50: =PLAN!D52 -> M3 | L50: =L49 -> 4.5
A51: =PLAN!A53 -> 4.1.4 | B51: =PLAN!C53 -> TRANSPORTE DE MATERIAL DE QUALQUER NATUREZA EM CAMINHÃO, DISTÂNCIA MAIOR QUE 1KM E MENOR OU IGUAL A 2KM, DENTRO DO PERÍMETRO URBANO, EXCLUSIVE CARGA, INCLUSIVE DESCARGA | E51: volume de material demolido x distância de transporte 2km | J51: =E51 -> volume de material demolido x distância de transporte 2km | K51: =PLAN!D53 -> M3xKM | L51: =ROUND(L50*2,2) -> 9
A52: =PLAN!A54 -> 4.2 | B52: =PLAN!C54 -> PAVIMENTAÇÃO | K52: =PLAN!D54 -> 0
A53: =PLAN!A55 -> 4.2.1 | B53: =PLAN!C55 -> GUIA DE MEIO FIO, EM CONCRETO COM FCK 20MPA, PRÉ MOLDADA, MFC 01 PADRÃO DER MG, DIMENSÕES (12X16,7X35)CM, EXCLUSIVE SARJETA, INCLUSIVE ESCAVAÇÃO, APILOAMENTO E TRANSPORTE COM RETIRADA DO MATERIAL ESCAVADO (EM CAÇAMBA) | E53: comprimento CAD | J53: =E53 -> comprimento CAD | K53: =PLAN!D55 -> M | L53: =250.37 -> 250.37
A54: =PLAN!A56 -> 4.2.2 | B54: =PLAN!C56 -> PASSEIOS DE CONCRETO E = 6 CM, FCK = 10 MPA, JUNTA SECA | E54: comprimento CAD x largura 1,20m | J54: área = remoção de meio fio x 1,20m | K54: =PLAN!D56 -> M2 | L54: =ROUND(L48*1.2,2) -> 21.12
A55: =PLAN!A57 -> 4.2.3 | B55: =PLAN!C57 -> EXECUÇÃO DE PAVIMENTO COM PISO INTERTRAVADO, TIPO RETANGULAR, ESP. 6CM, COM FCK DE 35MPA, INCLUSIVE COLCHÃO DE AREIA, ESP. 6CM, PARA ASSENTAMENTO, COMPACTAÇÃO MECANIZADA, CARGA E DESCARGA MECÂNICA EM CAMINHÃO, EXCLUSIVE TRANSPORTE DE PISO INTERTRAVADO | E55: área CAD | J55: =E55 -> área CAD | K55: =PLAN!D57 -> M2 | L55: 550.75
A56: =PLAN!A58 -> 4.2.4 | B56: =PLAN!C58 -> EXECUÇÃO DE PAVIMENTO COM PISO INTERTRAVADO, TIPO RETANGULAR, ESP. 10CM, COM FCK DE 35MPA, INCLUSIVE COLCHÃO DE AREIA, ESP. 6CM, PARA ASSENTAMENTO, COMPACTAÇÃO MECANIZADA, CARGA E DESCARGA MECÂNICA EM CAMINHÃO, EXCLUSIVE TRANSPORTE DE PISO INTERTRAVADO | E56: área CAD | J56: =E56 -> área CAD | K56: =PLAN!D58 -> M2 | L56: =2211.4 -> 2211.4
A57: =PLAN!A59 -> 4.2.5 | B57: =PLAN!C59 -> CINTA EM CONCRETO ARMADO | K57: =PLAN!D59 -> 0
A58: =PLAN!A60 -> 4.2.5.1 | B58: =PLAN!C60 -> ESCAVAÇÃO MANUAL DE VALA COM PROFUNDIDADE MENOR OU IGUAL A 1,5M, INCLUSIVE DESCARGA LATERAL | E58: escavação de vala p/ execução da cinta | J58: volume = comprimento x largura x altura | K58: =PLAN!D60 -> M3 | L58: =ROUND(M58*N58*O58,2) -> 10.08 | M58: =(114.29+109.8) -> 224.09 | N58: 0.15 | O58: 0.3
A59: =PLAN!A61 -> 4.2.5.2 | B59: =PLAN!C61 -> FÔRMA E DESFORMA DE TÁBUA E SARRAFO, REAPROVEITAMENTO (3X), EXCLUSIVE ESCORAMENTO | E59: área de fôrmas da cinta | J59: área = comprimento x altura x 2 lados | K59: =PLAN!D61 -> M2 | L59: =ROUND(M59*0.3*2,2) -> 134.45 | M59: =M58 -> 224.09 | N59: =O58 -> 0.3
A60: =PLAN!A62 -> 4.2.5.3 | B60: =PLAN!C62 -> CORTE, DOBRA E ARMAÇÃO DE AÇO CA-50/60 | E60: peso de aço = volume de concreto x 30kg/m3 | J60: =E60 -> peso de aço = volume de concreto x 30kg/m3 | K60: =PLAN!D62 -> KG | L60: =ROUND(L61*30,2) -> 302.4
A61: =PLAN!A63 -> 4.2.5.4 | B61: =PLAN!C63 -> FORNECIMENTO CONCRETO ESTRUTURAL, PREPARADO OBRA, COM FCK 25 MPA, INCL LANÇAMENTO, ADENSAMENTO E ACABAMENTO | E61: volume de concreto da cinta | J61: volume = comprimento x altura x largura | K61: =PLAN!D63 -> M3 | L61: =ROUND(M61*N61*O61,2) -> 10.08 | M61: =M59 -> 224.09 | N61: =N58 -> 0.15 | O61: =O58 -> 0.3
A62: =PLAN!A64 -> 4.2.6 | B62: =PLAN!C64 -> REATERRO COMPACTADO COM EQUIPAMENTO PLACA VIBRATÓRIA | E62: volume de material aterrado | J62: volume = comprimento x altura x largura | K62: =PLAN!D64 -> M3 | L62: =ROUND(M62*N62*O62,2) -> 5.04 | M62: =M58 -> 224.09 | N62: 0.15 | O62: 0.15
A63: =PLAN!A65 -> 4.2.7 | B63: =PLAN!C65 -> GUIA DE CORDÃO BOLEADO, EM CONCRETO COM FCK 20MPA, PRÉ MOLDADA, 10X10CM (ALTURA X LARGURA), INCLUSIVE UMA (1) FIADA DE BLOCO DE CONCRETO, ESP. 9CM, ESCAVAÇÃO, APILOAMENTO E TRANSPORTE COM RETIRADA DO MATERIAL ESCAVADO (EM CAÇAMBA) | E63: comprimento de cinta | J63: =E63 -> comprimento de cinta | K63: =PLAN!D65 -> M | L63: =M58 -> 224.09
A64: =PLAN!A66 -> 4.3 | B64: =PLAN!C66 -> PAISAGISMO | E64: comprimento de cinta | J64: =E64 -> comprimento de cinta
A65: =PLAN!A67 -> 4.3.1 | B65: =PLAN!C67 -> PLANTIO DE GRAMA ESMERALDA EM PLACAS, INCLUSIVE TERRA VEGETAL E CONSERVAÇÃO POR TRINTA (30) DIAS | E65: área CAD | J65: área CAD | K65: =PLAN!D67 -> M2 | L65: 254.04
A66: =PLAN!A68 -> 4.3.2 | B66: =PLAN!C68 -> FORNECIMENTO DE ARBUSTO BELA EMÍLIA COM ALTURA MÍNIMA DE 15CM, EXCLUSIVE PLANTIO | E66: quantidade | J66: quantidade | K66: =PLAN!D68 -> UNID | L66: 30
A67: =PLAN!A69 -> 4.3.3 | B67: =PLAN!C69 -> PLANTIO E PREPARO DE COVAS DE ARBUSTOS ORNAMENTAIS EM GERAL, EXCETO FORNECIMENTO DAS MUDAS | E67: quantidade | J67: quantidade | K67: =PLAN!D69 -> UNID | L67: =L66 -> 30
A68: =PLAN!A70 -> 4.4 | B68: =PLAN!C70 -> DRENAGEM PLUVIAL | K68: =PLAN!D70 -> 0
A69: =PLAN!A71 -> 4.4.1 | B69: =PLAN!C71 -> DEMOLIÇÃO MECANIZADA DE CONCRETO, SEM ARMAÇÃO, COM EQUIPAMENTO PNEUMÁTICO, INCLUSIVE AFASTAMENTO E EMPILHAMENTO, EXCLUSIVE TRANSPORTE E RETIRADA DO MATERIAL DEMOLIDO | E69: volume de demolição da contenção existente para passagem da tubulação | J69: volume = largura x altura x espessura | K69: =PLAN!D71 -> M3 | L69: =ROUND(M69*N69*O69,2) -> 0.43 | M69: 1.2 | N69: 1.2 | O69: 0.3
A70: =PLAN!A72 -> 4.4.2 | B70: =PLAN!C72 -> FÔRMA E DESFORMA DE TÁBUA E SARRAFO, REAPROVEITAMENTO (3X), EXCLUSIVE ESCORAMENTO | E70: área de formas p/ recomposição da contenção | J70: área = largura x altura | K70: =PLAN!D72 -> M2 | L70: =ROUND(M70*N70,2) -> 1.44 | M70: =M69 -> 1.2 | N70: =N69 -> 1.2
A71: =PLAN!A73 -> 4.4.3 | B71: =PLAN!C73 -> FORNECIMENTO CONCRETO ESTRUTURAL, PREPARADO OBRA, COM FCK 25 MPA, INCL LANÇAMENTO, ADENSAMENTO E ACABAMENTO | E71: volume de concreto p/ recomposição da contenção | J71: volume concreto = (área demolição - área tubo) x espessura | K71: =PLAN!D73 -> M3 | L71: =ROUND(((M69*N69)-M71)*O69,2) -> 0.35 | M71: =3.14*0.6*0.6*0.25 -> 0.2826
A72: =PLAN!A74 -> 4.4.4 | B72: =PLAN!C74 -> ESCAVAÇÃO MECÂNICA DE VALAS COM PROFUNDIDADE MENOR OU IGUAL A 1,5M, INCLUSIVE CARGA EM CAMINHÃO, EXCLUSIVE TRANSPORTE E DESCARGA | E72: volume escavação vala | J72: volume = comprimento x largura x profundidade | K72: =PLAN!D74 -> M3 | L72: =ROUND(L77*0.8*1.2+L78*1.4*1.5,2) -> 203.72
A73: =PLAN!A75 -> 4.4.5 | B73: =PLAN!C75 -> TRANSPORTE DE MATERIAL DE QUALQUER NATUREZA EM CAMINHÃO, DISTÂNCIA MAIOR QUE 1KM E MENOR OU IGUAL A 2KM, DENTRO DO PERÍMETRO URBANO, EXCLUSIVE CARGA, INCLUSIVE DESCARGA | E73: volume de material x distância de transporte 2km | J73: =E73 -> volume de material x distância de transporte 2km | K73: =PLAN!D75 -> M3xKM | L73: =ROUND(L72*2,2) -> 407.44
A74: =PLAN!A76 -> 4.4.6 | B74: =PLAN!C76 -> APILOAMENTO DO FUNDO DE VALAS COM PLACA VIBRATÓRIA | E74: área = comprimento x largura | J74: =E74 -> área = comprimento x largura | K74: =PLAN!D76 -> M2 | L74: =ROUND((L77*0.8)+(L78*1.4),2) -> 142.82
A75: =PLAN!A77 -> 4.4.7 | B75: =PLAN!C77 -> ESCORAMENTO CONTÍNUO DE VALAS TIPO A - MADEIRA ROLIÇA D= 11 A 15CM - PADRÃO SUDECAP | E75: área = comprimento x altura | J75: =E75 -> área = comprimento x altura | K75: =PLAN!D77 -> M2 | L75: =ROUND((L78*1.4*2),2) -> 215.6
A76: =PLAN!A78 -> 4.4.8 | B76: =PLAN!C78 -> CONCRETO MAGRO PARA BERÇO DE REDE TUBULAR, TRAÇO 1:4,5:4,5, PREPARO MECÂNICO COM BETONEIRA, INCLUI LANÇAMENTO E ACABAMENTO | E76: volume = comprimento x 0,43m3/m (caderno SUDECAP) | J76: =E76 -> volume = comprimento x 0,43m3/m (caderno SUDECAP) | K76: =PLAN!D78 -> M3 | L76: =ROUND(L78*M76,2) -> 33.11 | M76: 0.43 | N76: m3/m
A77: =PLAN!A79 -> 4.4.9 | B77: =PLAN!C79 -> TUBO DE CONCRETO ARMADO, CLASSE PA1, DIÂMETRO DE 400MM, INCLUSIVE CARGA E DESCARGA MECÂNICA EM CAMINHÃO, ASSENTAMENTO E REJUNTAMENTO, EXCLUSIVE ESCAVAÇÃO E TRANSPORTE | E77: comprimento da tubulação | J77: =E77 -> comprimento da tubulação | K77: =PLAN!D79 -> M | L77: =3.95+4.56+5.7+7.22+6.18+4.73+5.54+5.89 -> 43.77
A78: =PLAN!A80 -> 4.4.10 | B78: =PLAN!C80 -> TUBO DE CONCRETO ARMADO, CLASSE PA1, DIÂMETRO DE 800MM, INCLUSIVE CARGA E DESCARGA MECÂNICA EM CAMINHÃO, ASSENTAMENTO E REJUNTAMENTO, EXCLUSIVE ESCAVAÇÃO E TRANSPORTE | E78: comprimento da tubulação | J78: =E78 -> comprimento da tubulação | K78: =PLAN!D80 -> M | L78: =23.54+26.78+26.68 -> 77
A79: =PLAN!A81 -> 4.4.11 | B79: =PLAN!C81 -> REATERRO COMPACTADO DE VALA COM EQUIPAMENTO PLACA VIBRATÓRIA | E79: volume reaterro = volume escavação - seção do tubo | J79: TUBO 400mm=(comprimentox0,80x1,2)-(comprimentox3,14x0,4x0,4x0,25) + TUBO 800mm=(comprimentox1,4x1,4)-(comprimentox3,14x0,8x0,8x0,25) | K79: =PLAN!D81 -> M3 | L79: =ROUND((L77*0.8*1.2-L77*M79)+(L78*1.4*1.4-L78*N79),2) -> 148.76 | M79: =3.14*0.4*0.4*0.25 -> 0.1256 | N79: =3.14*0.8*0.8*0.25 -> 0.5024
A80: =PLAN!A82 -> 4.4.12 | B80: =PLAN!C82 -> Caixa de Passagem Tipo A Ø=80 cm, areia e brita comerciais (Execução, incluindo fornecimento, carga e transporte de todos os materiais) (Caderno de Drenagem RT 01.47.d) | E80: quantidade | J80: =E80 -> quantidade | K80: =PLAN!D82 -> UNID | L80: 4
A81: =PLAN!A83 -> 4.4.13 | B81: =PLAN!C83 -> Boca de Lobo Simples combinada com grelha, quadro e cantoneira pré moldados de concreto BLS 01 areia e brita comerciais (Execução, incluindo escavação, fornecimento, carga e transporte de todos os materiais) (Caderno de Drenagem RT 01.47.d) | E81: quantidade | J81: =E81 -> quantidade | K81: =PLAN!D83 -> UNID | L81: 8
B84: Eng. Civil WILSON DIAS DA FONSECA JÚNIOR
B85: CREA 61.924/D

Sheet PLAN
A2: PLANILHA ORÇAMENTÁRIA DE CUSTOS | H2: FOLHA Nº: 01
A3: OBRA: SERVIÇOS DE INFRAESTRUTURA | H3: DATA: 21/09/26
A4: LOCAL: ÁREAS PÚBLICAS MUNICIPAIS DE SANTA CRUZ DO ESCALVADO (MG) | E4: COORDENADAS: (área 01) | G4: FORMA DE EXECUÇÃO:
A5: MÊS DE REFERÊNCIA: SETOP LESTE-04/26 DES /// SINAPI-08/26 DES | E5: LAT >>> -20.234981° | G5: ( X ) | H5: INDIRETA
A6: PRAZO EXECUÇÃO: | C6: 3 (três) meses | E6: LON >>> -42.814150° | G6: BDI | H6: 0.2647 | I6: =H84 -> 842254.45
A7: ITEM | B7: CÓDIGO | C7: DESCRIÇÃO DOS SERVIÇOS | D7: UNID | E7: QUANTID | F7: PRÇO UN S/ BDI | G7: PRÇO UN C/ BDI | H7: VALOR TOTAL
A8: 1 | C8: ADMINISTRAÇÃO LOCAL
A9: 1.1 | B9: ED-21776 | C9: ENCARREGADO GERAL DE OBRAS COM ENCARGOS COMPLEMENTARES | D9: MÊS | E9: =MEM!L7 -> 2.18 | F9: 9720.1 | G9: =ROUND(F9*($H$6+1),2) -> 12293.01 | H9: =ROUND(E9*G9,2) -> 26798.76
A10: 1.2 | B10: ED-21777 | C10: TÉCNICO EM SEGURANÇA DO TRABALHO COM ENCARGOS COMPLEMENTARES | D10: MÊS | E10: =MEM!L8 -> 0.03 | F10: 8249.54 | G10: =ROUND(F10*($H$6+1),2) -> 10433.19 | H10: =ROUND(E10*G10,2) -> 313
A11: 1.3 | B11: ED-21770 | C11: ENGENHEIRO CIVIL DE OBRA PLENO COM ENCARGOS COMPLEMENTARES | D11: MÊS | E11: =MEM!L9 -> 0.03 | F11: 23794.19 | G11: =ROUND(F11*($H$6+1),2) -> 30092.51 | H11: =ROUND(E11*G11,2) -> 902.78 | I11: =ROUND(SUM(H9:H11),2) -> 28014.54 | J11: =I11/H84 -> 0.033261374 | K11: limite entre 3,49 a 8,87
A12: 2 | C12: SERVIÇOS PRELIMINARES | E12: =MEM!L10 -> 0
A13: 2.1 | B13: ED-16660 | C13: FORNECIMENTO E COLOCAÇÃO DE PLACA DE OBRA EM CHAPA GALVANIZADA #26, ESP. 0,45 MM, PLOTADA COM ADESIVO VINÍLICO, AFIXADA C/ REBITES 4,8X40 MM, EM ESTRUTURA METÁLICA DE METALON 20X20 MM, ESP. 1,25 MM, INCL SUPORTE EM EUCALIPTO AUTOCLAVADO PINTADO COM TINTA PVA DUAS (2) DEMÃOS | D13: M2 | E13: =MEM!L11 -> 2 | F13: 261.86 | G13: =ROUND(F13*($H$6+1),2) -> 331.17 | H13: =ROUND(E13*G13,2) -> 662.34 | J13: =ROUND(K14*J14/100,2) -> 4190.32 | K13: =H14-J13 -> 0.0007
A14: 2.2 | B14: ED-50392 | C14: MOBILIZAÇÃO E DESMOBILIZAÇÃO OBRA DISTANTE DE CENTRO URBANO OU REGIÃO LIMÍTROFE COM VALOR ATÉ 1.000.000,00 | D14: % | E14: =MEM!L12 -> 0.5 | F14: =ROUND(G14/1.2647,2) -> 662658.44 | G14: =J14 -> 838064.13 | H14: =ROUND(E14*G14,2)/100 -> 4190.3207 | I14: =ROUND(SUM(H13:H14),2) -> 4852.66 | J14: 838064.13 | K14: =E14 -> 0.5
A15: 3 | C15: ÁREA 01 - RUA SAGRADOS CORAÇÕES | E15: =MEM!L13 -> 0 | G15: =ROUND(F15*($H$6+1),2) -> 0 | H15: =ROUND(E15*G15,2) -> 0
A16: 3.1 | C16: DEMOLIÇÕES E REMOÇÕES | E16: =MEM!L14 -> 0 | G16: =ROUND(F16*($H$6+1),2) -> 0 | H16: =ROUND(E16*G16,2) -> 0
A17: 3.1.1 | B17: ED-51142 | C17: REMOÇÃO DE MEIO FIO PRÉ MOLDADO DE CONCRETO | D17: M | E17: =MEM!L15 -> 46.55 | F17: 45.36 | G17: =ROUND(F17*($H$6+1),2) -> 57.37 | H17: =ROUND(E17*G17,2) -> 2670.57
A18: 3.1.2 | B18: ED-48442 | C18: DEMOLIÇÃO MECANIZADA DE CONCRETO, SEM ARMAÇÃO, COM EQUIPAMENTO ELÉTRICO, INCLUSIVE AFASTAMENTO E EMPILHAMENTO, EXCLUSIVE TRANSPORTE E RETIRADA DO MATERIAL DEMOLIDO | D18: M3 | E18: =MEM!L16 -> 3 | F18: 175.88 | G18: =ROUND(F18*($H$6+1),2) -> 222.44 | H18: =ROUND(E18*G18,2) -> 667.32
A19: 3.1.3 | B19: ED-51133 | C19: TRANSPORTE DE MATERIAL DE QUALQUER NATUREZA COM CARRINHO DE MÃO, COM DISTÂNCIAS MENORES OU IGUAIS A 50M, INCLUSIVE CARGA/DESCARGA | D19: M3 | E19: =MEM!L17 -> 5.09 | F19: 27.9 | G19: =ROUND(F19*($H$6+1),2) -> 35.29 | H19: =ROUND(E19*G19,2) -> 179.63
A20: 3.1.4 | B20: ED-29230 | C20: TRANSPORTE DE MATERIAL DE QUALQUER NATUREZA EM CAMINHÃO, DISTÂNCIA MAIOR QUE 1KM E MENOR OU IGUAL A 2KM, DENTRO DO PERÍMETRO URBANO, EXCLUSIVE CARGA, INCLUSIVE DESCARGA | D20: M3xKM | E20: =MEM!L18 -> 10.18 | F20: 4.15 | G20: =ROUND(F20*($H$6+1),2) -> 5.25 | H20: =ROUND(E20*G20,2) -> 53.45 | I20: =ROUND(SUM(H17:H20),2) -> 3570.97
A21: 3.2 | C21: EXECUÇÃO DE CANTEIROS | E21: =MEM!L19 -> 0 | G21: =ROUND(F21*($H$6+1),2) -> 0 | H21: =ROUND(E21*G21,2) -> 0
A22: 3.2.1 | B22: ED-51107 | C22: ESCAVAÇÃO MANUAL DE VALA COM PROFUNDIDADE MENOR OU IGUAL A 1,5M, INCLUSIVE DESCARGA LATERAL | D22: M3 | E22: =MEM!L20 -> 1.77 | F22: 80.46 | G22: =ROUND(F22*($H$6+1),2) -> 101.76 | H22: =ROUND(E22*G22,2) -> 180.12
A23: 3.2.2 | C23: CINTA EM CONCRETO ARMADO | E23: =MEM!L21 -> 0 | G23: =ROUND(F23*($H$6+1),2) -> 0 | H23: =ROUND(E23*G23,2) -> 0
A24: 3.2.2.1 | B24: ED-49643 | C24: FÔRMA E DESFORMA DE TÁBUA E SARRAFO, REAPROVEITAMENTO (3X), EXCLUSIVE ESCORAMENTO | D24: M2 | E24: =MEM!L22 -> 35.4 | F24: 78.15 | G24: =ROUND(F24*($H$6+1),2) -> 98.84 | H24: =ROUND(E24*G24,2) -> 3498.94
A25: 3.2.2.2 | B25: ED-48298 | C25: CORTE, DOBRA E ARMAÇÃO DE AÇO CA-50/60 | D25: KG | E25: =MEM!L23 -> 79.8 | F25: 13.38 | G25: =ROUND(F25*($H$6+1),2) -> 16.92 | H25: =ROUND(E25*G25,2) -> 1350.22
A26: 3.2.2.3 | B26: ED-49630 | C26: FORNECIMENTO CONCRETO ESTRUTURAL, PREPARADO OBRA, COM FCK 25 MPA, INCL LANÇAMENTO, ADENSAMENTO E ACABAMENTO | D26: M3 | E26: =MEM!L24 -> 2.66 | F26: 647.83 | G26: =ROUND(F26*($H$6+1),2) -> 819.31 | H26: =ROUND(E26*G26,2) -> 2179.36
A27: 3.2.2.4 | B27: ED-51135 | C27: GUIA DE CORDÃO BOLEADO, EM CONCRETO COM FCK 20MPA, PRÉ MOLDADA, 10X10CM (ALTURA X LARGURA), INCLUSIVE UMA (1) FIADA DE BLOCO DE CONCRETO, ESP. 9CM, ESCAVAÇÃO, APILOAMENTO E TRANSPORTE COM RETIRADA DO MATERIAL ESCAVADO (EM CAÇAMBA) | D27: M | E27: =MEM!L25 -> 59 | F27: 62.08 | G27: =ROUND(F27*($H$6+1),2) -> 78.51 | H27: =ROUND(E27*G27,2) -> 4632.09 | I27: =ROUND(SUM(H22:H27),2) -> 11840.73
A28: 3.3 | C28: PAISAGISMO | E28: =MEM!L26 -> 0
A29: 3.3.1 | B29: ED-50437 | C29: PLANTIO DE GRAMA ESMERALDA EM PLACAS, INCLUSIVE TERRA VEGETAL E CONSERVAÇÃO POR TRINTA (30) DIAS | D29: M2 | E29: =MEM!L27 -> 74.34 | F29: 38.43 | G29: =ROUND(F29*($H$6+1),2) -> 48.6 | H29: =ROUND(E29*G29,2) -> 3612.92
A30: 3.3.2 | B30: ED-50446 | C30: FORNECIMENTO DE ARBUSTO BELA EMÍLIA COM ALTURA MÍNIMA DE 15CM, EXCLUSIVE PLANTIO | D30: UNID | E30: =MEM!L28 -> 10 | F30: 6.75 | G30: =ROUND(F30*($H$6+1),2) -> 8.54 | H30: =ROUND(E30*G30,2) -> 85.4
A31: 3.3.3 | B31: ED-50433 | C31: PLANTIO E PREPARO DE COVAS DE ARBUSTOS ORNAMENTAIS EM GERAL, EXCETO FORNECIMENTO DAS MUDAS | D31: UNID | E31: =MEM!L29 -> 10 | F31: 12.76 | G31: =ROUND(F31*($H$6+1),2) -> 16.14 | H31: =ROUND(E31*G31,2) -> 161.4 | I31: =ROUND(SUM(H29:H31),2) -> 3859.72
A32: 3.4 | C32: DRENAGEM PLUVIAL | E32: =MEM!L30 -> 0 | G32: =ROUND(F32*($H$6+1),2) -> 0 | H32: =ROUND(E32*G32,2) -> 0
A33: 3.4.1 | B33: ED-51115 | C33: ESCAVAÇÃO MECÂNICA DE VALAS COM PROFUNDIDADE MENOR OU IGUAL A 1,5M, INCLUSIVE CARGA EM CAMINHÃO, EXCLUSIVE TRANSPORTE E DESCARGA | D33: M3 | E33: =MEM!L31 -> 1.08 | F33: 11.48 | G33: =ROUND(F33*($H$6+1),2) -> 14.52 | H33: =ROUND(E33*G33,2) -> 15.68
A34: 3.4.2 | B34: ED-29230 | C34: TRANSPORTE DE MATERIAL DE QUALQUER NATUREZA EM CAMINHÃO, DISTÂNCIA MAIOR QUE 1KM E MENOR OU IGUAL A 2KM, DENTRO DO PERÍMETRO URBANO, EXCLUSIVE CARGA, INCLUSIVE DESCARGA | D34: M3xKM | E34: =MEM!L32 -> 2.16 | F34: 4.15 | G34: =ROUND(F34*($H$6+1),2) -> 5.25 | H34: =ROUND(E34*G34,2) -> 11.34
A35: 3.4.3 | B35: ED-51094 | C35: APILOAMENTO DO FUNDO DE VALAS COM PLACA VIBRATÓRIA | D35: M2 | E35: =MEM!L33 -> 1.34 | F35: 15.26 | G35: =ROUND(F35*($H$6+1),2) -> 19.3 | H35: =ROUND(E35*G35,2) -> 25.86
A36: 3.4.4 | B36: ED-9207 | C36: TUBO DE CONCRETO ARMADO, CLASSE PA1, DIÂMETRO DE 400MM, INCLUSIVE CARGA E DESCARGA MECÂNICA EM CAMINHÃO, ASSENTAMENTO E REJUNTAMENTO, EXCLUSIVE ESCAVAÇÃO E TRANSPORTE | D36: M | E36: =MEM!L34 -> 1.12 | F36: 198.98 | G36: =ROUND(F36*($H$6+1),2) -> 251.65 | H36: =ROUND(E36*G36,2) -> 281.85
A37: 3.4.5 | B37: ED-51121 | C37: REATERRO COMPACTADO DE VALA COM EQUIPAMENTO PLACA VIBRATÓRIA | D37: M3 | E37: =MEM!L35 -> 0.93 | F37: 50.57 | G37: =ROUND(F37*($H$6+1),2) -> 63.96 | H37: =ROUND(E37*G37,2) -> 59.48
A38: 3.4.6 | B38: RO-18175 | C38: Boca de Lobo Simples combinada com grelha, quadro e cantoneira pré moldados de concreto BLS 01 areia e brita comerciais (Execução, incluindo escavação, fornecimento, carga e transporte de todos os materiais) (Caderno de Drenagem RT 01.47.d) | D38: UNID | E38: =MEM!L36 -> 1 | F38: 1309.13 | G38: =ROUND(F38*($H$6+1),2) -> 1655.66 | H38: =ROUND(E38*G38,2) -> 1655.66 | I38: =ROUND(SUM(H33:H38),2) -> 2049.87
A39: 3.5 | C39: PAVIMENTAÇÃO | E39: =MEM!L37 -> 0 | G39: =ROUND(F39*($H$6+1),2) -> 0 | H39: =ROUND(E39*G39,2) -> 0
A40: 3.5.1 | B40: ED-51139 | C40: GUIA DE MEIO FIO, EM CONCRETO COM FCK 20MPA, PRÉ MOLDADA, MFC 01 PADRÃO DER MG, DIMENSÕES (12X16,7X35)CM, EXCLUSIVE SARJETA, INCLUSIVE ESCAVAÇÃO, APILOAMENTO E TRANSPORTE COM RETIRADA DO MATERIAL ESCAVADO (EM CAÇAMBA) | D40: M | E40: =MEM!L38 -> 46.55 | F40: 79.13 | G40: =ROUND(F40*($H$6+1),2) -> 100.08 | H40: =ROUND(E40*G40,2) -> 4658.72
A41: 3.5.2 | B41: ED-8915 | C41: EXECUÇÃO DE PAVIMENTO COM PISO INTERTRAVADO, TIPO RETANGULAR, ESP. 6CM, COM FCK DE 35MPA, INCLUSIVE COLCHÃO DE AREIA, ESP. 6CM, PARA ASSENTAMENTO, COMPACTAÇÃO MECANIZADA, CARGA E DESCARGA MECÂNICA EM CAMINHÃO, EXCLUSIVE TRANSPORTE DE PISO INTERTRAVADO | D41: M2 | E41: =MEM!L39 -> 33.8 | F41: 90.85 | G41: =ROUND(F41*($H$6+1),2) -> 114.9 | H41: =ROUND(E41*G41,2) -> 3883.62
A42: 3.5.3 | B42: ED-8917 | C42: EXECUÇÃO DE PAVIMENTO COM PISO INTERTRAVADO, TIPO RETANGULAR, ESP. 10CM, COM FCK DE 35MPA, INCLUSIVE COLCHÃO DE AREIA, ESP. 6CM, PARA ASSENTAMENTO, COMPACTAÇÃO MECANIZADA, CARGA E DESCARGA MECÂNICA EM CAMINHÃO, EXCLUSIVE TRANSPORTE DE PISO INTERTRAVADO | D42: M2 | E42: =MEM!L40 -> 417.04 | F42: 133.93 | G42: =ROUND(F42*($H$6+1),2) -> 169.38 | H42: =ROUND(E42*G42,2) -> 70638.24 | I42: =ROUND(SUM(H40:H42),2) -> 79180.58
A43: 3.6 | C43: GUARDA CORPO FIXADO EM CINTA DE CONCRETO ARMADO | E43: =MEM!L41 -> 0 | G43: =ROUND(F43*($H$6+1),2) -> 0 | H43: =ROUND(E43*G43,2) -> 0
A44: 3.6.1 | B44: ED-49643 | C44: FÔRMA E DESFORMA DE TÁBUA E SARRAFO, REAPROVEITAMENTO (3X), EXCLUSIVE ESCORAMENTO | D44: M2 | E44: =MEM!L42 -> 10.81 | F44: 78.15 | G44: =ROUND(F44*($H$6+1),2) -> 98.84 | H44: =ROUND(E44*G44,2) -> 1068.46
A45: 3.6.2 | B45: ED-48298 | C45: CORTE, DOBRA E ARMAÇÃO DE AÇO CA-50/60 | D45: KG | E45: =MEM!L43 -> 32.4 | F45: 13.38 | G45: =ROUND(F45*($H$6+1),2) -> 16.92 | H45: =ROUND(E45*G45,2) -> 548.21
A46: 3.6.3 | B46: ED-49630 | C46: FORNECIMENTO CONCRETO ESTRUTURAL, PREPARADO OBRA, COM FCK 25 MPA, INCL LANÇAMENTO, ADENSAMENTO E ACABAMENTO | D46: M3 | E46: =MEM!L44 -> 1.08 | F46: 647.83 | G46: =ROUND(F46*($H$6+1),2) -> 819.31 | H46: =ROUND(E46*G46,2) -> 884.85
A47: 3.6.4 | B47: SINAPI 99845 | C47: GUARDA-CORPO DE AÇO GALVANIZADO DE 1,10M, MONTANTES TUBULARES DE 100X50MM ESPAÇADOS DE 1,20M, TRAVESSA SUPERIOR DE 3", GRADIL EM CANTONEIRA 51X51X4,8 MM E BARRAS CHATAS NA VERTICAL DE 32X4,8 MM, FIXADO COM ADESIVO ESTRUTURAL EPOXI. AF_10/2025 | D47: M | E47: =MEM!L45 -> 46.31 | F47: 543.84 | G47: =ROUND(F47*($H$6+1),2) -> 687.79 | H47: =ROUND(E47*G47,2) -> 31851.55 | I47: =ROUND(SUM(H44:H47),2) -> 34353.07
A48: 4 | C48: ÁREA 02 - RUA OTÁVIO SOARES | E48: =MEM!L46 -> 0 | G48: =ROUND(F48*($H$6+1),2) -> 0 | H48: =ROUND(E48*G48,2) -> 0
A49: 4.1 | C49: DEMOLIÇÕES E REMOÇÕES | E49: =MEM!L47 -> 0 | G49: =ROUND(F49*($H$6+1),2) -> 0 | H49: =ROUND(E49*G49,2) -> 0
A50: 4.1.1 | B50: ED-51142 | C50: REMOÇÃO DE MEIO FIO PRÉ MOLDADO DE CONCRETO | D50: M | E50: =MEM!L48 -> 17.6 | F50: 45.36 | G50: =ROUND(F50*($H$6+1),2) -> 57.37 | H50: =ROUND(E50*G50,2) -> 1009.71
A51: 4.1.2 | B51: ED-48442 | C51: DEMOLIÇÃO MECANIZADA DE CONCRETO, SEM ARMAÇÃO, COM EQUIPAMENTO ELÉTRICO, INCLUSIVE AFASTAMENTO E EMPILHAMENTO, EXCLUSIVE TRANSPORTE E RETIRADA DO MATERIAL DEMOLIDO | D51: M3 | E51: =MEM!L49 -> 4.5 | F51: 175.88 | G51: =ROUND(F51*($H$6+1),2) -> 222.44 | H51: =ROUND(E51*G51,2) -> 1000.98
A52: 4.1.3 | B52: ED-51133 | C52: TRANSPORTE DE MATERIAL DE QUALQUER NATUREZA COM CARRINHO DE MÃO, COM DISTÂNCIAS MENORES OU IGUAIS A 50M, INCLUSIVE CARGA/DESCARGA | D52: M3 | E52: =MEM!L50 -> 4.5 | F52: 27.9 | G52: =ROUND(F52*($H$6+1),2) -> 35.29 | H52: =ROUND(E52*G52,2) -> 158.81
A53: 4.1.4 | B53: ED-29230 | C53: TRANSPORTE DE MATERIAL DE QUALQUER NATUREZA EM CAMINHÃO, DISTÂNCIA MAIOR QUE 1KM E MENOR OU IGUAL A 2KM, DENTRO DO PERÍMETRO URBANO, EXCLUSIVE CARGA, INCLUSIVE DESCARGA | D53: M3xKM | E53: =MEM!L51 -> 9 | F53: 4.15 | G53: =ROUND(F53*($H$6+1),2) -> 5.25 | H53: =ROUND(E53*G53,2) -> 47.25 | I53: =ROUND(SUM(H50:H53),2) -> 2216.75
A54: 4.2 | C54: PAVIMENTAÇÃO | E54: =MEM!L52 -> 0 | G54: =ROUND(F54*($H$6+1),2) -> 0 | H54: =ROUND(E54*G54,2) -> 0
A55: 4.2.1 | B55: ED-51139 | C55: GUIA DE MEIO FIO, EM CONCRETO COM FCK 20MPA, PRÉ MOLDADA, MFC 01 PADRÃO DER MG, DIMENSÕES (12X16,7X35)CM, EXCLUSIVE SARJETA, INCLUSIVE ESCAVAÇÃO, APILOAMENTO E TRANSPORTE COM RETIRADA DO MATERIAL ESCAVADO (EM CAÇAMBA) | D55: M | E55: =MEM!L53 -> 250.37 | F55: 79.13 | G55: =ROUND(F55*($H$6+1),2) -> 100.08 | H55: =ROUND(E55*G55,2) -> 25057.03
A56: 4.2.2 | B56: ED-51145 | C56: PASSEIOS DE CONCRETO E = 6 CM, FCK = 10 MPA, JUNTA SECA | D56: M2 | E56: =MEM!L54 -> 21.12 | F56: 71.92 | G56: =ROUND(F56*($H$6+1),2) -> 90.96 | H56: =ROUND(E56*G56,2) -> 1921.08
A57: 4.2.3 | B57: ED-8915 | C57: EXECUÇÃO DE PAVIMENTO COM PISO INTERTRAVADO, TIPO RETANGULAR, ESP. 6CM, COM FCK DE 35MPA, INCLUSIVE COLCHÃO DE AREIA, ESP. 6CM, PARA ASSENTAMENTO, COMPACTAÇÃO MECANIZADA, CARGA E DESCARGA MECÂNICA EM CAMINHÃO, EXCLUSIVE TRANSPORTE DE PISO INTERTRAVADO | D57: M2 | E57: =MEM!L55 -> 550.75 | F57: 90.85 | G57: =ROUND(F57*($H$6+1),2) -> 114.9 | H57: =ROUND(E57*G57,2) -> 63281.18
A58: 4.2.4 | B58: ED-8917 | C58: EXECUÇÃO DE PAVIMENTO COM PISO INTERTRAVADO, TIPO RETANGULAR, ESP. 10CM, COM FCK DE 35MPA, INCLUSIVE COLCHÃO DE AREIA, ESP. 6CM, PARA ASSENTAMENTO, COMPACTAÇÃO MECANIZADA, CARGA E DESCARGA MECÂNICA EM CAMINHÃO, EXCLUSIVE TRANSPORTE DE PISO INTERTRAVADO | D58: M2 | E58: =MEM!L56 -> 2211.4 | F58: 133.93 | G58: =ROUND(F58*($H$6+1),2) -> 169.38 | H58: =ROUND(E58*G58,2) -> 374566.93
A59: 4.2.5 | C59: CINTA EM CONCRETO ARMADO | E59: =MEM!L57 -> 0 | G59: =ROUND(F59*($H$6+1),2) -> 0 | H59: =ROUND(E59*G59,2) -> 0
A60: 4.2.5.1 | B60: ED-51107 | C60: ESCAVAÇÃO MANUAL DE VALA COM PROFUNDIDADE MENOR OU IGUAL A 1,5M, INCLUSIVE DESCARGA LATERAL | D60: M3 | E60: =MEM!L58 -> 10.08 | F60: 80.46 | G60: =ROUND(F60*($H$6+1),2) -> 101.76 | H60: =ROUND(E60*G60,2) -> 1025.74
A61: 4.2.5.2 | B61: ED-49643 | C61: FÔRMA E DESFORMA DE TÁBUA E SARRAFO, REAPROVEITAMENTO (3X), EXCLUSIVE ESCORAMENTO | D61: M2 | E61: =MEM!L59 -> 134.45 | F61: 78.15 | G61: =ROUND(F61*($H$6+1),2) -> 98.84 | H61: =ROUND(E61*G61,2) -> 13289.04
A62: 4.2.5.3 | B62: ED-48298 | C62: CORTE, DOBRA E ARMAÇÃO DE AÇO CA-50/60 | D62: KG | E62: =MEM!L60 -> 302.4 | F62: 13.38 | G62: =ROUND(F62*($H$6+1),2) -> 16.92 | H62: =ROUND(E62*G62,2) -> 5116.61
A63: 4.2.5.4 | B63: ED-49630 | C63: FORNECIMENTO CONCRETO ESTRUTURAL, PREPARADO OBRA, COM FCK 25 MPA, INCL LANÇAMENTO, ADENSAMENTO E ACABAMENTO | D63: M3 | E63: =MEM!L61 -> 10.08 | F63: 647.83 | G63: =ROUND(F63*($H$6+1),2) -> 819.31 | H63: =ROUND(E63*G63,2) -> 8258.64
A64: 4.2.6 | B64: ED-51121 | C64: REATERRO COMPACTADO COM EQUIPAMENTO PLACA VIBRATÓRIA | D64: M3 | E64: =MEM!L62 -> 5.04 | F64: 50.57 | G64: =ROUND(F64*($H$6+1),2) -> 63.96 | H64: =ROUND(E64*G64,2) -> 322.36
A65: 4.2.7 | B65: ED-51135 | C65: GUIA DE CORDÃO BOLEADO, EM CONCRETO COM FCK 20MPA, PRÉ MOLDADA, 10X10CM (ALTURA X LARGURA), INCLUSIVE UMA (1) FIADA DE BLOCO DE CONCRETO, ESP. 9CM, ESCAVAÇÃO, APILOAMENTO E TRANSPORTE COM RETIRADA DO MATERIAL ESCAVADO (EM CAÇAMBA) | D65: M | E65: =MEM!L63 -> 224.09 | F65: 62.08 | G65: =ROUND(F65*($H$6+1),2) -> 78.51 | H65: =ROUND(E65*G65,2) -> 17593.31 | I65: =ROUND(SUM(H55:H65),2) -> 510431.92
A66: 4.3 | C66: PAISAGISMO | E66: =MEM!L64 -> 0
A67: 4.3.1 | B67: ED-50437 | C67: PLANTIO DE GRAMA ESMERALDA EM PLACAS, INCLUSIVE TERRA VEGETAL E CONSERVAÇÃO POR TRINTA (30) DIAS | D67: M2 | E67: =MEM!L65 -> 254.04 | F67: 38.43 | G67: =ROUND(F67*($H$6+1),2) -> 48.6 | H67: =ROUND(E67*G67,2) -> 12346.34
A68: 4.3.2 | B68: ED-50446 | C68: FORNECIMENTO DE ARBUSTO BELA EMÍLIA COM ALTURA MÍNIMA DE 15CM, EXCLUSIVE PLANTIO | D68: UNID | E68: =MEM!L66 -> 30 | F68: 6.75 | G68: =ROUND(F68*($H$6+1),2) -> 8.54 | H68: =ROUND(E68*G68,2) -> 256.2
A69: 4.3.3 | B69: ED-50433 | C69: PLANTIO E PREPARO DE COVAS DE ARBUSTOS ORNAMENTAIS EM GERAL, EXCETO FORNECIMENTO DAS MUDAS | D69: UNID | E69: =MEM!L67 -> 30 | F69: 12.76 | G69: =ROUND(F69*($H$6+1),2) -> 16.14 | H69: =ROUND(E69*G69,2) -> 484.2 | I69: =ROUND(SUM(H67:H69),2) -> 13086.74
A70: 4.4 | C70: DRENAGEM PLUVIAL | E70: =MEM!L68 -> 0 | F70: 0 | G70: =ROUND(F70*($H$6+1),2) -> 0 | H70: =ROUND(E70*G70,2) -> 0
A71: 4.4.1 | B71: ED-48444 | C71: DEMOLIÇÃO MECANIZADA DE CONCRETO, SEM ARMAÇÃO, COM EQUIPAMENTO PNEUMÁTICO, INCLUSIVE AFASTAMENTO E EMPILHAMENTO, EXCLUSIVE TRANSPORTE E RETIRADA DO MATERIAL DEMOLIDO | D71: M3 | E71: =MEM!L69 -> 0.43 | F71: 231.06 | G71: =ROUND(F71*($H$6+1),2) -> 292.22 | H71: =ROUND(E71*G71,2) -> 125.65
A72: 4.4.2 | B72: ED-49643 | C72: FÔRMA E DESFORMA DE TÁBUA E SARRAFO, REAPROVEITAMENTO (3X), EXCLUSIVE ESCORAMENTO | D72: M2 | E72: =MEM!L70 -> 1.44 | F72: 78.15 | G72: =ROUND(F72*($H$6+1),2) -> 98.84 | H72: =ROUND(E72*G72,2) -> 142.33
A73: 4.4.3 | B73: ED-49630 | C73: FORNECIMENTO CONCRETO ESTRUTURAL, PREPARADO OBRA, COM FCK 25 MPA, INCL LANÇAMENTO, ADENSAMENTO E ACABAMENTO | D73: M3 | E73: =MEM!L71 -> 0.35 | F73: 647.83 | G73: =ROUND(F73*($H$6+1),2) -> 819.31 | H73: =ROUND(E73*G73,2) -> 286.76
A74: 4.4.4 | B74: ED-51115 | C74: ESCAVAÇÃO MECÂNICA DE VALAS COM PROFUNDIDADE MENOR OU IGUAL A 1,5M, INCLUSIVE CARGA EM CAMINHÃO, EXCLUSIVE TRANSPORTE E DESCARGA | D74: M3 | E74: =MEM!L72 -> 203.72 | F74: 11.48 | G74: =ROUND(F74*($H$6+1),2) -> 14.52 | H74: =ROUND(E74*G74,2) -> 2958.01
A75: 4.4.5 | B75: ED-29230 | C75: TRANSPORTE DE MATERIAL DE QUALQUER NATUREZA EM CAMINHÃO, DISTÂNCIA MAIOR QUE 1KM E MENOR OU IGUAL A 2KM, DENTRO DO PERÍMETRO URBANO, EXCLUSIVE CARGA, INCLUSIVE DESCARGA | D75: M3xKM | E75: =MEM!L73 -> 407.44 | F75: 4.15 | G75: =ROUND(F75*($H$6+1),2) -> 5.25 | H75: =ROUND(E75*G75,2) -> 2139.06
A76: 4.4.6 | B76: ED-51094 | C76: APILOAMENTO DO FUNDO DE VALAS COM PLACA VIBRATÓRIA | D76: M2 | E76: =MEM!L74 -> 142.82 | F76: 15.26 | G76: =ROUND(F76*($H$6+1),2) -> 19.3 | H76: =ROUND(E76*G76,2) -> 2756.43
A77: 4.4.7 | B77: SUDECAP 19.33.01 | C77: ESCORAMENTO CONTÍNUO DE VALAS TIPO A - MADEIRA ROLIÇA D= 11 A 15CM - PADRÃO SUDECAP | D77: M2 | E77: =MEM!L75 -> 215.6 | F77: 116.19 | G77: =ROUND(F77*($H$6+1),2) -> 146.95 | H77: =ROUND(E77*G77,2) -> 31682.42
A78: 4.4.8 | B78: SUDECAP 19.07.02 | C78: CONCRETO MAGRO PARA BERÇO DE REDE TUBULAR, TRAÇO 1:4,5:4,5, PREPARO MECÂNICO COM BETONEIRA, INCLUI LANÇAMENTO E ACABAMENTO | D78: M3 | E78: =MEM!L76 -> 33.11 | F78: 648.33 | G78: =ROUND(F78*($H$6+1),2) -> 819.94 | H78: =ROUND(E78*G78,2) -> 27148.21
A79: 4.4.9 | B79: ED-9207 | C79: TUBO DE CONCRETO ARMADO, CLASSE PA1, DIÂMETRO DE 400MM, INCLUSIVE CARGA E DESCARGA MECÂNICA EM CAMINHÃO, ASSENTAMENTO E REJUNTAMENTO, EXCLUSIVE ESCAVAÇÃO E TRANSPORTE | D79: M | E79: =MEM!L77 -> 43.77 | F79: 198.98 | G79: =ROUND(F79*($H$6+1),2) -> 251.65 | H79: =ROUND(E79*G79,2) -> 11014.72
A80: 4.4.10 | B80: ED-9210 | C80: TUBO DE CONCRETO ARMADO, CLASSE PA1, DIÂMETRO DE 800MM, INCLUSIVE CARGA E DESCARGA MECÂNICA EM CAMINHÃO, ASSENTAMENTO E REJUNTAMENTO, EXCLUSIVE ESCAVAÇÃO E TRANSPORTE | D80: M | E80: =MEM!L78 -> 77 | F80: 413.74 | G80: =ROUND(F80*($H$6+1),2) -> 523.26 | H80: =ROUND(E80*G80,2) -> 40291.02
A81: 4.4.11 | B81: ED-51121 | C81: REATERRO COMPACTADO DE VALA COM EQUIPAMENTO PLACA VIBRATÓRIA | D81: M3 | E81: =MEM!L79 -> 148.76 | F81: 50.57 | G81: =ROUND(F81*($H$6+1),2) -> 63.96 | H81: =ROUND(E81*G81,2) -> 9514.69
A82: 4.4.12 | B82: RO-18135 | C82: Caixa de Passagem Tipo A Ø=80 cm, areia e brita comerciais (Execução, incluindo fornecimento, carga e transporte de todos os materiais) (Caderno de Drenagem RT 01.47.d) | D82: UNID | E82: =MEM!L80 -> 4 | F82: 1481.05 | G82: =ROUND(F82*($H$6+1),2) -> 1873.08 | H82: =ROUND(E82*G82,2) -> 7492.32
A83: 4.4.13 | B83: RO-18175 | C83: Boca de Lobo Simples combinada com grelha, quadro e cantoneira pré moldados de concreto BLS 01 areia e brita comerciais (Execução, incluindo escavação, fornecimento, carga e transporte de todos os materiais) (Caderno de Drenagem RT 01.47.d) | D83: UNID | E83: =MEM!L81 -> 8 | F83: 1309.13 | G83: =ROUND(F83*($H$6+1),2) -> 1655.66 | H83: =ROUND(E83*G83,2) -> 13245.28 | I83: =ROUND(SUM(H71:H83),2) -> 148796.9
A84: TOTAL GERAL | H84: =ROUND(SUM(H9:H83),2) -> 842254.45 | I84: =SUM(I8:I83) -> 842254.45
B87: Eng. Civil WILSON DIAS DA FONSECA JÚNIOR | E87: 61.924 / D
B88: Carimbo e assinatura do engenheiro responsável técnico pela elaboração da planilha | E88: CREA
B91: Carimbo e assinatura do prefeito

Sheet CRON1
F1: =F55 -> 0.025 | G1: =G55 -> 0.4629 | H1: =H55 -> 0.5121 | I1: =I55 -> 0 | J1: =J55 -> 0 | K1: =K55 -> 0
A3: CRONOGRAMA FÍSICO-FINANCEIRO
A4: PREFEITURA MUNICIPAL DE SANTA CRUZ DO ESCALVADO | D4: VALOR DA OBRA: | E4: =PLAN!H84 -> 842254.45 | I4: =PLAN!H3 -> DATA: 21/09/26
A5: =PLAN!A3 -> OBRA: SERVIÇOS DE INFRAESTRUTURA | D5: =PLAN!A4 -> LOCAL: ÁREAS PÚBLICAS MUNICIPAIS DE SANTA CRUZ DO ESCALVADO (MG) | I5: =PLAN!A6 -> PRAZO EXECUÇÃO: | J5: =PLAN!C6 -> 3 (três) meses
A6: ITEM | B6: ETAPAS/DESCRIÇÃO | D6: FÍSICO/ FINANCEIRO | E6: TOTAL ETAPAS | F6: MÊS 1 | G6: MÊS 2 | H6: MÊS 3 | I6: MÊS 4 | J6: MÊS 5 | K6: MÊS 6
A7: =PLAN!A8 -> 1 | B7: =PLAN!C8 -> ADMINISTRAÇÃO LOCAL | D7: Físico % | E7: =ROUND((E8/$E$56),4) -> 0.0333 | F7: 0.025 | G7: 0.4629 | H7: 0.5121 | L7: =SUM(F7:K7) -> 1
D8: Financeiro | E8: =PLAN!I11 -> 28014.54 | F8: =ROUND(F7*E8,2) -> 700.36 | G8: =ROUND(G7*E8,2) -> 12967.93 | H8: =ROUND(H7*E8,2) -> 14346.25 | I8: =ROUND(I7*E8,2) -> 0 | J8: =ROUND(J7*E8,2) -> 0 | K8: =ROUND(K7*E8,2) -> 0 | L8: =SUM(F8:K8) -> 28014.54 | M8: =L8-E8 -> 0
A9: =PLAN!A12 -> 2 | B9: =PLAN!C12 -> SERVIÇOS PRELIMINARES | D9: Físico % | E9: =ROUND((E10/$E$56),4) -> 0.0058 | F9: 0.6 | H9: 0.4 | L9: =SUM(F9:K9) -> 1
D10: Financeiro | E10: =PLAN!I14 -> 4852.66 | F10: =ROUND(F9*E10,2) -> 2911.6 | G10: =ROUND(G9*E10,2) -> 0 | H10: =ROUND(H9*E10,2) -> 1941.06 | I10: =ROUND(I9*E10,2) -> 0 | J10: =ROUND(J9*E10,2) -> 0 | K10: =ROUND(K9*E10,2) -> 0 | L10: =SUM(F10:K10) -> 4852.66 | M10: =L10-E10 -> 0
A11: =PLAN!A15 -> 3 | B11: =PLAN!C15 -> ÁREA 01 - RUA SAGRADOS CORAÇÕES | D11: Físico % | E11: =ROUND((E12/$E$56),4) -> 0 | L11: =SUM(F11:K11) -> 0
D12: Financeiro | F12: =ROUND(F11*E12,2) -> 0 | G12: =ROUND(G11*E12,2) -> 0 | H12: =ROUND(H11*E12,2) -> 0 | I12: =ROUND(I11*E12,2) -> 0 | J12: =ROUND(J11*E12,2) -> 0 | K12: =ROUND(K11*E12,2) -> 0 | L12: =SUM(F12:K12) -> 0 | M12: =L12-E12 -> 0
A13: =PLAN!A16 -> 3.1 | B13: =PLAN!C16 -> DEMOLIÇÕES E REMOÇÕES | D13: Físico % | E13: =ROUND((E14/$E$56),4) -> 0.0042 | F13: 1 | L13: =SUM(F13:K13) -> 1
D14: Financeiro | E14: =PLAN!I20 -> 3570.97 | F14: =ROUND(F13*E14,2) -> 3570.97 | G14: =ROUND(G13*E14,2) -> 0 | H14: =ROUND(H13*E14,2) -> 0 | I14: =ROUND(I13*E14,2) -> 0 | J14: =ROUND(J13*E14,2) -> 0 | K14: =ROUND(K13*E14,2) -> 0 | L14: =SUM(F14:K14) -> 3570.97 | M14: =L14-E14 -> 0
A15: =PLAN!A21 -> 3.2 | B15: =PLAN!C21 -> EXECUÇÃO DE CANTEIROS | D15: Físico % | E15: =ROUND((E16/$E$56),4) -> 0.0141 | F15: 1 | L15: =SUM(F15:K15) -> 1
D16: Financeiro | E16: =PLAN!I27 -> 11840.73 | F16: =ROUND(F15*E16,2) -> 11840.73 | G16: =ROUND(G15*E16,2) -> 0 | H16: =ROUND(H15*E16,2) -> 0 | I16: =ROUND(I15*E16,2) -> 0 | J16: =ROUND(J15*E16,2) -> 0 | K16: =ROUND(K15*E16,2) -> 0 | L16: =SUM(F16:K16) -> 11840.73 | M16: =L16-E16 -> 0
A17: =PLAN!A28 -> 3.3 | B17: =PLAN!C28 -> PAISAGISMO | D17: Físico % | E17: =ROUND((E18/$E$56),4) -> 0.0046 | G17: 1 | L17: =SUM(F17:K17) -> 1
D18: Financeiro | E18: =PLAN!I31 -> 3859.72 | F18: =ROUND(F17*E18,2) -> 0 | G18: =ROUND(G17*E18,2) -> 3859.72 | H18: =ROUND(H17*E18,2) -> 0 | I18: =ROUND(I17*E18,2) -> 0 | J18: =ROUND(J17*E18,2) -> 0 | K18: =ROUND(K17*E18,2) -> 0 | L18: =SUM(F18:K18) -> 3859.72 | M18: =L18-E18 -> 0
A19: =PLAN!A32 -> 3.4 | B19: =PLAN!C32 -> DRENAGEM PLUVIAL | D19: Físico % | E19: =ROUND((E20/$E$56),4) -> 0.0024 | F19: 1 | L19: =SUM(F19:K19) -> 1
D20: Financeiro | E20: =PLAN!I38 -> 2049.87 | F20: =ROUND(F19*E20,2) -> 2049.87 | G20: =ROUND(G19*E20,2) -> 0 | H20: =ROUND(H19*E20,2) -> 0 | I20: =ROUND(I19*E20,2) -> 0 | J20: =ROUND(J19*E20,2) -> 0 | K20: =ROUND(K19*E20,2) -> 0 | L20: =SUM(F20:K20) -> 2049.87 | M20: =L20-E20 -> 0
A21: =PLAN!A39 -> 3.5 | B21: =PLAN!C39 -> PAVIMENTAÇÃO | D21: Físico % | E21: =ROUND((E22/$E$56),4) -> 0.094 | G21: 1 | L21: =SUM(F21:K21) -> 1
D22: Financeiro | E22: =PLAN!I42 -> 79180.58 | F22: =ROUND(F21*E22,2) -> 0 | G22: =ROUND(G21*E22,2) -> 79180.58 | H22: =ROUND(H21*E22,2) -> 0 | I22: =ROUND(I21*E22,2) -> 0 | J22: =ROUND(J21*E22,2) -> 0 | K22: =ROUND(K21*E22,2) -> 0 | L22: =SUM(F22:K22) -> 79180.58 | M22: =L22-E22 -> 0
A23: =PLAN!A43 -> 3.6 | B23: =PLAN!C43 -> GUARDA CORPO FIXADO EM CINTA DE CONCRETO ARMADO | D23: Físico % | E23: =ROUND((E24/$E$56),4) -> 0.0408 | G23: 1 | L23: =SUM(F23:K23) -> 1
D24: Financeiro | E24: =PLAN!I47 -> 34353.07 | F24: =ROUND(F23*E24,2) -> 0 | G24: =ROUND(G23*E24,2) -> 34353.07 | H24: =ROUND(H23*E24,2) -> 0 | I24: =ROUND(I23*E24,2) -> 0 | J24: =ROUND(J23*E24,2) -> 0 | K24: =ROUND(K23*E24,2) -> 0 | L24: =SUM(F24:K24) -> 34353.07 | M24: =L24-E24 -> 0
A25: =PLAN!A48 -> 4 | B25: =PLAN!C48 -> ÁREA 02 - RUA OTÁVIO SOARES | D25: Físico % | E25: =ROUND((E26/$E$56),4) -> 0 | L25: =SUM(F25:K25) -> 0
D26: Financeiro | F26: =ROUND(F25*E26,2) -> 0 | G26: =ROUND(G25*E26,2) -> 0 | H26: =ROUND(H25*E26,2) -> 0 | I26: =ROUND(I25*E26,2) -> 0 | J26: =ROUND(J25*E26,2) -> 0 | K26: =ROUND(K25*E26,2) -> 0 | L26: =SUM(F26:K26) -> 0 | M26: =L26-E26 -> 0
A27: =PLAN!A49 -> 4.1 | B27: =PLAN!C49 -> DEMOLIÇÕES E REMOÇÕES | D27: Físico % | E27: =ROUND((E28/$E$56),4) -> 0.0026 | G27: 1 | L27: =SUM(F27:K27) -> 1
D28: Financeiro | E28: =PLAN!I53 -> 2216.75 | F28: =ROUND(F27*E28,2) -> 0 | G28: =ROUND(G27*E28,2) -> 2216.75 | H28: =ROUND(H27*E28,2) -> 0 | I28: =ROUND(I27*E28,2) -> 0 | J28: =ROUND(J27*E28,2) -> 0 | K28: =ROUND(K27*E28,2) -> 0 | L28: =SUM(F28:K28) -> 2216.75 | M28: =L28-E28 -> 0
A29: =PLAN!A54 -> 4.2 | B29: =PLAN!C54 -> PAVIMENTAÇÃO | D29: Físico % | E29: =ROUND((E30/$E$56),4) -> 0.606 | G29: 0.3 | H29: 0.7 | L29: =SUM(F29:K29) -> 1
D30: Financeiro | E30: =PLAN!I65 -> 510431.92 | F30: =ROUND(F29*E30,2) -> 0 | G30: =ROUND(G29*E30,2) -> 153129.58 | H30: =ROUND(H29*E30,2) -> 357302.34 | I30: =ROUND(I29*E30,2) -> 0 | J30: =ROUND(J29*E30,2) -> 0 | K30: =ROUND(K29*E30,2) -> 0 | L30: =SUM(F30:K30) -> 510431.92 | M30: =L30-E30 -> 0
A31: =PLAN!A66 -> 4.3 | B31: =PLAN!C66 -> PAISAGISMO | D31: Físico % | E31: =ROUND((E32/$E$56),4) -> 0.0155 | H31: 1 | L31: =SUM(F31:K31) -> 1
D32: Financeiro | E32: =PLAN!I69 -> 13086.74 | F32: =ROUND(F31*E32,2) -> 0 | G32: =ROUND(G31*E32,2) -> 0 | H32: =ROUND(H31*E32,2) -> 13086.74 | I32: =ROUND(I31*E32,2) -> 0 | J32: =ROUND(J31*E32,2) -> 0 | K32: =ROUND(K31*E32,2) -> 0 | L32: =SUM(F32:K32) -> 13086.74 | M32: =L32-E32 -> 0
A33: =PLAN!A70 -> 4.4 | B33: =PLAN!C70 -> DRENAGEM PLUVIAL | D33: Físico % | E33: =ROUND((E34/$E$56),4) -> 0.1767 | G33: 0.7 | H33: 0.3 | L33: =SUM(F33:K33) -> 1
D34: Financeiro | E34: =PLAN!I83 -> 148796.9 | F34: =ROUND(F33*E34,2) -> 0 | G34: =ROUND(G33*E34,2) -> 104157.83 | H34: =ROUND(H33*E34,2) -> 44639.07 | I34: =ROUND(I33*E34,2) -> 0 | J34: =ROUND(J33*E34,2) -> 0 | K34: =ROUND(K33*E34,2) -> 0 | L34: =SUM(F34:K34) -> 148796.9 | M34: =L34-E34 -> 0
D35: Físico % | E35: =ROUND((E36/$E$56),4) -> 0 | L35: =SUM(F35:K35) -> 0
D36: Financeiro | F36: =ROUND(F35*E36,2) -> 0 | G36: =ROUND(G35*E36,2) -> 0 | H36: =ROUND(H35*E36,2) -> 0 | I36: =ROUND(I35*E36,2) -> 0 | J36: =ROUND(J35*E36,2) -> 0 | K36: =ROUND(K35*E36,2) -> 0 | L36: =SUM(F36:K36) -> 0 | M36: =L36-E36 -> 0
D37: Físico % | E37: =ROUND((E38/$E$56),4) -> 0 | L37: =SUM(F37:K37) -> 0
D38: Financeiro | F38: =ROUND(F37*E38,2) -> 0 | G38: =ROUND(G37*E38,2) -> 0 | H38: =ROUND(H37*E38,2) -> 0 | I38: =ROUND(I37*E38,2) -> 0 | J38: =ROUND(J37*E38,2) -> 0 | K38: =ROUND(K37*E38,2) -> 0 | L38: =SUM(F38:K38) -> 0 | M38: =L38-E38 -> 0
D39: Físico % | E39: =ROUND((E40/$E$56),4) -> 0 | L39: =SUM(F39:K39) -> 0
D40: Financeiro | F40: =ROUND(F39*E40,2) -> 0 | G40: =ROUND(G39*E40,2) -> 0 | H40: =ROUND(H39*E40,2) -> 0 | I40: =ROUND(I39*E40,2) -> 0 | J40: =ROUND(J39*E40,2) -> 0 | K40: =ROUND(K39*E40,2) -> 0 | L40: =SUM(F40:K40) -> 0 | M40: =L40-E40 -> 0
D41: Físico % | E41: =ROUND((E42/$E$56),4) -> 0 | L41: =SUM(F41:K41) -> 0
D42: Financeiro | F42: =ROUND(F41*E42,2) -> 0 | G42: =ROUND(G41*E42,2) -> 0 | H42: =ROUND(H41*E42,2) -> 0 | I42: =ROUND(I41*E42,2) -> 0 | J42: =ROUND(J41*E42,2) -> 0 | K42: =ROUND(K41*E42,2) -> 0 | L42: =SUM(F42:K42) -> 0 | M42: =L42-E42 -> 0
D43: Físico % | E43: =ROUND((E44/$E$56),4) -> 0 | L43: =SUM(F43:K43) -> 0
D44: Financeiro | F44: =ROUND(F43*E44,2) -> 0 | G44: =ROUND(G43*E44,2) -> 0 | H44: =ROUND(H43*E44,2) -> 0 | I44: =ROUND(I43*E44,2) -> 0 | J44: =ROUND(J43*E44,2) -> 0 | K44: =ROUND(K43*E44,2) -> 0 | L44: =SUM(F44:K44) -> 0 | M44: =L44-E44 -> 0
D45: Físico % | E45: =ROUND((E46/$E$56),4) -> 0 | L45: =SUM(F45:K45) -> 0
D46: Financeiro | F46: =ROUND(F45*E46,2) -> 0 | G46: =ROUND(G45*E46,2) -> 0 | H46: =ROUND(H45*E46,2) -> 0 | I46: =ROUND(I45*E46,2) -> 0 | J46: =ROUND(J45*E46,2) -> 0 | K46: =ROUND(K45*E46,2) -> 0 | L46: =SUM(F46:K46) -> 0 | M46: =L46-E46 -> 0
D47: Físico % | E47: =ROUND((E48/$E$56),4) -> 0 | L47: =SUM(F47:K47) -> 0
D48: Financeiro | F48: =ROUND(F47*E48,2) -> 0 | G48: =ROUND(G47*E48,2) -> 0 | H48: =ROUND(H47*E48,2) -> 0 | I48: =ROUND(I47*E48,2) -> 0 | J48: =ROUND(J47*E48,2) -> 0 | K48: =ROUND(K47*E48,2) -> 0 | L48: =SUM(F48:K48) -> 0 | M48: =L48-E48 -> 0
D49: Físico % | E49: =ROUND((E50/$E$56),4) -> 0 | L49: =SUM(F49:K49) -> 0
D50: Financeiro | F50: =ROUND(F49*E50,2) -> 0 | G50: =ROUND(G49*E50,2) -> 0 | H50: =ROUND(H49*E50,2) -> 0 | I50: =ROUND(I49*E50,2) -> 0 | J50: =ROUND(J49*E50,2) -> 0 | K50: =ROUND(K49*E50,2) -> 0 | L50: =SUM(F50:K50) -> 0 | M50: =L50-E50 -> 0
D51: Físico % | E51: =ROUND((E52/$E$56),4) -> 0 | L51: =SUM(F51:K51) -> 0
D52: Financeiro | F52: =ROUND(F51*E52,2) -> 0 | G52: =ROUND(G51*E52,2) -> 0 | H52: =ROUND(H51*E52,2) -> 0 | I52: =ROUND(I51*E52,2) -> 0 | J52: =ROUND(J51*E52,2) -> 0 | K52: =ROUND(K51*E52,2) -> 0 | L52: =SUM(F52:K52) -> 0 | M52: =L52-E52 -> 0
D53: Físico % | E53: =ROUND((E54/$E$56),4) -> 0 | L53: =SUM(F53:K53) -> 0
D54: Financeiro | F54: =ROUND(F53*E54,2) -> 0 | G54: =ROUND(G53*E54,2) -> 0 | H54: =ROUND(H53*E54,2) -> 0 | I54: =ROUND(I53*E54,2) -> 0 | J54: =ROUND(J53*E54,2) -> 0 | K54: =ROUND(K53*E54,2) -> 0 | L54: =SUM(F54:K54) -> 0 | M54: =L54-E54 -> 0
A55: TOTAL | D55: Físico % | E55: =E7+E9+E11+E13+E15+E17+E19+E21+E23+E25+E27+E29+E31+E33+E35+E37+E39+E41+E43+E45+E47+E49+E51+E53 -> 1 | F55: =ROUND(F56/$E$56,4) -> 0.025 | G55: =ROUND(G56/$E$56,4) -> 0.4629 | H55: =ROUND(H56/$E$56,4) -> 0.5121 | I55: =ROUND(I56/$E$56,4) -> 0 | J55: =ROUND(J56/$E$56,4) -> 0 | K55: =ROUND(K56/$E$56,4) -> 0 | L55: =F55+G55+H55+I55+J55+K55 -> 1
D56: Financeiro | E56: =E8+E10+E12+E14+E16+E18+E20+E22+E24+E26+E28+E30+E32+E34+E36+E38+E40+E42+E44+E46+E48+E50+E52+E54 -> 842254.45 | F56: =F8+F10+F12+F14+F16+F18+F20+F22+F24+F26+F28+F30+F32+F34+F36+F38+F40+F42+F44+F46+F48+F50+F52+F54 -> 21073.53 | G56: =G8+G10+G12+G14+G16+G18+G20+G22+G24+G26+G28+G30+G32+G34+G36+G38+G40+G42+G44+G46+G48+G50+G52+G54 -> 389865.46 | H56: =H8+H10+H12+H14+H16+H18+H20+H22+H24+H26+H28+H30+H32+H34+H36+H38+H40+H42+H44+H46+H48+H50+H52+H54 -> 431315.46 | I56: =I8+I10+I12+I14+I16+I18+I20+I22+I24+I26+I28+I30+I32+I34+I36+I38+I40+I42+I44+I46+I48+I50+I52+I54 -> 0 | J56: =J8+J10+J12+J14+J16+J18+J20+J22+J24+J26+J28+J30+J32+J34+J36+J38+J40+J42+J44+J46+J48+J50+J52+J54 -> 0 | K56: =K8+K10+K12+K14+K16+K18+K20+K22+K24+K26+K28+K30+K32+K34+K36+K38+K40+K42+K44+K46+K48+K50+K52+K54 -> 0 | L56: =F56+G56+H56+I56+J56+K56 -> 842254.45
B58: Eng. Civil WILSON DIAS DA FONSECA JÚNIOR | G58: 61/924 / D
B59: Carimbo e assinatura do engenheiro responsável técnico pela elaboração do cronograma | G59: CREA
B62: Carimbo e assinatura do prefeito
E64: =PLAN!H84 -> 842254.45

Sheet CRON2
F1: =F55 -> 0 | G1: =G55 -> 0 | H1: =H55 -> 0 | I1: =I55 -> 0 | J1: =J55 -> 0 | K1: =K55 -> 0
A3: CRONOGRAMA FÍSICO-FINANCEIRO
A4: PREFEITURA MUNICIPAL DE SANTA CRUZ DO ESCALVADO | D4: VALOR DA OBRA: | E4: =PLAN!H84 -> 842254.45 | I4: =PLAN!H3 -> DATA: 21/09/26
A5: =PLAN!A3 -> OBRA: SERVIÇOS DE INFRAESTRUTURA | D5: =PLAN!A4 -> LOCAL: ÁREAS PÚBLICAS MUNICIPAIS DE SANTA CRUZ DO ESCALVADO (MG) | I5: =PLAN!A6 -> PRAZO EXECUÇÃO: | J5: =PLAN!C6 -> 3 (três) meses
A6: ITEM | B6: ETAPAS/DESCRIÇÃO | D6: FÍSICO/ FINANCEIRO | E6: TOTAL ETAPAS | F6: MÊS 7 | G6: MÊS 8 | H6: MÊS 9 | I6: MÊS 10 | J6: MÊS 11 | K6: MÊS 12
A7: =CRON1!A7 -> 1 | B7: =CRON1!B7 -> ADMINISTRAÇÃO LOCAL | D7: Físico % | E7: =(E8/$E$56) -> 0.16485067 | L7: =SUM(F7:K7)+CRON1!L7 -> 1
D8: Financeiro | E8: =CRON1!E8 -> 28014.54 | F8: =ROUND(F7*E8,2) -> 0 | G8: =ROUND(G7*E8,2) -> 0 | H8: =ROUND(H7*E8,2) -> 0 | I8: =ROUND(I7*E8,2) -> 0 | J8: =ROUND(J7*E8,2) -> 0 | K8: =ROUND(K7*E8,2) -> 0 | L8: =SUM(F8:K8)+CRON1!L8 -> 28014.54 | M8: =L8-E8 -> 0
A9: =CRON1!A9 -> 2 | B9: =CRON1!B9 -> SERVIÇOS PRELIMINARES | D9: Físico % | E9: =(E10/$E$56) -> 0.028555324 | L9: =SUM(F9:K9)+CRON1!L9 -> 1
D10: Financeiro | E10: =CRON1!E10 -> 4852.66 | F10: =ROUND(F9*E10,2) -> 0 | G10: =ROUND(G9*E10,2) -> 0 | H10: =ROUND(H9*E10,2) -> 0 | I10: =ROUND(I9*E10,2) -> 0 | J10: =ROUND(J9*E10,2) -> 0 | K10: =ROUND(K9*E10,2) -> 0 | L10: =SUM(F10:K10)+CRON1!L10 -> 4852.66 | M10: =L10-E10 -> 0
A11: =CRON1!A11 -> 3 | B11: =CRON1!B11 -> ÁREA 01 - RUA SAGRADOS CORAÇÕES | D11: Físico % | E11: =(E12/$E$56) -> 0 | L11: =SUM(F11:K11)+CRON1!L11 -> 0
D12: Financeiro | E12: =CRON1!E12 -> 0 | F12: =ROUND(F11*E12,2) -> 0 | G12: =ROUND(G11*E12,2) -> 0 | H12: =ROUND(H11*E12,2) -> 0 | I12: =ROUND(I11*E12,2) -> 0 | J12: =ROUND(J11*E12,2) -> 0 | K12: =ROUND(K11*E12,2) -> 0 | L12: =SUM(F12:K12)+CRON1!L12 -> 0 | M12: =L12-E12 -> 0
A13: =CRON1!A13 -> 3.1 | B13: =CRON1!B13 -> DEMOLIÇÕES E REMOÇÕES | D13: Físico % | E13: =(E14/$E$56) -> 0.02101326 | L13: =SUM(F13:K13)+CRON1!L13 -> 1
D14: Financeiro | E14: =CRON1!E14 -> 3570.97 | F14: =ROUND(F13*E14,2) -> 0 | G14: =ROUND(G13*E14,2) -> 0 | H14: =ROUND(H13*E14,2) -> 0 | I14: =ROUND(I13*E14,2) -> 0 | J14: =ROUND(J13*E14,2) -> 0 | K14: =ROUND(K13*E14,2) -> 0 | L14: =SUM(F14:K14)+CRON1!L14 -> 3570.97 | M14: =L14-E14 -> 0
A15: =CRON1!A15 -> 3.2 | B15: =CRON1!B15 -> EXECUÇÃO DE CANTEIROS | D15: Físico % | E15: =(E16/$E$56) -> 0.0696764 | L15: =SUM(F15:K15)+CRON1!L15 -> 1
D16: Financeiro | E16: =CRON1!E16 -> 11840.73 | F16: =ROUND(F15*E16,2) -> 0 | G16: =ROUND(G15*E16,2) -> 0 | H16: =ROUND(H15*E16,2) -> 0 | I16: =ROUND(I15*E16,2) -> 0 | J16: =ROUND(J15*E16,2) -> 0 | K16: =ROUND(K15*E16,2) -> 0 | L16: =SUM(F16:K16)+CRON1!L16 -> 11840.73 | M16: =L16-E16 -> 0
A17: =CRON1!A17 -> 3.3 | B17: =CRON1!B17 -> PAISAGISMO | D17: Físico % | E17: =(E18/$E$56) -> 0.0227124 | L17: =SUM(F17:K17)+CRON1!L17 -> 1
D18: Financeiro | E18: =CRON1!E18 -> 3859.72 | F18: =ROUND(F17*E18,2) -> 0 | G18: =ROUND(G17*E18,2) -> 0 | H18: =ROUND(H17*E18,2) -> 0 | I18: =ROUND(I17*E18,2) -> 0 | J18: =ROUND(J17*E18,2) -> 0 | K18: =ROUND(K17*E18,2) -> 0 | L18: =SUM(F18:K18)+CRON1!L18 -> 3859.72 | M18: =L18-E18 -> 0
A19: =CRON1!A19 -> 3.4 | B19: =CRON1!B19 -> DRENAGEM PLUVIAL | D19: Físico % | E19: =(E20/$E$56) -> 0.012062395 | L19: =SUM(F19:K19)+CRON1!L19 -> 1
D20: Financeiro | E20: =CRON1!E20 -> 2049.87 | F20: =ROUND(F19*E20,2) -> 0 | G20: =ROUND(G19*E20,2) -> 0 | H20: =ROUND(H19*E20,2) -> 0 | I20: =ROUND(I19*E20,2) -> 0 | J20: =ROUND(J19*E20,2) -> 0 | K20: =ROUND(K19*E20,2) -> 0 | L20: =SUM(F20:K20)+CRON1!L20 -> 2049.87 | M20: =L20-E20 -> 0
A21: =CRON1!A21 -> 3.5 | B21: =CRON1!B21 -> PAVIMENTAÇÃO | D21: Físico % | E21: =(E22/$E$56) -> 0.46593561 | L21: =SUM(F21:K21)+CRON1!L21 -> 1
D22: Financeiro | E22: =CRON1!E22 -> 79180.58 | F22: =ROUND(F21*E22,2) -> 0 | G22: =ROUND(G21*E22,2) -> 0 | H22: =ROUND(H21*E22,2) -> 0 | I22: =ROUND(I21*E22,2) -> 0 | J22: =ROUND(J21*E22,2) -> 0 | K22: =ROUND(K21*E22,2) -> 0 | L22: =SUM(F22:K22)+CRON1!L22 -> 79180.58 | M22: =L22-E22 -> 0
A23: =CRON1!A23 -> 3.6 | B23: =CRON1!B23 -> GUARDA CORPO FIXADO EM CINTA DE CONCRETO ARMADO | D23: Físico % | E23: =(E24/$E$56) -> 0.20214955 | L23: =SUM(F23:K23)+CRON1!L23 -> 1
D24: Financeiro | E24: =CRON1!E24 -> 34353.07 | F24: =ROUND(F23*E24,2) -> 0 | G24: =ROUND(G23*E24,2) -> 0 | H24: =ROUND(H23*E24,2) -> 0 | I24: =ROUND(I23*E24,2) -> 0 | J24: =ROUND(J23*E24,2) -> 0 | K24: =ROUND(K23*E24,2) -> 0 | L24: =SUM(F24:K24)+CRON1!L24 -> 34353.07 | M24: =L24-E24 -> 0
A25: =CRON1!A25 -> 4 | B25: =CRON1!B25 -> ÁREA 02 - RUA OTÁVIO SOARES | D25: Físico % | E25: =(E26/$E$56) -> 0 | L25: =SUM(F25:K25)+CRON1!L25 -> 0
D26: Financeiro | E26: =CRON1!E26 -> 0 | F26: =ROUND(F25*E26,2) -> 0 | G26: =ROUND(G25*E26,2) -> 0 | H26: =ROUND(H25*E26,2) -> 0 | I26: =ROUND(I25*E26,2) -> 0 | J26: =ROUND(J25*E26,2) -> 0 | K26: =ROUND(K25*E26,2) -> 0 | L26: =SUM(F26:K26)+CRON1!L26 -> 0 | M26: =L26-E26 -> 0
A27: =CRON1!A27 -> 4.1 | B27: =CRON1!B27 -> DEMOLIÇÕES E REMOÇÕES | D27: Físico % | E27: =(E28/$E$56) -> 0.013044395 | L27: =SUM(F27:K27)+CRON1!L27 -> 1
D28: Financeiro | E28: =CRON1!E28 -> 2216.75 | F28: =ROUND(F27*E28,2) -> 0 | G28: =ROUND(G27*E28,2) -> 0 | H28: =ROUND(H27*E28,2) -> 0 | I28: =ROUND(I27*E28,2) -> 0 | J28: =ROUND(J27*E28,2) -> 0 | K28: =ROUND(K27*E28,2) -> 0 | L28: =SUM(F28:K28)+CRON1!L28 -> 2216.75 | M28: =L28-E28 -> 0
D29: Físico % | E29: =(E30/$E$56) -> 0 | L29: =SUM(F29:K29)+CRON1!L29 -> 1
D30: Financeiro | F30: =ROUND(F29*E30,2) -> 0 | G30: =ROUND(G29*E30,2) -> 0 | H30: =ROUND(H29*E30,2) -> 0 | I30: =ROUND(I29*E30,2) -> 0 | J30: =ROUND(J29*E30,2) -> 0 | K30: =ROUND(K29*E30,2) -> 0 | L30: =SUM(F30:K30)+CRON1!L30 -> 510431.92 | M30: =L30-E30 -> 510431.92
D31: Físico % | E31: =(E32/$E$56) -> 0 | L31: =SUM(F31:K31)+CRON1!L31 -> 1
D32: Financeiro | F32: =ROUND(F31*E32,2) -> 0 | G32: =ROUND(G31*E32,2) -> 0 | H32: =ROUND(H31*E32,2) -> 0 | I32: =ROUND(I31*E32,2) -> 0 | J32: =ROUND(J31*E32,2) -> 0 | K32: =ROUND(K31*E32,2) -> 0 | L32: =SUM(F32:K32)+CRON1!L32 -> 13086.74 | M32: =L32-E32 -> 13086.74
D33: Físico % | E33: =(E34/$E$56) -> 0 | L33: =SUM(F33:K33)+CRON1!L33 -> 1
D34: Financeiro | F34: =ROUND(F33*E34,2) -> 0 | G34: =ROUND(G33*E34,2) -> 0 | H34: =ROUND(H33*E34,2) -> 0 | I34: =ROUND(I33*E34,2) -> 0 | J34: =ROUND(J33*E34,2) -> 0 | K34: =ROUND(K33*E34,2) -> 0 | L34: =SUM(F34:K34)+CRON1!L34 -> 148796.9 | M34: =L34-E34 -> 148796.9
D35: Físico % | E35: =(E36/$E$56) -> 0 | L35: =SUM(F35:K35)+CRON1!L35 -> 0
D36: Financeiro | F36: =ROUND(F35*E36,2) -> 0 | G36: =ROUND(G35*E36,2) -> 0 | H36: =ROUND(H35*E36,2) -> 0 | I36: =ROUND(I35*E36,2) -> 0 | J36: =ROUND(J35*E36,2) -> 0 | K36: =ROUND(K35*E36,2) -> 0 | L36: =SUM(F36:K36)+CRON1!L36 -> 0 | M36: =L36-E36 -> 0
D37: Físico % | E37: =(E38/$E$56) -> 0 | L37: =SUM(F37:K37)+CRON1!L37 -> 0
D38: Financeiro | F38: =ROUND(F37*E38,2) -> 0 | G38: =ROUND(G37*E38,2) -> 0 | H38: =ROUND(H37*E38,2) -> 0 | I38: =ROUND(I37*E38,2) -> 0 | J38: =ROUND(J37*E38,2) -> 0 | K38: =ROUND(K37*E38,2) -> 0 | L38: =SUM(F38:K38)+CRON1!L38 -> 0 | M38: =L38-E38 -> 0
D39: Físico % | E39: =(E40/$E$56) -> 0 | L39: =SUM(F39:K39)+CRON1!L39 -> 0
D40: Financeiro | F40: =ROUND(F39*E40,2) -> 0 | G40: =ROUND(G39*E40,2) -> 0 | H40: =ROUND(H39*E40,2) -> 0 | I40: =ROUND(I39*E40,2) -> 0 | J40: =ROUND(J39*E40,2) -> 0 | K40: =ROUND(K39*E40,2) -> 0 | L40: =SUM(F40:K40)+CRON1!L40 -> 0 | M40: =L40-E40 -> 0
D41: Físico % | E41: =(E42/$E$56) -> 0 | L41: =SUM(F41:K41)+CRON1!L41 -> 0
D42: Financeiro | F42: =ROUND(F41*E42,2) -> 0 | G42: =ROUND(G41*E42,2) -> 0 | H42: =ROUND(H41*E42,2) -> 0 | I42: =ROUND(I41*E42,2) -> 0 | J42: =ROUND(J41*E42,2) -> 0 | K42: =ROUND(K41*E42,2) -> 0 | L42: =SUM(F42:K42)+CRON1!L42 -> 0 | M42: =L42-E42 -> 0
D43: Físico % | E43: =(E44/$E$56) -> 0 | L43: =SUM(F43:K43)+CRON1!L43 -> 0
D44: Financeiro | F44: =ROUND(F43*E44,2) -> 0 | G44: =ROUND(G43*E44,2) -> 0 | H44: =ROUND(H43*E44,2) -> 0 | I44: =ROUND(I43*E44,2) -> 0 | J44: =ROUND(J43*E44,2) -> 0 | K44: =ROUND(K43*E44,2) -> 0 | L44: =SUM(F44:K44)+CRON1!L44 -> 0 | M44: =L44-E44 -> 0
D45: Físico % | E45: =(E46/$E$56) -> 0 | L45: =SUM(F45:K45)+CRON1!L45 -> 0
D46: Financeiro | F46: =ROUND(F45*E46,2) -> 0 | G46: =ROUND(G45*E46,2) -> 0 | H46: =ROUND(H45*E46,2) -> 0 | I46: =ROUND(I45*E46,2) -> 0 | J46: =ROUND(J45*E46,2) -> 0 | K46: =ROUND(K45*E46,2) -> 0 | L46: =SUM(F46:K46)+CRON1!L46 -> 0 | M46: =L46-E46 -> 0
D47: Físico % | E47: =(E48/$E$56) -> 0 | L47: =SUM(F47:K47)+CRON1!L47 -> 0
D48: Financeiro | F48: =ROUND(F47*E48,2) -> 0 | G48: =ROUND(G47*E48,2) -> 0 | H48: =ROUND(H47*E48,2) -> 0 | I48: =ROUND(I47*E48,2) -> 0 | J48: =ROUND(J47*E48,2) -> 0 | K48: =ROUND(K47*E48,2) -> 0 | L48: =SUM(F48:K48)+CRON1!L48 -> 0 | M48: =L48-E48 -> 0
D49: Físico % | E49: =(E50/$E$56) -> 0 | L49: =SUM(F49:K49)+CRON1!L49 -> 0
D50: Financeiro | F50: =ROUND(F49*E50,2) -> 0 | G50: =ROUND(G49*E50,2) -> 0 | H50: =ROUND(H49*E50,2) -> 0 | I50: =ROUND(I49*E50,2) -> 0 | J50: =ROUND(J49*E50,2) -> 0 | K50: =ROUND(K49*E50,2) -> 0 | L50: =SUM(F50:K50)+CRON1!L50 -> 0 | M50: =L50-E50 -> 0
D51: Físico % | E51: =(E52/$E$56) -> 0 | L51: =SUM(F51:K51)+CRON1!L51 -> 0
D52: Financeiro | F52: =ROUND(F51*E52,2) -> 0 | G52: =ROUND(G51*E52,2) -> 0 | H52: =ROUND(H51*E52,2) -> 0 | I52: =ROUND(I51*E52,2) -> 0 | J52: =ROUND(J51*E52,2) -> 0 | K52: =ROUND(K51*E52,2) -> 0 | L52: =SUM(F52:K52)+CRON1!L52 -> 0 | M52: =L52-E52 -> 0
D53: Físico % | E53: =(E54/$E$56) -> 0 | L53: =SUM(F53:K53)+CRON1!L53 -> 0
D54: Financeiro | F54: =ROUND(F53*E54,2) -> 0 | G54: =ROUND(G53*E54,2) -> 0 | H54: =ROUND(H53*E54,2) -> 0 | I54: =ROUND(I53*E54,2) -> 0 | J54: =ROUND(J53*E54,2) -> 0 | K54: =ROUND(K53*E54,2) -> 0 | L54: =SUM(F54:K54)+CRON1!L54 -> 0 | M54: =L54-E54 -> 0
A55: TOTAL | D55: Físico % | E55: =E7+E9+E11+E13+E15+E17+E19+E21+E23+E25+E27+E29+E31+E33+E35+E37+E39+E41+E43+E45+E47+E49+E51+E53 -> 1 | F55: =ROUND(F56/$E$56,4) -> 0 | G55: =ROUND(G56/$E$56,4) -> 0 | H55: =ROUND(H56/$E$56,4) -> 0 | I55: =ROUND(I56/$E$56,4) -> 0 | J55: =ROUND(J56/$E$56,4) -> 0 | K55: =ROUND(K56/$E$56,4) -> 0 | L55: =F55+G55+H55+I55+J55+K55+CRON1!L55 -> 1
D56: Financeiro | E56: =E8+E10+E12+E14+E16+E18+E20+E22+E24+E26+E28+E30+E32+E34+E36+E38+E40+E42+E44+E46+E48+E50+E52+E54 -> 169938.89 | F56: =F8+F10+F12+F14+F16+F18+F20+F22+F24+F26+F28+F30+F32+F34+F36+F38+F40+F42+F44+F46+F48+F50+F52+F54 -> 0 | G56: =G8+G10+G12+G14+G16+G18+G20+G22+G24+G26+G28+G30+G32+G34+G36+G38+G40+G42+G44+G46+G48+G50+G52+G54 -> 0 | H56: =H8+H10+H12+H14+H16+H18+H20+H22+H24+H26+H28+H30+H32+H34+H36+H38+H40+H42+H44+H46+H48+H50+H52+H54 -> 0 | I56: =I8+I10+I12+I14+I16+I18+I20+I22+I24+I26+I28+I30+I32+I34+I36+I38+I40+I42+I44+I46+I48+I50+I52+I54 -> 0 | J56: =J8+J10+J12+J14+J16+J18+J20+J22+J24+J26+J28+J30+J32+J34+J36+J38+J40+J42+J44+J46+J48+J50+J52+J54 -> 0 | K56: =K8+K10+K12+K14+K16+K18+K20+K22+K24+K26+K28+K30+K32+K34+K36+K38+K40+K42+K44+K46+K48+K50+K52+K54 -> 0 | L56: =F56+G56+H56+I56+J56+K56+CRON1!L56 -> 842254.45 | M56: =L56-E56 -> 672315.56
B58: Eng. Civil WILSON DIAS DA FONSECA JÚNIOR | G58: 61/924 / D
B59: Carimbo e assinatura do engenheiro responsável técnico pela elaboração do cronograma | G59: CREA
B62: Carimbo e assinatura do prefeito
E64: =PLAN!H84 -> 842254.45

Sheet FOTOS
A2: RELATÓRIO FOTOGRÁFICO - ANTES DA LICITAÇÃO
A3: =PLAN!A3 -> OBRA: SERVIÇOS DE INFRAESTRUTURA | L3: =PLAN!H3 -> DATA: 21/09/26
A4: =PLAN!A4 -> LOCAL: ÁREAS PÚBLICAS MUNICIPAIS DE SANTA CRUZ DO ESCALVADO (MG)
C52: Eng. Civil WILSON DIAS DA FONSECA JÚNIOR | H52: 61.924 / D
C53: Carimbo e assinatura do engenheiro responsável técnico pela elaboração do cronograma | H53: CREA

Sheet BDI
A3: COMPOSIÇÃO ANALÍTICA DE LDI OU BDI
A5: Nº do Contrato de Repasse:
A6: Proponente:
A7: Empreendimento: | B7: =PLAN!A3 -> OBRA: SERVIÇOS DE INFRAESTRUTURA
A8: Tipo de Obra: | B8: Construção de Rodovias (Pavimentação Urbana) | F8: =IF(B8<>"","OK","PREENCHER") -> OK
A9: Base de Cálculo do ISS da Prefeitura: | B9: 0.6 | F9: =IF(B9<>"","OK","PREENCHER") -> OK
A10: Orçamento Desonerado? (Sim ou Não) | B10: SIM | F10: =IF(B10<>"","OK","PREENCHER") -> OK
A12: DESCRIÇÃO | B12: VALORES DE REFERÊNCIA - % | E12: BDI ADOTADO - %
B13: (1° Quartil) | C13: MÉDIA | D13: (3° Quartil)
A14: Administração Central | B14: =IF(ISERROR(VLOOKUP($B$8,'[2]Base dados - TCU 2622_2013'!$A$7:$V$14,2,)),"",VLOOKUP($B$8,'[2]Base dados - TCU 2622_2013'!$A$7:$V$14,2,)) -> 3.8 | C14: =IF(ISERROR(VLOOKUP($B$8,'[2]Base dados - TCU 2622_2013'!$A$7:$V$14,3,)),"",VLOOKUP($B$8,'[2]Base dados - TCU 2622_2013'!$A$7:$V$14,3,)) -> 4.01 | D14: =IF(ISERROR(VLOOKUP($B$8,'[2]Base dados - TCU 2622_2013'!$A$7:$V$14,4,)),"",VLOOKUP($B$8,'[2]Base dados - TCU 2622_2013'!$A$7:$V$14,4,)) -> 4.67 | E14: 4.01 | F14: =IF(AND(E14>=B14,E14<=D14),"OK","PREENCHER") -> OK
A15: Seguros e Garantias (*) | B15: =IF(ISERROR(VLOOKUP($B$8,'[2]Base dados - TCU 2622_2013'!$A$7:$V$14,5,)),"",VLOOKUP($B$8,'[2]Base dados - TCU 2622_2013'!$A$7:$V$14,5,)) -> 0.32 | C15: =IF(ISERROR(VLOOKUP($B$8,'[2]Base dados - TCU 2622_2013'!$A$7:$V$14,6,)),"",VLOOKUP($B$8,'[2]Base dados - TCU 2622_2013'!$A$7:$V$14,6,)) -> 0.4 | D15: =IF(ISERROR(VLOOKUP($B$8,'[2]Base dados - TCU 2622_2013'!$A$7:$V$14,7,)),"",VLOOKUP($B$8,'[2]Base dados - TCU 2622_2013'!$A$7:$V$14,7,)) -> 0.74 | E15: 0.4 | F15: =IF(AND(E15>=B15,E15<=D15),"OK","PREENCHER") -> OK
A16: Riscos | B16: =IF(ISERROR(VLOOKUP($B$8,'[2]Base dados - TCU 2622_2013'!$A$7:$V$14,8,)),"",VLOOKUP($B$8,'[2]Base dados - TCU 2622_2013'!$A$7:$V$14,8,)) -> 0.5 | C16: =IF(ISERROR(VLOOKUP($B$8,'[2]Base dados - TCU 2622_2013'!$A$7:$V$14,6,)),"",VLOOKUP($B$8,'[2]Base dados - TCU 2622_2013'!$A$7:$V$14,9,)) -> 0.56 | D16: =IF(ISERROR(VLOOKUP($B$8,'[2]Base dados - TCU 2622_2013'!$A$7:$V$14,7,)),"",VLOOKUP($B$8,'[2]Base dados - TCU 2622_2013'!$A$7:$V$14,10,)) -> 0.97 | E16: 0.56 | F16: =IF(AND(E16>=B16,E16<=D16),"OK","PREENCHER") -> OK
A17: Despesas Financeiras | B17: =IF(ISERROR(VLOOKUP($B$8,'[2]Base dados - TCU 2622_2013'!$A$7:$V$14,11,)),"",VLOOKUP($B$8,'[2]Base dados - TCU 2622_2013'!$A$7:$V$14,11,)) -> 1.02 | C17: =IF(ISERROR(VLOOKUP($B$8,'[2]Base dados - TCU 2622_2013'!$A$7:$V$14,12,)),"",VLOOKUP($B$8,'[2]Base dados - TCU 2622_2013'!$A$7:$V$14,12,)) -> 1.11 | D17: =IF(ISERROR(VLOOKUP($B$8,'[2]Base dados - TCU 2622_2013'!$A$7:$V$14,13,)),"",VLOOKUP($B$8,'[2]Base dados - TCU 2622_2013'!$A$7:$V$14,13,)) -> 1.21 | E17: 1.11 | F17: =IF(AND(E17>=B17,E17<=D17),"OK","PREENCHER") -> OK
A18: Lucro | B18: =IF(ISERROR(VLOOKUP($B$8,'[2]Base dados - TCU 2622_2013'!$A$7:$V$14,14,)),"",VLOOKUP($B$8,'[2]Base dados - TCU 2622_2013'!$A$7:$V$14,14,)) -> 6.64 | C18: =IF(ISERROR(VLOOKUP($B$8,'[2]Base dados - TCU 2622_2013'!$A$7:$V$14,15,)),"",VLOOKUP($B$8,'[2]Base dados - TCU 2622_2013'!$A$7:$V$14,15,)) -> 7.3 | D18: =IF(ISERROR(VLOOKUP($B$8,'[2]Base dados - TCU 2622_2013'!$A$7:$V$14,16,)),"",VLOOKUP($B$8,'[2]Base dados - TCU 2622_2013'!$A$7:$V$14,16,)) -> 8.69 | E18: 7.3 | F18: =IF(AND(E18>=B18,E18<=D18),"OK","PREENCHER") -> OK
A19: COFINS | B19: =IF(ISERROR(VLOOKUP($B$8,'[2]Base dados - TCU 2622_2013'!$A$7:$V$14,17,)),"",VLOOKUP($B$8,'[2]Base dados - TCU 2622_2013'!$A$7:$V$14,17,)) -> 3 | C19: =IF(ISERROR(VLOOKUP($B$8,'[2]Base dados - TCU 2622_2013'!$A$7:$V$14,17,)),"",VLOOKUP($B$8,'[2]Base dados - TCU 2622_2013'!$A$7:$V$14,17,)) -> 3 | D19: =IF(ISERROR(VLOOKUP($B$8,'[2]Base dados - TCU 2622_2013'!$A$7:$V$14,17,)),"",VLOOKUP($B$8,'[2]Base dados - TCU 2622_2013'!$A$7:$V$14,17,)) -> 3 | E19: 3 | F19: =IF(AND(E19>=B19,E19<=D19),"OK","PREENCHER") -> OK
A20: PIS | B20: =IF(ISERROR(VLOOKUP($B$8,'[2]Base dados - TCU 2622_2013'!$A$7:$V$14,18,)),"",VLOOKUP($B$8,'[2]Base dados - TCU 2622_2013'!$A$7:$V$14,18,)) -> 0.65 | C20: =IF(ISERROR(VLOOKUP($B$8,'[2]Base dados - TCU 2622_2013'!$A$7:$V$14,18,)),"",VLOOKUP($B$8,'[2]Base dados - TCU 2622_2013'!$A$7:$V$14,18,)) -> 0.65 | D20: =IF(ISERROR(VLOOKUP($B$8,'[2]Base dados - TCU 2622_2013'!$A$7:$V$14,18,)),"",VLOOKUP($B$8,'[2]Base dados - TCU 2622_2013'!$A$7:$V$14,18,)) -> 0.65 | E20: 0.65 | F20: =IF(AND(E20>=B20,E20<=D20),"OK","PREENCHER") -> OK
A21: ISS (**) | B21: =IF(ISERROR(VLOOKUP($B$8,'[2]Base dados - TCU 2622_2013'!$A$7:$V$14,19,)),"",VLOOKUP($B$8,'[2]Base dados - TCU 2622_2013'!$A$7:$V$14,19,)) -> 2 | C21: =IF(ISERROR(VLOOKUP($B$8,'[2]Base dados - TCU 2622_2013'!$A$7:$V$14,20,)),"",VLOOKUP($B$8,'[2]Base dados - TCU 2622_2013'!$A$7:$V$14,20,)) -> 3.5 | D21: =IF(ISERROR(VLOOKUP($B$8,'[2]Base dados - TCU 2622_2013'!$A$7:$V$14,21,)),"",VLOOKUP($B$8,'[2]Base dados - TCU 2622_2013'!$A$7:$V$14,21,)) -> 5 | E21: 3 | F21: =IF(AND(E21>=B21,E21<=D21),"OK","PREENCHER") -> OK
A22: =IF(B10="sim","CPRB - Alíquota 4,5% Receita Bruta (Desoneração)","") -> CPRB - Alíquota 4,5% Receita Bruta (Desoneração) | B22: =IF($A$22="CPRB - Alíquota 4,5% Receita Bruta (Desoneração)",4.5,IF($B$10="","Preencher cabeçalho",0)) -> 4.5 | C22: =IF($A$22="CPRB - Alíquota 4,5% Receita Bruta (Desoneração)",4.5,IF($B$10="","Preencher cabeçalho",0)) -> 4.5 | D22: =IF($A$22="CPRB - Alíquota 4,5% Receita Bruta (Desoneração)",4.5,IF($B$10="","Preencher cabeçalho",0)) -> 4.5 | E22: =IF(B10="SIM",4.5,0) -> 4.5 | F22: =IF(AND(E22>=B22,E22<=D22),"OK","PREENCHER") -> OK
A23: LIMITE BDI C/ DESONERAÇÃO | B23: =IF($B$10="SIM",E28,"") -> 25.57668 | C23: =IF($B$10="SIM",J27,"") -> 27.015142 | D23: =IF($B$10="SIM",L27,"") -> 30.438051 | E23: =IF(B10="SIM",IF(G23<12,"PREENCHER CÉLULAS RESTANTES",((((1+E14/100+E15/100+E16/100)*(1+E17/100)*(1+E18/100))/(1-((E19+E20+E21*$B$9+E22)/100))-1)*100)),"") -> 26.466446 | G23: =COUNTIF(F8:F22,"OK") -> 12
A24: LIMITE BDI S/ DESONERAÇÃO | B24: =IF(B8<>"",VLOOKUP($B$8,'[2]Base dados - TCU 2622_2013'!$A$7:$Y$14,23,),"") -> 19.6 | C24: =IF(B8<>"",VLOOKUP($B$8,'[2]Base dados - TCU 2622_2013'!$A$7:$Y$14,24,),"") -> 20.97 | D24: =IF(B8<>"",VLOOKUP($B$8,'[2]Base dados - TCU 2622_2013'!$A$7:$Y$14,25,),"") -> 24.23 | E24: =IF(B10="NÃO",IF(G23<12,"PREENCHER CÉLULAS RESTANTES",((((1+E14/100+E15/100+E16/100)*(1+E17/100)*(1+E18/100))/(1-((E19+E20+E21*$B$9)/100))-1)*100)),"") | F24: =IF(E26="ERRADO","BDI EXTRAPOLA A MAIS OU A MENOS OS LIMITES DO BDI ESTABELECIDOS PELO TCYU ACÓRDÃO 2622/2013","")
A25: Fonte da composição, valores de referência e fórmula do BDI: Acórdão 2622/2013-TCU-Plenário
A26: Desoneração: Lei n°13.161/2015 | D26: Verificação do BDI: | E26: =IF(B10="NÃO",(IF(E24>D24,"INADEQUADO",IF(E24<B24,"INADEQUADO","OK"))),IF(B10="SIM",(IF(E23>D23,"INADEQUADO",IF(E23<B23,"INADEQUADO","OK"))),"")) -> OK | F26: BDI S/ DESN
D27: =IF(B10="SIM","BDI s/ desoneração:","") -> BDI s/ desoneração: | E27: =IF(B10="SIM",((((1+E14/100+E15/100+E16/100)*(1+E17/100)*(1+E18/100))/(1-((E19+E20+E21*$B$9)/100))-1)*100),"") -> 20.447418 | F27: BDI C/ DESN | I27: =VLOOKUP($B$8,'[2]Base dados - TCU 2622_2013'!$A$7:$Y$14,23,) -> 19.6 | J27: =((1+K27/100)*(((0.045/(0.9185-$E$21/100*$B$9))+1))-1)*100 -> 27.015142 | K27: =VLOOKUP($B$8,'[2]Base dados - TCU 2622_2013'!$A$7:$Y$14,24,) -> 20.97 | L27: =((1+M27/100)*(((0.045/(0.9185-$E$21/100*$B$9))+1))-1)*100 -> 30.438051 | M27: =VLOOKUP($B$8,'[2]Base dados - TCU 2622_2013'!$A$7:$Y$14,25,) -> 24.23
A28: Os valores de BDI acima foram calculados com emprego da fórmula abaixo: | E28: =((1+I27/100)*(((0.045/(0.9185-$E$21/100*$B$9))+1))-1)*100 -> 25.57668 | J28: =((1+K27/100)*(0.9635-$E$21*$B$9/100)/(0.9435-$E$22*$B$9/100)-1)*100 -> 24.797747 | L28: =((1+M27/100)*(0.9635-$E$21*$B$9/100)/(0.9435-$E$22*$B$9/100)-1)*100 -> 28.1609
E29: =((1+I27/100)*(0.9635-$E$21*$B$9/100)/(0.9185-$E$22*$B$9/100)-1)*100 -> 26.84442
A33: Onde:
A34: AC = taxa de rateio da Administração Central;
A35: DF = taxa das despesas financeiras;
A36: R, S, G = taxa de risco, seguro e garantia do empreendimento;
A37: I = taxa de tributos (Onerado: I = COFINS+PIS+ISS / Desonerado: I = COFINS+PIS+ISS+CPRB);
A38: L = taxa de lucro.
A40: =CONCATENATE("Declaro para os devidos fins que, conforme legislação tributária municipal, a base de cálculo do ISS para ",B8," é de ",B9*100,"%, com a respectiva alíquota de ",E21,"%. Declaramos ainda que adotamos orçamento ",IF(B10="SIM","Com Desoneração",IF(B10="NÃO","Sem Desoneração",""))," e que esta é a alternativa mais adequada para a Administração Pública.") -> Declaro para os devidos fins que, conforme legislação tributária municipal, a base de cálculo do ISS para Construção de Rodovias (Pavimentação Urbana) é de 60%, com a respectiva alíquota de 3%. Declaramos ainda que adotamos orçamento Com Desoneração e que esta é a alternativa mais adequada para a Administração Pública.
A45: Profissional: WILSON DIAS DA FONSECA JR. | C45: Resp. Tomador:
A46: CREA: 61.924/D | C46: Cargo:

Sheet BDI-Dados
A1: Sigla S/N
A2: SIM
A3: NÃO
B5: AC | E5: SG | H5: R | K5: DF | N5: L | Q5: COFINS | R5: PIS | S5: ISS | V5: DESON. | W5: LIMITE BDI
A6: Sigla Obras | B6: MÍN | C6: MED | D6: MAX | E6: MÍN | F6: MED | G6: MAX | H6: MÍN | I6: MED | J6: MAX | K6: MÍN | L6: MED | M6: MAX | N6: MÍN | O6: MED | P6: MAX | S6: MÍN | T6: MED | U6: MAX | W6: MÍN | X6: MED | Y6: MAX
A7: Construção de Edifícios e Reformas (Quadras, unidades habitacionais, escolas, restaurantes, etc) | B7: 3 | C7: 4 | D7: 5.5 | E7: 0.8 | F7: 0.8 | G7: 1 | H7: 0.97 | I7: 1.27 | J7: 1.27 | K7: 0.59 | L7: 1.23 | M7: 1.39 | N7: 6.16 | O7: 7.4 | P7: 8.96 | Q7: 3 | R7: 0.65 | S7: 2 | T7: =(S7+U7)/2 -> 3.5 | U7: 5 | V7: 2 | W7: 20.34 | X7: 22.12 | Y7: 25
A8: Construção de Praças | B8: 3.8 | C8: 4.01 | D8: 4.67 | E8: 0.32 | F8: 0.4 | G8: 0.74 | H8: 0.5 | I8: 0.56 | J8: 0.97 | K8: 1.02 | L8: 1.11 | M8: 1.21 | N8: 6.64 | O8: 7.3 | P8: 8.69 | Q8: 3 | R8: 0.65 | S8: 2 | T8: =(S8+U8)/2 -> 3.5 | U8: 5 | V8: 2 | W8: 19.6 | X8: 20.97 | Y8: 24.23
A9: Construção de Rodovias (Pavimentação Urbana) | B9: 3.8 | C9: 4.01 | D9: 4.67 | E9: 0.32 | F9: 0.4 | G9: 0.74 | H9: 0.5 | I9: 0.56 | J9: 0.97 | K9: 1.02 | L9: 1.11 | M9: 1.21 | N9: 6.64 | O9: 7.3 | P9: 8.69 | Q9: 3 | R9: 0.65 | S9: 2 | T9: =(S9+U9)/2 -> 3.5 | U9: 5 | V9: 2 | W9: 19.6 | X9: 20.97 | Y9: 24.23
A10: Construção de Ferrovias | B10: 3.8 | C10: 4.01 | D10: 4.67 | E10: 0.32 | F10: 0.4 | G10: 0.74 | H10: 0.5 | I10: 0.56 | J10: 0.97 | K10: 1.02 | L10: 1.11 | M10: 1.21 | N10: 6.64 | O10: 7.3 | P10: 8.69 | Q10: 3 | R10: 0.65 | S10: 2 | T10: =(S10+U10)/2 -> 3.5 | U10: 5 | V10: 2 | W10: 19.6 | X10: 20.97 | Y10: 24.23
A11: Construção de Redes de Abastecimento de Água, Coleta de Esgoto e Construções Correlatas | B11: 3.43 | C11: 4.93 | D11: 6.71 | E11: 0.28 | F11: 0.49 | G11: 0.75 | H11: 1 | I11: 1.39 | J11: 1.74 | K11: 0.94 | L11: 0.99 | M11: 1.17 | N11: 6.74 | O11: 8.04 | P11: 9.4 | Q11: 3 | R11: 0.65 | S11: 2 | T11: =(S11+U11)/2 -> 3.5 | U11: 5 | V11: 2 | W11: 20.76 | X11: 24.18 | Y11: 26.44
A12: Construção e Manutenção de Estações e Redes de Distribuição de Energia Elétrica | B12: 5.29 | C12: 5.92 | D12: 7.93 | E12: 0.25 | F12: 0.51 | G12: 0.56 | H12: 1 | I12: 1.48 | J12: 1.97 | K12: 1.01 | L12: 1.07 | M12: 1.11 | N12: 8 | O12: 8.31 | P12: 9.51 | Q12: 3 | R12: 0.65 | S12: 2 | T12: =(S12+U12)/2 -> 3.5 | U12: 5 | V12: 2 | W12: 24 | X12: 25.84 | Y12: 27.86
A13: Portuárias, Marítimas e Fluviais | B13: 4 | C13: 5.52 | D13: 7.85 | E13: 0.81 | F13: 1.22 | G13: 1.99 | H13: 1.46 | I13: 2.32 | J13: 3.16 | K13: 0.94 | L13: 1.02 | M13: 1.33 | N13: 7.14 | O13: 8.4 | P13: 10.43 | Q13: 3 | R13: 0.65 | S13: 2 | T13: =(S13+U13)/2 -> 3.5 | U13: 5 | V13: 2 | W13: 22.8 | X13: 27.48 | Y13: 30.95
A14: Fornecimento de Materiais e Equipamentos | B14: 1.5 | C14: 3.45 | D14: 4.49 | E14: 0.3 | F14: 0.48 | G14: 0.82 | H14: 0.56 | I14: 0.85 | J14: 0.89 | K14: 0.85 | L14: 0.85 | M14: 1.11 | N14: 3.5 | O14: 5.11 | P14: 6.22 | Q14: 3 | R14: 0.65 | S14: 2 | T14: =(S14+U14)/2 -> 3.5 | U14: 5 | V14: 2 | W14: 11.1 | X14: 14.02 | Y14: 16.8

Sheet BM 01
A2: PLANILHA PARA ACOMPANHAMENTO DE MEDIÇÕES | M2: BOLETIM n°: | O2: 01
A3: EMPRESA: | C3: CONSTRUTORA SANCARLOS LTDA | M3: DATA INICIAL: | N3: ordem de serviço
A4: =PLAN!A3 -> OBRA: SERVIÇOS DE INFRAESTRUTURA | M4: DATA FINAL: | N4: 46244
A5: =PLAN!A4 -> LOCAL: ÁREAS PÚBLICAS MUNICIPAIS DE SANTA CRUZ DO ESCALVADO (MG) | M5: DATA MEDIÇÃO:
A6: LICITAÇÃO: Processo Licitatório nº 115/2026 - Concorrência nº 028/2026 - Contrato nº 028/2026 | I6: REGIME DE EXECUÇÃO: INDIRETO | K6: ORÇAMENTO: DESONERADO | M6: BDI ADOTADO: | N6: =PLAN!H6 -> 0.2647 | P6: =G65 -> #REF!
A7: ITEM | B7: CÓDIGO | C7: DESCRIÇÃO DOS SERVIÇOS | D7: UNID | E7: QUANT. TOTAL | F7: PREÇO UNIT. | G7: VALOR TOTAL | H7: QUANTIDADE ACUMULADA ANTERIOR | I7: QUANTIDADE MEDIDA | J7: QUANTIDADE ACUMULADA | K7: SALDO DE QUANTITATIVO | L7: VALOR MEDIDO | M7: VALOR ACUMULADO | N7: PERCENTUAL ACUMULADO | O7: SALDO FINANCEIRO POR ITEM | Q7: 0.2689
A8: =PLAN!A8 -> 1 | C8: =PLAN!C8 -> ADMINISTRAÇÃO LOCAL | D8: =PLAN!D8 -> 0
A9: =PLAN!A9 -> 1.1 | C9: =PLAN!C9 -> ENCARREGADO GERAL DE OBRAS COM ENCARGOS COMPLEMENTARES | D9: =PLAN!D9 -> MÊS | E9: =PLAN!E9 -> 2.18 | F9: =PLAN!G9 -> 12293.01 | G9: =ROUND(E9*F9,2) -> 26798.76 | I9: 2.1818182 | J9: =I9+H9 -> 2.1818182 | K9: =E9-J9 -> -0.0018181818 | L9: =ROUND(I9*F9,2) -> 26821.11 | M9: =ROUND(J9*F9,2) -> 26821.11 | N9: =ROUND(M9/G9,4) -> 1.0008 | O9: =G9-M9 -> -22.35
A10: =PLAN!A10 -> 1.2 | C10: =PLAN!C10 -> TÉCNICO EM SEGURANÇA DO TRABALHO COM ENCARGOS COMPLEMENTARES | D10: =PLAN!D10 -> MÊS | E10: =PLAN!E10 -> 0.03 | F10: =PLAN!G10 -> 10433.19 | G10: =ROUND(E10*F10,2) -> 313 | I10: 0.027272727 | J10: =I10+H10 -> 0.027272727 | K10: =E10-J10 -> 0.0027272727 | L10: =ROUND(I10*F10,2) -> 284.54 | M10: =ROUND(J10*F10,2) -> 284.54 | N10: =ROUND(M10/G10,4) -> 0.9091 | O10: =G10-M10 -> 28.46
A11: =PLAN!A11 -> 1.3 | C11: =PLAN!C11 -> ENGENHEIRO CIVIL DE OBRA PLENO COM ENCARGOS COMPLEMENTARES | D11: =PLAN!D11 -> MÊS | E11: =PLAN!E11 -> 0.03 | F11: =PLAN!G11 -> 30092.51 | G11: =ROUND(E11*F11,2) -> 902.78 | I11: 0.054545455 | J11: =I11+H11 -> 0.054545455 | K11: =E11-J11 -> -0.024545455 | L11: =ROUND(I11*F11,2) -> 1641.41 | M11: =ROUND(J11*F11,2) -> 1641.41 | N11: =ROUND(M11/G11,4) -> 1.8182 | O11: =G11-M11 -> -738.63 | P11: =SUM(G9:G11) -> 28014.54 | Q11: =P11/G65 -> #REF!
A12: =PLAN!A12 -> 2 | C12: =PLAN!C12 -> SERVIÇOS PRELIMINARES | D12: =PLAN!D12 -> 0
A13: =PLAN!A13 -> 2.1 | C13: =PLAN!C13 -> FORNECIMENTO E COLOCAÇÃO DE PLACA DE OBRA EM CHAPA GALVANIZADA #26, ESP. 0,45 MM, PLOTADA COM ADESIVO VINÍLICO, AFIXADA C/ REBITES 4,8X40 MM, EM ESTRUTURA METÁLICA DE METALON 20X20 MM, ESP. 1,25 MM, INCL SUPORTE EM EUCALIPTO AUTOCLAVADO PINTADO COM TINTA PVA DUAS (2) DEMÃOS | D13: =PLAN!D13 -> M2 | E13: =PLAN!E13 -> 2 | F13: =PLAN!G13 -> 331.17 | G13: =ROUND(E13*F13,2) -> 662.34 | I13: 2 | J13: =I13+H13 -> 2 | K13: =E13-J13 -> 0 | L13: =ROUND(I13*F13,2) -> 662.34 | M13: =ROUND(J13*F13,2) -> 662.34 | N13: =ROUND(M13/G13,4) -> 1 | O13: =G13-M13 -> 0 | Q13: 0.02
A14: =PLAN!A14 -> 2.2 | C14: =PLAN!C14 -> MOBILIZAÇÃO E DESMOBILIZAÇÃO OBRA DISTANTE DE CENTRO URBANO OU REGIÃO LIMÍTROFE COM VALOR ATÉ 1.000.000,00 | D14: =PLAN!D14 -> % | E14: =PLAN!E14 -> 0.5 | F14: =PLAN!G14 -> 838064.13 | G14: =ROUND(E14*F14,2)/100 -> 4190.3207 | I14: 2 | J14: =I14+H14 -> 2 | K14: =E14-J14 -> -1.5 | L14: =ROUND(I14*F14,2)/100 -> 16761.283 | M14: =ROUND(J14*F14,2)/100 -> 16761.283 | N14: =ROUND(M14/G14,4) -> 4 | O14: =G14-M14 -> -12570.962 | P14: =SUM(G13:G14) -> 4852.6607 | Q14: =Q13*G65 -> #REF!
A15: =PLAN!A15 -> 3 | C15: =PLAN!C15 -> ÁREA 01 - RUA SAGRADOS CORAÇÕES
A16: =PLAN!A17 -> 3.1.1 | C16: =PLAN!C17 -> REMOÇÃO DE MEIO FIO PRÉ MOLDADO DE CONCRETO
A17: =PLAN!A19 -> 3.1.3 | C17: =PLAN!C19 -> TRANSPORTE DE MATERIAL DE QUALQUER NATUREZA COM CARRINHO DE MÃO, COM DISTÂNCIAS MENORES OU IGUAIS A 50M, INCLUSIVE CARGA/DESCARGA | D17: =PLAN!D19 -> M3 | E17: =PLAN!E19 -> 5.09 | F17: =PLAN!G19 -> 35.29 | G17: =ROUND(E17*F17,2) -> 179.63 | I17: 2250 | J17: =I17+H17 -> 2250 | K17: =E17-J17 -> -2244.91 | L17: =ROUND(I17*F17,2) -> 79402.5 | M17: =ROUND(J17*F17,2) -> 79402.5 | N17: =ROUND(M17/G17,4) -> 442.0336 | O17: =G17-M17 -> -79222.87
A18: =PLAN!A20 -> 3.1.4 | C18: =PLAN!C20 -> TRANSPORTE DE MATERIAL DE QUALQUER NATUREZA EM CAMINHÃO, DISTÂNCIA MAIOR QUE 1KM E MENOR OU IGUAL A 2KM, DENTRO DO PERÍMETRO URBANO, EXCLUSIVE CARGA, INCLUSIVE DESCARGA | D18: =PLAN!D20 -> M3xKM | E18: =PLAN!E20 -> 10.18 | F18: =PLAN!G20 -> 5.25 | G18: =ROUND(E18*F18,2) -> 53.45 | I18: 50 | J18: =I18+H18 -> 50 | K18: =E18-J18 -> -39.82 | L18: =ROUND(I18*F18,2) -> 262.5 | M18: =ROUND(J18*F18,2) -> 262.5 | N18: =ROUND(M18/G18,4) -> 4.9111 | O18: =G18-M18 -> -209.05
A19: =PLAN!#REF! -> #REF! | C19: =PLAN!#REF! -> #REF! | D19: =PLAN!#REF! -> #REF! | E19: =PLAN!#REF! -> #REF! | F19: =PLAN!#REF! -> #REF! | G19: =ROUND(E19*F19,2) -> #REF! | I19: 450 | J19: =I19+H19 -> 450 | K19: =E19-J19 -> #REF! | L19: =ROUND(I19*F19,2) -> #REF! | M19: =ROUND(J19*F19,2) -> #REF! | N19: =ROUND(M19/G19,4) -> #REF! | O19: =G19-M19 -> #REF!
A20: =PLAN!A21 -> 3.2 | C20: =PLAN!C21 -> EXECUÇÃO DE CANTEIROS | D20: =PLAN!D21 -> 0
A21: =PLAN!A22 -> 3.2.1 | C21: =PLAN!C22 -> ESCAVAÇÃO MANUAL DE VALA COM PROFUNDIDADE MENOR OU IGUAL A 1,5M, INCLUSIVE DESCARGA LATERAL | D21: =PLAN!D22 -> M3 | E21: =PLAN!E22 -> 1.77 | F21: =PLAN!G22 -> 101.76 | G21: =ROUND(E21*F21,2) -> 180.12 | I21: 80 | J21: =I21+H21 -> 80 | K21: =E21-J21 -> -78.23 | L21: =ROUND(I21*F21,2) -> 8140.8 | M21: =ROUND(J21*F21,2) -> 8140.8 | N21: =ROUND(M21/G21,4) -> 45.1965 | O21: =G21-M21 -> -7960.68
A22: =PLAN!A23 -> 3.2.2 | C22: =PLAN!C23 -> CINTA EM CONCRETO ARMADO | D22: =PLAN!D23 -> 0 | E22: =PLAN!E23 -> 0 | F22: =PLAN!G23 -> 0 | G22: =ROUND(E22*F22,2) -> 0 | I22: 240 | J22: =I22+H22 -> 240 | K22: =E22-J22 -> -240 | L22: =ROUND(I22*F22,2) -> 0 | M22: =ROUND(J22*F22,2) -> 0 | N22: =ROUND(M22/G22,4) -> #DIV/0! | O22: =G22-M22 -> 0
A23: =PLAN!A27 -> 3.2.2.4 | C23: =PLAN!C27 -> GUIA DE CORDÃO BOLEADO, EM CONCRETO COM FCK 20MPA, PRÉ MOLDADA, 10X10CM (ALTURA X LARGURA), INCLUSIVE UMA (1) FIADA DE BLOCO DE CONCRETO, ESP. 9CM, ESCAVAÇÃO, APILOAMENTO E TRANSPORTE COM RETIRADA DO MATERIAL ESCAVADO (EM CAÇAMBA) | D23: =PLAN!D27 -> M | E23: =PLAN!E27 -> 59 | F23: =PLAN!G27 -> 78.51 | G23: =ROUND(E23*F23,2) -> 4632.09 | I23: 11250 | J23: =I23+H23 -> 11250 | K23: =E23-J23 -> -11191 | L23: =ROUND(I23*F23,2) -> 883237.5 | M23: =ROUND(J23*F23,2) -> 883237.5 | N23: =ROUND(M23/G23,4) -> 190.678 | O23: =G23-M23 -> -878605.41
A24: =PLAN!A29 -> 3.3.1 | C24: =PLAN!C29 -> PLANTIO DE GRAMA ESMERALDA EM PLACAS, INCLUSIVE TERRA VEGETAL E CONSERVAÇÃO POR TRINTA (30) DIAS | D24: =PLAN!D29 -> M2 | E24: =PLAN!E29 -> 74.34 | F24: =PLAN!G29 -> 48.6 | G24: =ROUND(E24*F24,2) -> 3612.92 | I24: 562.5 | J24: =I24+H24 -> 562.5 | K24: =E24-J24 -> -488.16 | L24: =ROUND(I24*F24,2) -> 27337.5 | M24: =ROUND(J24*F24,2) -> 27337.5 | N24: =ROUND(M24/G24,4) -> 7.5666 | O24: =G24-M24 -> -23724.58
A25: =PLAN!A30 -> 3.3.2 | C25: =PLAN!C30 -> FORNECIMENTO DE ARBUSTO BELA EMÍLIA COM ALTURA MÍNIMA DE 15CM, EXCLUSIVE PLANTIO | D25: =PLAN!D30 -> UNID | E25: =PLAN!E30 -> 10 | F25: =PLAN!G30 -> 8.54 | G25: =ROUND(E25*F25,2) -> 85.4 | I25: 225 | J25: =I25+H25 -> 225 | K25: =E25-J25 -> -215 | L25: =ROUND(I25*F25,2) -> 1921.5 | M25: =ROUND(J25*F25,2) -> 1921.5 | N25: =ROUND(M25/G25,4) -> 22.5 | O25: =G25-M25 -> -1836.1
A26: =PLAN!#REF! -> #REF! | C26: =PLAN!#REF! -> #REF! | D26: =PLAN!#REF! -> #REF! | E26: =PLAN!#REF! -> #REF! | F26: =PLAN!#REF! -> #REF! | G26: =ROUND(E26*F26,2) -> #REF! | I26: 16875 | J26: =I26+H26 -> 16875 | K26: =E26-J26 -> #REF! | L26: =ROUND(I26*F26,2) -> #REF! | M26: =ROUND(J26*F26,2) -> #REF! | N26: =ROUND(M26/G26,4) -> #REF! | O26: =G26-M26 -> #REF!
A27: =PLAN!#REF! -> #REF! | C27: =PLAN!#REF! -> #REF! | D27: =PLAN!#REF! -> #REF!
A28: =PLAN!#REF! -> #REF! | C28: =PLAN!#REF! -> #REF! | D28: =PLAN!#REF! -> #REF! | E28: =PLAN!#REF! -> #REF! | F28: =PLAN!#REF! -> #REF! | G28: =ROUND(E28*F28,2) -> #REF! | I28: 200 | J28: =I28+H28 -> 200 | K28: =E28-J28 -> #REF! | L28: =ROUND(I28*F28,2) -> #REF! | M28: =ROUND(J28*F28,2) -> #REF! | N28: =ROUND(M28/G28,4) -> #REF! | O28: =G28-M28 -> #REF!
A29: =PLAN!#REF! -> #REF! | C29: =PLAN!#REF! -> #REF! | D29: =PLAN!#REF! -> #REF! | E29: =PLAN!#REF! -> #REF! | F29: =PLAN!#REF! -> #REF! | G29: =ROUND(E29*F29,2) -> #REF! | I29: 200 | J29: =I29+H29 -> 200 | K29: =E29-J29 -> #REF! | L29: =ROUND(I29*F29,2) -> #REF! | M29: =ROUND(J29*F29,2) -> #REF! | N29: =ROUND(M29/G29,4) -> #REF! | O29: =G29-M29 -> #REF!
A30: =PLAN!A70 -> 4.4 | C30: =PLAN!C70 -> DRENAGEM PLUVIAL | D30: =PLAN!D70 -> 0
A31: =PLAN!A74 -> 4.4.4 | C31: =PLAN!C74 -> ESCAVAÇÃO MECÂNICA DE VALAS COM PROFUNDIDADE MENOR OU IGUAL A 1,5M, INCLUSIVE CARGA EM CAMINHÃO, EXCLUSIVE TRANSPORTE E DESCARGA | D31: =PLAN!D74 -> M3 | E31: =PLAN!E74 -> 203.72 | F31: =PLAN!G74 -> 14.52 | G31: =ROUND(E31*F31,2) -> 2958.01 | I31: 8 | J31: =I31+H31 -> 8 | K31: =E31-J31 -> 195.72 | L31: =ROUND(I31*F31,2) -> 116.16 | M31: =ROUND(J31*F31,2) -> 116.16 | N31: =ROUND(M31/G31,4) -> 0.0393 | O31: =G31-M31 -> 2841.85
A32: =PLAN!#REF! -> #REF! | C32: =PLAN!#REF! -> #REF! | D32: =PLAN!#REF! -> #REF! | E32: =PLAN!#REF! -> #REF! | F32: =PLAN!#REF! -> #REF! | G32: =ROUND(E32*F32,2) -> #REF! | I32: 16 | J32: =I32+H32 -> 16 | K32: =E32-J32 -> #REF! | L32: =ROUND(I32*F32,2) -> #REF! | M32: =ROUND(J32*F32,2) -> #REF! | N32: =ROUND(M32/G32,4) -> #REF! | O32: =G32-M32 -> #REF!
A33: =PLAN!A76 -> 4.4.6 | C33: =PLAN!C76 -> APILOAMENTO DO FUNDO DE VALAS COM PLACA VIBRATÓRIA | D33: =PLAN!D76 -> M2 | E33: =PLAN!E76 -> 142.82 | F33: =PLAN!G76 -> 19.3 | G33: =ROUND(E33*F33,2) -> 2756.43 | I33: 41.6 | J33: =I33+H33 -> 41.6 | K33: =E33-J33 -> 101.22 | L33: =ROUND(I33*F33,2) -> 802.88 | M33: =ROUND(J33*F33,2) -> 802.88 | N33: =ROUND(M33/G33,4) -> 0.2913 | O33: =G33-M33 -> 1953.55
A34: =PLAN!A80 -> 4.4.10 | C34: =PLAN!C80 -> TUBO DE CONCRETO ARMADO, CLASSE PA1, DIÂMETRO DE 800MM, INCLUSIVE CARGA E DESCARGA MECÂNICA EM CAMINHÃO, ASSENTAMENTO E REJUNTAMENTO, EXCLUSIVE ESCAVAÇÃO E TRANSPORTE | D34: =PLAN!D80 -> M | E34: =PLAN!E80 -> 77 | F34: =PLAN!G80 -> 523.26 | G34: =ROUND(E34*F34,2) -> 40291.02 | I34: 32 | J34: =I34+H34 -> 32 | K34: =E34-J34 -> 45 | L34: =ROUND(I34*F34,2) -> 16744.32 | M34: =ROUND(J34*F34,2) -> 16744.32 | N34: =ROUND(M34/G34,4) -> 0.4156 | O34: =G34-M34 -> 23546.7
A35: =PLAN!A81 -> 4.4.11 | C35: =PLAN!C81 -> REATERRO COMPACTADO DE VALA COM EQUIPAMENTO PLACA VIBRATÓRIA | D35: =PLAN!D81 -> M3 | E35: =PLAN!E81 -> 148.76 | F35: =PLAN!G81 -> 63.96 | G35: =ROUND(E35*F35,2) -> 9514.69 | I35: 58.16 | J35: =I35+H35 -> 58.16 | K35: =E35-J35 -> 90.6 | L35: =ROUND(I35*F35,2) -> 3719.91 | M35: =ROUND(J35*F35,2) -> 3719.91 | N35: =ROUND(M35/G35,4) -> 0.391 | O35: =G35-M35 -> 5794.78
A36: =PLAN!A83 -> 4.4.13 | C36: =PLAN!C83 -> Boca de Lobo Simples combinada com grelha, quadro e cantoneira pré moldados de concreto BLS 01 areia e brita comerciais (Execução, incluindo escavação, fornecimento, carga e transporte de todos os materiais) (Caderno de Drenagem RT 01.47.d) | D36: =PLAN!D83 -> UNID | E36: =PLAN!E83 -> 8 | F36: =PLAN!G83 -> 1655.66 | G36: =ROUND(E36*F36,2) -> 13245.28 | I36: 8 | J36: =I36+H36 -> 8 | K36: =E36-J36 -> 0 | L36: =ROUND(I36*F36,2) -> 13245.28 | M36: =ROUND(J36*F36,2) -> 13245.28 | N36: =ROUND(M36/G36,4) -> 1 | O36: =G36-M36 -> 0
A37: =PLAN!#REF! -> #REF! | C37: =PLAN!#REF! -> #REF! | D37: =PLAN!#REF! -> #REF!
A38: =PLAN!#REF! -> #REF! | C38: =PLAN!#REF! -> #REF! | D38: =PLAN!#REF! -> #REF! | E38: =PLAN!#REF! -> #REF! | F38: =PLAN!#REF! -> #REF! | G38: =ROUND(E38*F38,2) -> #REF! | I38: 3.52 | J38: =I38+H38 -> 3.52 | K38: =E38-J38 -> #REF! | L38: =ROUND(I38*F38,2) -> #REF! | M38: =ROUND(J38*F38,2) -> #REF! | N38: =ROUND(M38/G38,4) -> #REF! | O38: =G38-M38 -> #REF!
A39: =PLAN!#REF! -> #REF! | C39: =PLAN!#REF! -> #REF! | D39: =PLAN!#REF! -> #REF! | E39: =PLAN!#REF! -> #REF! | F39: =PLAN!#REF! -> #REF! | G39: =ROUND(E39*F39,2) -> #REF! | I39: 21 | J39: =I39+H39 -> 21 | K39: =E39-J39 -> #REF! | L39: =ROUND(I39*F39,2) -> #REF! | M39: =ROUND(J39*F39,2) -> #REF! | N39: =ROUND(M39/G39,4) -> #REF! | O39: =G39-M39 -> #REF!
A40: =PLAN!#REF! -> #REF! | C40: =PLAN!#REF! -> #REF! | D40: =PLAN!#REF! -> #REF! | E40: =PLAN!#REF! -> #REF! | F40: =PLAN!#REF! -> #REF! | G40: =ROUND(E40*F40,2) -> #REF! | I40: 5.12 | J40: =I40+H40 -> 5.12 | K40: =E40-J40 -> #REF! | L40: =ROUND(I40*F40,2) -> #REF! | M40: =ROUND(J40*F40,2) -> #REF! | N40: =ROUND(M40/G40,4) -> #REF! | O40: =G40-M40 -> #REF!
A41: =PLAN!#REF! -> #REF! | C41: =PLAN!#REF! -> #REF! | D41: =PLAN!#REF! -> #REF!
A42: =PLAN!#REF! -> #REF! | C42: =PLAN!#REF! -> #REF! | D42: =PLAN!#REF! -> #REF! | E42: =PLAN!#REF! -> #REF! | F42: =PLAN!#REF! -> #REF! | G42: =ROUND(E42*F42,2) -> #REF! | I42: 25 | J42: =I42+H42 -> 25 | K42: =E42-J42 -> #REF! | L42: =ROUND(I42*F42,2) -> #REF! | M42: =ROUND(J42*F42,2) -> #REF! | N42: =ROUND(M42/G42,4) -> #REF! | O42: =G42-M42 -> #REF!
A43: =PLAN!#REF! -> #REF! | C43: =PLAN!#REF! -> #REF! | D43: =PLAN!#REF! -> #REF! | E43: =PLAN!#REF! -> #REF! | F43: =PLAN!#REF! -> #REF! | G43: =ROUND(E43*F43,2) -> #REF! | I43: 25 | J43: =I43+H43 -> 25 | K43: =E43-J43 -> #REF! | L43: =ROUND(I43*F43,2) -> #REF! | M43: =ROUND(J43*F43,2) -> #REF! | N43: =ROUND(M43/G43,4) -> #REF! | O43: =G43-M43 -> #REF!
A44: =PLAN!#REF! -> #REF! | C44: =PLAN!#REF! -> #REF! | D44: =PLAN!#REF! -> #REF! | E44: =PLAN!#REF! -> #REF! | F44: =PLAN!#REF! -> #REF! | G44: =ROUND(E44*F44,2) -> #REF! | I44: 50 | J44: =I44+H44 -> 50 | K44: =E44-J44 -> #REF! | L44: =ROUND(I44*F44,2) -> #REF! | M44: =ROUND(J44*F44,2) -> #REF! | N44: =ROUND(M44/G44,4) -> #REF! | O44: =G44-M44 -> #REF!
A65: TOTAL GERAL | G65: =SUM(G8:G64) -> #REF! | L65: =SUM(L8:L64) -> #REF! | M65: =SUM(M8:M64) -> #REF! | N65: =M65/G65 -> #REF! | O65: =SUM(O8:O64) -> #REF! | P65: =SUM(P7:P64) -> 32867.201
G66: TOTAL DA MEDIÇÃO | I66: =L65 -> #REF! | J66: {=ValorPorExtenso(I66)} -> valor inválido
D70: WILSON DIAS FONSECA JR. | H70: FERNANDO HENRIQUE DE SOUZA | L70: FERNANDO HENRIQUE DE SOUZA
D71: Eng. Civil - CREA 61.924 / D | H71: Eng. Civil - CREA MG 201.599/D | L71: Sócio-proprietário
D72: Engenheiro Responsável pela FISCALIZAÇÃO | H72: Engenheiro Responsável pela OBRA | L72: =C3 -> CONSTRUTORA SANCARLOS LTDA
I73: =L65/G65 -> #REF! | J73: =O65/G65 -> #REF!
I74: 1

Sheet BM 01-Fot
A2: RELATÓRIO FOTOGRÁFICO DA MEDIÇÃO
A3: ='BM 01'!A3 -> EMPRESA: | B3: ='BM 01'!C3 -> CONSTRUTORA SANCARLOS LTDA | K3: ='BM 01'!M2 -> BOLETIM n°: | L3: ='BM 01'!O2 -> 01
A4: ='BM 01'!A4 -> OBRA: SERVIÇOS DE INFRAESTRUTURA | K4: ='BM 01'!M3 -> DATA INICIAL: | L4: {='BM 01'!N3:O3} -> ordem de serviço | M4: 0
A5: ='BM 01'!A5 -> LOCAL: ÁREAS PÚBLICAS MUNICIPAIS DE SANTA CRUZ DO ESCALVADO (MG) | K5: ='BM 01'!M4 -> DATA FINAL: | L5: {='BM 01'!N4:O4} -> 46244 | M5: 0
A6: ='BM 01'!A6 -> LICITAÇÃO: Processo Licitatório nº 115/2026 - Concorrência nº 028/2026 - Contrato nº 028/2026 | K6: ='BM 01'!M5 -> DATA MEDIÇÃO: | L6: {='BM 01'!N5:O5} -> 0 | M6: 0
B53: WILSON DIAS FONSECA JR.
B54: Eng. Civil - CREA 61.924 / D
B55: Engenheiro Responsável pela FISCALIZAÇÃO

Sheet BM 02
A2: PLANILHA PARA ACOMPANHAMENTO DE MEDIÇÕES | L2: BOLETIM n°: | N2: 02
A3: EMPRESA: | B3: CONSTRUTORA SANCARLOS LTDA | L3: DATA INICIAL: | M3: ='BM 01'!N4 -> 46244
A4: =PLAN!A3 -> OBRA: SERVIÇOS DE INFRAESTRUTURA | L4: DATA FINAL:
A5: =PLAN!A4 -> LOCAL: ÁREAS PÚBLICAS MUNICIPAIS DE SANTA CRUZ DO ESCALVADO (MG) | L5: DATA MEDIÇÃO:
A6: LICITAÇÃO: Processo Licitatório nº 115/2026 - Concorrência nº 028/2026 - Contrato nº 028/2026 | H6: REGIME DE EXECUÇÃO: INDIRETO | J6: ORÇAMENTO: DESONERADO | L6: BDI ADOTADO: | M6: =PLAN!H6 -> 0.2647 | O6: =F65 -> #REF!
A7: ITEM | B7: DESCRIÇÃO DOS SERVIÇOS | C7: UNID | D7: QUANT. TOTAL | E7: PREÇO UNIT. | F7: VALOR TOTAL | G7: QUANTIDADE ACUMULADA ANTERIOR | H7: QUANTIDADE MEDIDA | I7: QUANTIDADE ACUMULADA | J7: SALDO DE QUANTITATIVO | K7: VALOR MEDIDO | L7: VALOR ACUMULADO | M7: PERCENTUAL ACUMULADO | N7: SALDO FINANCEIRO POR ITEM | P7: 0.2689
A8: =PLAN!A8 -> 1 | B8: =PLAN!C8 -> ADMINISTRAÇÃO LOCAL | C8: =PLAN!D8 -> 0
A9: =PLAN!A9 -> 1.1 | B9: =PLAN!C9 -> ENCARREGADO GERAL DE OBRAS COM ENCARGOS COMPLEMENTARES | C9: =PLAN!D9 -> MÊS | D9: =PLAN!E9 -> 2.18 | E9: =PLAN!G9 -> 12293.01 | F9: =ROUND(D9*E9,2) -> 26798.76 | H9: 2.1818182 | I9: =H9+G9 -> 2.1818182 | J9: =D9-I9 -> -0.0018181818 | K9: =ROUND(H9*E9,2) -> 26821.11 | L9: =ROUND(I9*E9,2) -> 26821.11 | M9: =ROUND(L9/F9,4) -> 1.0008 | N9: =F9-L9 -> -22.35
A10: =PLAN!A10 -> 1.2 | B10: =PLAN!C10 -> TÉCNICO EM SEGURANÇA DO TRABALHO COM ENCARGOS COMPLEMENTARES | C10: =PLAN!D10 -> MÊS | D10: =PLAN!E10 -> 0.03 | E10: =PLAN!G10 -> 10433.19 | F10: =ROUND(D10*E10,2) -> 313 | H10: 0.027272727 | I10: =H10+G10 -> 0.027272727 | J10: =D10-I10 -> 0.0027272727 | K10: =ROUND(H10*E10,2) -> 284.54 | L10: =ROUND(I10*E10,2) -> 284.54 | M10: =ROUND(L10/F10,4) -> 0.9091 | N10: =F10-L10 -> 28.46
A11: =PLAN!A11 -> 1.3 | B11: =PLAN!C11 -> ENGENHEIRO CIVIL DE OBRA PLENO COM ENCARGOS COMPLEMENTARES | C11: =PLAN!D11 -> MÊS | D11: =PLAN!E11 -> 0.03 | E11: =PLAN!G11 -> 30092.51 | F11: =ROUND(D11*E11,2) -> 902.78 | H11: 0.054545455 | I11: =H11+G11 -> 0.054545455 | J11: =D11-I11 -> -0.024545455 | K11: =ROUND(H11*E11,2) -> 1641.41 | L11: =ROUND(I11*E11,2) -> 1641.41 | M11: =ROUND(L11/F11,4) -> 1.8182 | N11: =F11-L11 -> -738.63 | O11: =SUM(F9:F11) -> 28014.54 | P11: =O11/F65 -> #REF!
A12: =PLAN!A12 -> 2 | B12: =PLAN!C12 -> SERVIÇOS PRELIMINARES | C12: =PLAN!D12 -> 0
A13: =PLAN!A13 -> 2.1 | B13: =PLAN!C13 -> FORNECIMENTO E COLOCAÇÃO DE PLACA DE OBRA EM CHAPA GALVANIZADA #26, ESP. 0,45 MM, PLOTADA COM ADESIVO VINÍLICO, AFIXADA C/ REBITES 4,8X40 MM, EM ESTRUTURA METÁLICA DE METALON 20X20 MM, ESP. 1,25 MM, INCL SUPORTE EM EUCALIPTO AUTOCLAVADO PINTADO COM TINTA PVA DUAS (2) DEMÃOS | C13: =PLAN!D13 -> M2 | D13: =PLAN!E13 -> 2 | E13: =PLAN!G13 -> 331.17 | F13: =ROUND(D13*E13,2) -> 662.34 | H13: 2 | I13: =H13+G13 -> 2 | J13: =D13-I13 -> 0 | K13: =ROUND(H13*E13,2) -> 662.34 | L13: =ROUND(I13*E13,2) -> 662.34 | M13: =ROUND(L13/F13,4) -> 1 | N13: =F13-L13 -> 0 | P13: 0.02
A14: =PLAN!A14 -> 2.2 | B14: =PLAN!C14 -> MOBILIZAÇÃO E DESMOBILIZAÇÃO OBRA DISTANTE DE CENTRO URBANO OU REGIÃO LIMÍTROFE COM VALOR ATÉ 1.000.000,00 | C14: =PLAN!D14 -> % | D14: =PLAN!E14 -> 0.5 | E14: =PLAN!G14 -> 838064.13 | F14: =ROUND(D14*E14,2)/100 -> 4190.3207 | H14: 2 | I14: =H14+G14 -> 2 | J14: =D14-I14 -> -1.5 | K14: =ROUND(H14*E14,2)/100 -> 16761.283 | L14: =ROUND(I14*E14,2)/100 -> 16761.283 | M14: =ROUND(L14/F14,4) -> 4 | N14: =F14-L14 -> -12570.962 | O14: =SUM(F13:F14) -> 4852.6607 | P14: =P13*F65 -> #REF!
A15: =PLAN!A15 -> 3 | B15: =PLAN!C15 -> ÁREA 01 - RUA SAGRADOS CORAÇÕES
A16: =PLAN!A17 -> 3.1.1 | B16: =PLAN!C17 -> REMOÇÃO DE MEIO FIO PRÉ MOLDADO DE CONCRETO
A17: =PLAN!A19 -> 3.1.3 | B17: =PLAN!C19 -> TRANSPORTE DE MATERIAL DE QUALQUER NATUREZA COM CARRINHO DE MÃO, COM DISTÂNCIAS MENORES OU IGUAIS A 50M, INCLUSIVE CARGA/DESCARGA | C17: =PLAN!D19 -> M3 | D17: =PLAN!E19 -> 5.09 | E17: =PLAN!G19 -> 35.29 | F17: =ROUND(D17*E17,2) -> 179.63 | H17: 2250 | I17: =H17+G17 -> 2250 | J17: =D17-I17 -> -2244.91 | K17: =ROUND(H17*E17,2) -> 79402.5 | L17: =ROUND(I17*E17,2) -> 79402.5 | M17: =ROUND(L17/F17,4) -> 442.0336 | N17: =F17-L17 -> -79222.87
A18: =PLAN!A20 -> 3.1.4 | B18: =PLAN!C20 -> TRANSPORTE DE MATERIAL DE QUALQUER NATUREZA EM CAMINHÃO, DISTÂNCIA MAIOR QUE 1KM E MENOR OU IGUAL A 2KM, DENTRO DO PERÍMETRO URBANO, EXCLUSIVE CARGA, INCLUSIVE DESCARGA | C18: =PLAN!D20 -> M3xKM | D18: =PLAN!E20 -> 10.18 | E18: =PLAN!G20 -> 5.25 | F18: =ROUND(D18*E18,2) -> 53.45 | H18: 50 | I18: =H18+G18 -> 50 | J18: =D18-I18 -> -39.82 | K18: =ROUND(H18*E18,2) -> 262.5 | L18: =ROUND(I18*E18,2) -> 262.5 | M18: =ROUND(L18/F18,4) -> 4.9111 | N18: =F18-L18 -> -209.05
A19: =PLAN!#REF! -> #REF! | B19: =PLAN!#REF! -> #REF! | C19: =PLAN!#REF! -> #REF! | D19: =PLAN!#REF! -> #REF! | E19: =PLAN!#REF! -> #REF! | F19: =ROUND(D19*E19,2) -> #REF! | H19: 450 | I19: =H19+G19 -> 450 | J19: =D19-I19 -> #REF! | K19: =ROUND(H19*E19,2) -> #REF! | L19: =ROUND(I19*E19,2) -> #REF! | M19: =ROUND(L19/F19,4) -> #REF! | N19: =F19-L19 -> #REF!
A20: =PLAN!A21 -> 3.2 | B20: =PLAN!C21 -> EXECUÇÃO DE CANTEIROS | C20: =PLAN!D21 -> 0
A21: =PLAN!A22 -> 3.2.1 | B21: =PLAN!C22 -> ESCAVAÇÃO MANUAL DE VALA COM PROFUNDIDADE MENOR OU IGUAL A 1,5M, INCLUSIVE DESCARGA LATERAL | C21: =PLAN!D22 -> M3 | D21: =PLAN!E22 -> 1.77 | E21: =PLAN!G22 -> 101.76 | F21: =ROUND(D21*E21,2) -> 180.12 | H21: 80 | I21: =H21+G21 -> 80 | J21: =D21-I21 -> -78.23 | K21: =ROUND(H21*E21,2) -> 8140.8 | L21: =ROUND(I21*E21,2) -> 8140.8 | M21: =ROUND(L21/F21,4) -> 45.1965 | N21: =F21-L21 -> -7960.68
A22: =PLAN!A23 -> 3.2.2 | B22: =PLAN!C23 -> CINTA EM CONCRETO ARMADO | C22: =PLAN!D23 -> 0 | D22: =PLAN!E23 -> 0 | E22: =PLAN!G23 -> 0 | F22: =ROUND(D22*E22,2) -> 0 | H22: 240 | I22: =H22+G22 -> 240 | J22: =D22-I22 -> -240 | K22: =ROUND(H22*E22,2) -> 0 | L22: =ROUND(I22*E22,2) -> 0 | M22: =ROUND(L22/F22,4) -> #DIV/0! | N22: =F22-L22 -> 0
A23: =PLAN!A27 -> 3.2.2.4 | B23: =PLAN!C27 -> GUIA DE CORDÃO BOLEADO, EM CONCRETO COM FCK 20MPA, PRÉ MOLDADA, 10X10CM (ALTURA X LARGURA), INCLUSIVE UMA (1) FIADA DE BLOCO DE CONCRETO, ESP. 9CM, ESCAVAÇÃO, APILOAMENTO E TRANSPORTE COM RETIRADA DO MATERIAL ESCAVADO (EM CAÇAMBA) | C23: =PLAN!D27 -> M | D23: =PLAN!E27 -> 59 | E23: =PLAN!G27 -> 78.51 | F23: =ROUND(D23*E23,2) -> 4632.09 | H23: 11250 | I23: =H23+G23 -> 11250 | J23: =D23-I23 -> -11191 | K23: =ROUND(H23*E23,2) -> 883237.5 | L23: =ROUND(I23*E23,2) -> 883237.5 | M23: =ROUND(L23/F23,4) -> 190.678 | N23: =F23-L23 -> -878605.41
A24: =PLAN!A29 -> 3.3.1 | B24: =PLAN!C29 -> PLANTIO DE GRAMA ESMERALDA EM PLACAS, INCLUSIVE TERRA VEGETAL E CONSERVAÇÃO POR TRINTA (30) DIAS | C24: =PLAN!D29 -> M2 | D24: =PLAN!E29 -> 74.34 | E24: =PLAN!G29 -> 48.6 | F24: =ROUND(D24*E24,2) -> 3612.92 | H24: 562.5 | I24: =H24+G24 -> 562.5 | J24: =D24-I24 -> -488.16 | K24: =ROUND(H24*E24,2) -> 27337.5 | L24: =ROUND(I24*E24,2) -> 27337.5 | M24: =ROUND(L24/F24,4) -> 7.5666 | N24: =F24-L24 -> -23724.58
A25: =PLAN!A30 -> 3.3.2 | B25: =PLAN!C30 -> FORNECIMENTO DE ARBUSTO BELA EMÍLIA COM ALTURA MÍNIMA DE 15CM, EXCLUSIVE PLANTIO | C25: =PLAN!D30 -> UNID | D25: =PLAN!E30 -> 10 | E25: =PLAN!G30 -> 8.54 | F25: =ROUND(D25*E25,2) -> 85.4 | H25: 225 | I25: =H25+G25 -> 225 | J25: =D25-I25 -> -215 | K25: =ROUND(H25*E25,2) -> 1921.5 | L25: =ROUND(I25*E25,2) -> 1921.5 | M25: =ROUND(L25/F25,4) -> 22.5 | N25: =F25-L25 -> -1836.1
A26: =PLAN!#REF! -> #REF! | B26: =PLAN!#REF! -> #REF! | C26: =PLAN!#REF! -> #REF! | D26: =PLAN!#REF! -> #REF! | E26: =PLAN!#REF! -> #REF! | F26: =ROUND(D26*E26,2) -> #REF! | H26: 16875 | I26: =H26+G26 -> 16875 | J26: =D26-I26 -> #REF! | K26: =ROUND(H26*E26,2) -> #REF! | L26: =ROUND(I26*E26,2) -> #REF! | M26: =ROUND(L26/F26,4) -> #REF! | N26: =F26-L26 -> #REF!
A27: =PLAN!#REF! -> #REF! | B27: =PLAN!#REF! -> #REF! | C27: =PLAN!#REF! -> #REF!
A28: =PLAN!#REF! -> #REF! | B28: =PLAN!#REF! -> #REF! | C28: =PLAN!#REF! -> #REF! | D28: =PLAN!#REF! -> #REF! | E28: =PLAN!#REF! -> #REF! | F28: =ROUND(D28*E28,2) -> #REF! | H28: 200 | I28: =H28+G28 -> 200 | J28: =D28-I28 -> #REF! | K28: =ROUND(H28*E28,2) -> #REF! | L28: =ROUND(I28*E28,2) -> #REF! | M28: =ROUND(L28/F28,4) -> #REF! | N28: =F28-L28 -> #REF!
A29: =PLAN!#REF! -> #REF! | B29: =PLAN!#REF! -> #REF! | C29: =PLAN!#REF! -> #REF! | D29: =PLAN!#REF! -> #REF! | E29: =PLAN!#REF! -> #REF! | F29: =ROUND(D29*E29,2) -> #REF! | H29: 200 | I29: =H29+G29 -> 200 | J29: =D29-I29 -> #REF! | K29: =ROUND(H29*E29,2) -> #REF! | L29: =ROUND(I29*E29,2) -> #REF! | M29: =ROUND(L29/F29,4) -> #REF! | N29: =F29-L29 -> #REF!
A30: =PLAN!A70 -> 4.4 | B30: =PLAN!C70 -> DRENAGEM PLUVIAL | C30: =PLAN!D70 -> 0
A31: =PLAN!A74 -> 4.4.4 | B31: =PLAN!C74 -> ESCAVAÇÃO MECÂNICA DE VALAS COM PROFUNDIDADE MENOR OU IGUAL A 1,5M, INCLUSIVE CARGA EM CAMINHÃO, EXCLUSIVE TRANSPORTE E DESCARGA | C31: =PLAN!D74 -> M3 | D31: =PLAN!E74 -> 203.72 | E31: =PLAN!G74 -> 14.52 | F31: =ROUND(D31*E31,2) -> 2958.01 | H31: 8 | I31: =H31+G31 -> 8 | J31: =D31-I31 -> 195.72 | K31: =ROUND(H31*E31,2) -> 116.16 | L31: =ROUND(I31*E31,2) -> 116.16 | M31: =ROUND(L31/F31,4) -> 0.0393 | N31: =F31-L31 -> 2841.85
A32: =PLAN!#REF! -> #REF! | B32: =PLAN!#REF! -> #REF! | C32: =PLAN!#REF! -> #REF! | D32: =PLAN!#REF! -> #REF! | E32: =PLAN!#REF! -> #REF! | F32: =ROUND(D32*E32,2) -> #REF! | H32: 16 | I32: =H32+G32 -> 16 | J32: =D32-I32 -> #REF! | K32: =ROUND(H32*E32,2) -> #REF! | L32: =ROUND(I32*E32,2) -> #REF! | M32: =ROUND(L32/F32,4) -> #REF! | N32: =F32-L32 -> #REF!
A33: =PLAN!A76 -> 4.4.6 | B33: =PLAN!C76 -> APILOAMENTO DO FUNDO DE VALAS COM PLACA VIBRATÓRIA | C33: =PLAN!D76 -> M2 | D33: =PLAN!E76 -> 142.82 | E33: =PLAN!G76 -> 19.3 | F33: =ROUND(D33*E33,2) -> 2756.43 | H33: 41.6 | I33: =H33+G33 -> 41.6 | J33: =D33-I33 -> 101.22 | K33: =ROUND(H33*E33,2) -> 802.88 | L33: =ROUND(I33*E33,2) -> 802.88 | M33: =ROUND(L33/F33,4) -> 0.2913 | N33: =F33-L33 -> 1953.55
A34: =PLAN!A80 -> 4.4.10 | B34: =PLAN!C80 -> TUBO DE CONCRETO ARMADO, CLASSE PA1, DIÂMETRO DE 800MM, INCLUSIVE CARGA E DESCARGA MECÂNICA EM CAMINHÃO, ASSENTAMENTO E REJUNTAMENTO, EXCLUSIVE ESCAVAÇÃO E TRANSPORTE | C34: =PLAN!D80 -> M | D34: =PLAN!E80 -> 77 | E34: =PLAN!G80 -> 523.26 | F34: =ROUND(D34*E34,2) -> 40291.02 | H34: 32 | I34: =H34+G34 -> 32 | J34: =D34-I34 -> 45 | K34: =ROUND(H34*E34,2) -> 16744.32 | L34: =ROUND(I34*E34,2) -> 16744.32 | M34: =ROUND(L34/F34,4) -> 0.4156 | N34: =F34-L34 -> 23546.7
A35: =PLAN!A81 -> 4.4.11 | B35: =PLAN!C81 -> REATERRO COMPACTADO DE VALA COM EQUIPAMENTO PLACA VIBRATÓRIA | C35: =PLAN!D81 -> M3 | D35: =PLAN!E81 -> 148.76 | E35: =PLAN!G81 -> 63.96 | F35: =ROUND(D35*E35,2) -> 9514.69 | H35: 58.16 | I35: =H35+G35 -> 58.16 | J35: =D35-I35 -> 90.6 | K35: =ROUND(H35*E35,2) -> 3719.91 | L35: =ROUND(I35*E35,2) -> 3719.91 | M35: =ROUND(L35/F35,4) -> 0.391 | N35: =F35-L35 -> 5794.78
A36: =PLAN!A83 -> 4.4.13 | B36: =PLAN!C83 -> Boca de Lobo Simples combinada com grelha, quadro e cantoneira pré moldados de concreto BLS 01 areia e brita comerciais (Execução, incluindo escavação, fornecimento, carga e transporte de todos os materiais) (Caderno de Drenagem RT 01.47.d) | C36: =PLAN!D83 -> UNID | D36: =PLAN!E83 -> 8 | E36: =PLAN!G83 -> 1655.66 | F36: =ROUND(D36*E36,2) -> 13245.28 | H36: 8 | I36: =H36+G36 -> 8 | J36: =D36-I36 -> 0 | K36: =ROUND(H36*E36,2) -> 13245.28 | L36: =ROUND(I36*E36,2) -> 13245.28 | M36: =ROUND(L36/F36,4) -> 1 | N36: =F36-L36 -> 0
A37: =PLAN!#REF! -> #REF! | B37: =PLAN!#REF! -> #REF! | C37: =PLAN!#REF! -> #REF!
A38: =PLAN!#REF! -> #REF! | B38: =PLAN!#REF! -> #REF! | C38: =PLAN!#REF! -> #REF! | D38: =PLAN!#REF! -> #REF! | E38: =PLAN!#REF! -> #REF! | F38: =ROUND(D38*E38,2) -> #REF! | H38: 3.52 | I38: =H38+G38 -> 3.52 | J38: =D38-I38 -> #REF! | K38: =ROUND(H38*E38,2) -> #REF! | L38: =ROUND(I38*E38,2) -> #REF! | M38: =ROUND(L38/F38,4) -> #REF! | N38: =F38-L38 -> #REF!
A39: =PLAN!#REF! -> #REF! | B39: =PLAN!#REF! -> #REF! | C39: =PLAN!#REF! -> #REF! | D39: =PLAN!#REF! -> #REF! | E39: =PLAN!#REF! -> #REF! | F39: =ROUND(D39*E39,2) -> #REF! | H39: 21 | I39: =H39+G39 -> 21 | J39: =D39-I39 -> #REF! | K39: =ROUND(H39*E39,2) -> #REF! | L39: =ROUND(I39*E39,2) -> #REF! | M39: =ROUND(L39/F39,4) -> #REF! | N39: =F39-L39 -> #REF!
A40: =PLAN!#REF! -> #REF! | B40: =PLAN!#REF! -> #REF! | C40: =PLAN!#REF! -> #REF! | D40: =PLAN!#REF! -> #REF! | E40: =PLAN!#REF! -> #REF! | F40: =ROUND(D40*E40,2) -> #REF! | H40: 5.12 | I40: =H40+G40 -> 5.12 | J40: =D40-I40 -> #REF! | K40: =ROUND(H40*E40,2) -> #REF! | L40: =ROUND(I40*E40,2) -> #REF! | M40: =ROUND(L40/F40,4) -> #REF! | N40: =F40-L40 -> #REF!
A41: =PLAN!#REF! -> #REF! | B41: =PLAN!#REF! -> #REF! | C41: =PLAN!#REF! -> #REF!
A42: =PLAN!#REF! -> #REF! | B42: =PLAN!#REF! -> #REF! | C42: =PLAN!#REF! -> #REF! | D42: =PLAN!#REF! -> #REF! | E42: =PLAN!#REF! -> #REF! | F42: =ROUND(D42*E42,2) -> #REF! | H42: 25 | I42: =H42+G42 -> 25 | J42: =D42-I42 -> #REF! | K42: =ROUND(H42*E42,2) -> #REF! | L42: =ROUND(I42*E42,2) -> #REF! | M42: =ROUND(L42/F42,4) -> #REF! | N42: =F42-L42 -> #REF!
A43: =PLAN!#REF! -> #REF! | B43: =PLAN!#REF! -> #REF! | C43: =PLAN!#REF! -> #REF! | D43: =PLAN!#REF! -> #REF! | E43: =PLAN!#REF! -> #REF! | F43: =ROUND(D43*E43,2) -> #REF! | H43: 25 | I43: =H43+G43 -> 25 | J43: =D43-I43 -> #REF! | K43: =ROUND(H43*E43,2) -> #REF! | L43: =ROUND(I43*E43,2) -> #REF! | M43: =ROUND(L43/F43,4) -> #REF! | N43: =F43-L43 -> #REF!
A44: =PLAN!#REF! -> #REF! | B44: =PLAN!#REF! -> #REF! | C44: =PLAN!#REF! -> #REF! | D44: =PLAN!#REF! -> #REF! | E44: =PLAN!#REF! -> #REF! | F44: =ROUND(D44*E44,2) -> #REF! | H44: 50 | I44: =H44+G44 -> 50 | J44: =D44-I44 -> #REF! | K44: =ROUND(H44*E44,2) -> #REF! | L44: =ROUND(I44*E44,2) -> #REF! | M44: =ROUND(L44/F44,4) -> #REF! | N44: =F44-L44 -> #REF!
A65: TOTAL GERAL | F65: =SUM(F8:F64) -> #REF! | K65: =SUM(K8:K64) -> #REF! | L65: =SUM(L8:L64) -> #REF! | M65: =L65/F65 -> #REF! | N65: =SUM(N8:N64) -> #REF! | O65: =SUM(O7:O64) -> 32867.201
F66: TOTAL DA MEDIÇÃO | H66: =K65 -> #REF! | I66: {=ValorPorExtenso(H66)} -> valor inválido
C70: WILSON DIAS FONSECA JR. | G70: FERNANDO HENRIQUE DE SOUZA | K70: FERNANDO HENRIQUE DE SOUZA
C71: Eng. Civil - CREA 61.924 / D | G71: Eng. Civil - CREA MG 201.599/D | K71: Sócio-proprietário
C72: Engenheiro Responsável pela FISCALIZAÇÃO | G72: Engenheiro Responsável pela OBRA | K72: =B3 -> CONSTRUTORA SANCARLOS LTDA
H73: =K65/F65 -> #REF! | I73: =N65/F65 -> #REF! | K73: ='BM 01'!I66 -> #REF! | L73: medição anterior
H74: 1

Sheet BM 02-Fot
A2: RELATÓRIO FOTOGRÁFICO DA MEDIÇÃO
A3: ='BM 01'!A3 -> EMPRESA: | B3: ='BM 01'!C3 -> CONSTRUTORA SANCARLOS LTDA | K3: ='BM 01'!M2 -> BOLETIM n°: | L3: ='BM 02'!N2 -> 02
A4: ='BM 01'!A4 -> OBRA: SERVIÇOS DE INFRAESTRUTURA | K4: ='BM 01'!M3 -> DATA INICIAL: | L4: {='BM 01'!N4:O4} -> 46244 | M4: 0
A5: ='BM 01'!A5 -> LOCAL: ÁREAS PÚBLICAS MUNICIPAIS DE SANTA CRUZ DO ESCALVADO (MG) | K5: ='BM 01'!M4 -> DATA FINAL: | L5: {='BM 01'!N5:O5} -> 0 | M5: 0
A6: ='BM 01'!A6 -> LICITAÇÃO: Processo Licitatório nº 115/2026 - Concorrência nº 028/2026 - Contrato nº 028/2026 | K6: ='BM 01'!M5 -> DATA MEDIÇÃO: | L6: {='BM 02'!M5:N5} -> 0 | M6: 0
B53: WILSON DIAS FONSECA JR.
B54: Eng. Civil - CREA 61.924 / D
B55: Engenheiro Responsável pela FISCALIZAÇÃO

Sheet ADIT
A2: PLANILHA DE ADITAMENTO | H2: VALOR CONTRATADO: | J2: =F45 -> #REF!
A3: ='BM 01'!A3 -> EMPRESA: | B3: ='BM 01'!C3 -> CONSTRUTORA SANCARLOS LTDA | H3: VALOR ADITIVO: | J3: =I45 -> #REF!
A4: ='BM 01'!A4 -> OBRA: SERVIÇOS DE INFRAESTRUTURA | H4: VALOR TOTAL ADITADO: | J4: =J45 -> #REF!
A5: ='BM 01'!A5 -> LOCAL: ÁREAS PÚBLICAS MUNICIPAIS DE SANTA CRUZ DO ESCALVADO (MG) | H5: % ADITIVO: | J5: =J3/J2 -> #REF!
A6: ='BM 01'!A6 -> LICITAÇÃO: Processo Licitatório nº 115/2026 - Concorrência nº 028/2026 - Contrato nº 028/2026 | H6: DATA: | J6: 46244
A7: ITEM | B7: DESCRIÇÃO DOS SERVIÇOS | C7: UNID | D7: QUANT. CONTRAT. | E7: PREÇO UNITÁRIO | F7: VALOR TOTAL CONTRAT. | G7: QUANT. ADITIVADA | H7: QUANT. TOTAL | I7: VALOR ADITIVADO | J7: VALOR TOTAL ADITIVADO
A8: =PLAN!A8 -> 1 | B8: =PLAN!C8 -> ADMINISTRAÇÃO LOCAL | C8: =PLAN!D8 -> 0 | D8: =PLAN!E8 -> 0 | E8: ='BM 01'!F8 -> 0 | F8: ='BM 01'!G8 -> 0 | H8: =D8+G8 -> 0 | I8: =ROUND(G8*E8,2) -> 0 | J8: =ROUND(F8+G8*E8,2) -> 0
A9: =PLAN!A9 -> 1.1 | B9: =PLAN!C9 -> ENCARREGADO GERAL DE OBRAS COM ENCARGOS COMPLEMENTARES | C9: =PLAN!D9 -> MÊS | D9: =PLAN!E9 -> 2.18 | E9: ='BM 01'!F9 -> 12293.01 | F9: ='BM 01'!G9 -> 26798.76 | H9: =D9+G9 -> 2.18 | I9: =ROUND(G9*E9,2) -> 0 | J9: =ROUND(F9+G9*E9,2) -> 26798.76
A10: =PLAN!A10 -> 1.2 | B10: =PLAN!C10 -> TÉCNICO EM SEGURANÇA DO TRABALHO COM ENCARGOS COMPLEMENTARES | C10: =PLAN!D10 -> MÊS | D10: =PLAN!E10 -> 0.03 | E10: ='BM 01'!F10 -> 10433.19 | F10: ='BM 01'!G10 -> 313 | H10: =D10+G10 -> 0.03 | I10: =ROUND(G10*E10,2) -> 0 | J10: =ROUND(F10+G10*E10,2) -> 313
A11: =PLAN!A11 -> 1.3 | B11: =PLAN!C11 -> ENGENHEIRO CIVIL DE OBRA PLENO COM ENCARGOS COMPLEMENTARES | C11: =PLAN!D11 -> MÊS | D11: =PLAN!E11 -> 0.03 | E11: ='BM 01'!F11 -> 30092.51 | F11: ='BM 01'!G11 -> 902.78 | H11: =D11+G11 -> 0.03 | I11: =ROUND(G11*E11,2) -> 0 | J11: =ROUND(F11+G11*E11,2) -> 902.78
A12: =PLAN!A12 -> 2 | B12: =PLAN!C12 -> SERVIÇOS PRELIMINARES | C12: =PLAN!D12 -> 0 | D12: =PLAN!E12 -> 0 | E12: ='BM 01'!F12 -> 0 | F12: ='BM 01'!G12 -> 0 | H12: =D12+G12 -> 0 | I12: =ROUND(G12*E12,2) -> 0 | J12: =ROUND(F12+G12*E12,2) -> 0
A13: =PLAN!A13 -> 2.1 | B13: =PLAN!C13 -> FORNECIMENTO E COLOCAÇÃO DE PLACA DE OBRA EM CHAPA GALVANIZADA #26, ESP. 0,45 MM, PLOTADA COM ADESIVO VINÍLICO, AFIXADA C/ REBITES 4,8X40 MM, EM ESTRUTURA METÁLICA DE METALON 20X20 MM, ESP. 1,25 MM, INCL SUPORTE EM EUCALIPTO AUTOCLAVADO PINTADO COM TINTA PVA DUAS (2) DEMÃOS | C13: =PLAN!D13 -> M2 | D13: =PLAN!E13 -> 2 | E13: ='BM 01'!F13 -> 331.17 | F13: ='BM 01'!G13 -> 662.34 | H13: =D13+G13 -> 2 | I13: =ROUND(G13*E13,2) -> 0 | J13: =ROUND(F13+G13*E13,2) -> 662.34
A14: =PLAN!A14 -> 2.2 | B14: =PLAN!C14 -> MOBILIZAÇÃO E DESMOBILIZAÇÃO OBRA DISTANTE DE CENTRO URBANO OU REGIÃO LIMÍTROFE COM VALOR ATÉ 1.000.000,00 | C14: =PLAN!D14 -> % | D14: =PLAN!E14 -> 0.5 | E14: ='BM 01'!F14 -> 838064.13 | F14: ='BM 01'!G14 -> 4190.3207 | H14: =D14+G14 -> 0.5 | I14: =ROUND(G14*E14,2) -> 0 | J14: =ROUND(F14+G14*E14,2) -> 4190.32
A15: =PLAN!A15 -> 3 | B15: =PLAN!C15 -> ÁREA 01 - RUA SAGRADOS CORAÇÕES | C15: =PLAN!D15 -> 0 | D15: =PLAN!E15 -> 0 | E15: ='BM 01'!F15 -> 0 | F15: ='BM 01'!G15 -> 0 | H15: =D15+G15 -> 0 | I15: =ROUND(G15*E15,2) -> 0 | J15: =ROUND(F15+G15*E15,2) -> 0
A16: =PLAN!A17 -> 3.1.1 | B16: =PLAN!C17 -> REMOÇÃO DE MEIO FIO PRÉ MOLDADO DE CONCRETO | C16: =PLAN!D17 -> M | D16: =PLAN!E17 -> 46.55 | E16: ='BM 01'!F16 -> 0 | F16: ='BM 01'!G16 -> 0 | H16: =D16+G16 -> 46.55 | I16: =ROUND(G16*E16,2) -> 0 | J16: =ROUND(F16+G16*E16,2) -> 0
A17: =PLAN!A19 -> 3.1.3 | B17: =PLAN!C19 -> TRANSPORTE DE MATERIAL DE QUALQUER NATUREZA COM CARRINHO DE MÃO, COM DISTÂNCIAS MENORES OU IGUAIS A 50M, INCLUSIVE CARGA/DESCARGA | C17: =PLAN!D19 -> M3 | D17: =PLAN!E19 -> 5.09 | E17: ='BM 01'!F17 -> 35.29 | F17: ='BM 01'!G17 -> 179.63 | H17: =D17+G17 -> 5.09 | I17: =ROUND(G17*E17,2) -> 0 | J17: =ROUND(F17+G17*E17,2) -> 179.63
A18: =PLAN!A20 -> 3.1.4 | B18: =PLAN!C20 -> TRANSPORTE DE MATERIAL DE QUALQUER NATUREZA EM CAMINHÃO, DISTÂNCIA MAIOR QUE 1KM E MENOR OU IGUAL A 2KM, DENTRO DO PERÍMETRO URBANO, EXCLUSIVE CARGA, INCLUSIVE DESCARGA | C18: =PLAN!D20 -> M3xKM | D18: =PLAN!E20 -> 10.18 | E18: ='BM 01'!F18 -> 5.25 | F18: ='BM 01'!G18 -> 53.45 | H18: =D18+G18 -> 10.18 | I18: =ROUND(G18*E18,2) -> 0 | J18: =ROUND(F18+G18*E18,2) -> 53.45
A19: =PLAN!#REF! -> #REF! | B19: =PLAN!#REF! -> #REF! | C19: =PLAN!#REF! -> #REF! | D19: =PLAN!#REF! -> #REF! | E19: ='BM 01'!F19 -> #REF! | F19: ='BM 01'!G19 -> #REF! | H19: =D19+G19 -> #REF! | I19: =ROUND(G19*E19,2) -> #REF! | J19: =ROUND(F19+G19*E19,2) -> #REF!
A20: =PLAN!A21 -> 3.2 | B20: =PLAN!C21 -> EXECUÇÃO DE CANTEIROS | C20: =PLAN!D21 -> 0 | D20: =PLAN!E21 -> 0 | E20: ='BM 01'!F20 -> 0 | F20: ='BM 01'!G20 -> 0 | H20: =D20+G20 -> 0 | I20: =ROUND(G20*E20,2) -> 0 | J20: =ROUND(F20+G20*E20,2) -> 0
A21: =PLAN!A22 -> 3.2.1 | B21: =PLAN!C22 -> ESCAVAÇÃO MANUAL DE VALA COM PROFUNDIDADE MENOR OU IGUAL A 1,5M, INCLUSIVE DESCARGA LATERAL | C21: =PLAN!D22 -> M3 | D21: =PLAN!E22 -> 1.77 | E21: ='BM 01'!F21 -> 101.76 | F21: ='BM 01'!G21 -> 180.12 | H21: =D21+G21 -> 1.77 | I21: =ROUND(G21*E21,2) -> 0 | J21: =ROUND(F21+G21*E21,2) -> 180.12
A22: =PLAN!A23 -> 3.2.2 | B22: =PLAN!C23 -> CINTA EM CONCRETO ARMADO | C22: =PLAN!D23 -> 0 | D22: =PLAN!E23 -> 0 | E22: ='BM 01'!F22 -> 0 | F22: ='BM 01'!G22 -> 0 | H22: =D22+G22 -> 0 | I22: =ROUND(G22*E22,2) -> 0 | J22: =ROUND(F22+G22*E22,2) -> 0
A23: =PLAN!A27 -> 3.2.2.4 | B23: =PLAN!C27 -> GUIA DE CORDÃO BOLEADO, EM CONCRETO COM FCK 20MPA, PRÉ MOLDADA, 10X10CM (ALTURA X LARGURA), INCLUSIVE UMA (1) FIADA DE BLOCO DE CONCRETO, ESP. 9CM, ESCAVAÇÃO, APILOAMENTO E TRANSPORTE COM RETIRADA DO MATERIAL ESCAVADO (EM CAÇAMBA) | C23: =PLAN!D27 -> M | D23: =PLAN!E27 -> 59 | E23: ='BM 01'!F23 -> 78.51 | F23: ='BM 01'!G23 -> 4632.09 | H23: =D23+G23 -> 59 | I23: =ROUND(G23*E23,2) -> 0 | J23: =ROUND(F23+G23*E23,2) -> 4632.09
A24: =PLAN!A29 -> 3.3.1 | B24: =PLAN!C29 -> PLANTIO DE GRAMA ESMERALDA EM PLACAS, INCLUSIVE TERRA VEGETAL E CONSERVAÇÃO POR TRINTA (30) DIAS | C24: =PLAN!D29 -> M2 | D24: =PLAN!E29 -> 74.34 | E24: ='BM 01'!F24 -> 48.6 | F24: ='BM 01'!G24 -> 3612.92 | H24: =D24+G24 -> 74.34 | I24: =ROUND(G24*E24,2) -> 0 | J24: =ROUND(F24+G24*E24,2) -> 3612.92
A25: =PLAN!A30 -> 3.3.2 | B25: =PLAN!C30 -> FORNECIMENTO DE ARBUSTO BELA EMÍLIA COM ALTURA MÍNIMA DE 15CM, EXCLUSIVE PLANTIO | C25: =PLAN!D30 -> UNID | D25: =PLAN!E30 -> 10 | E25: ='BM 01'!F25 -> 8.54 | F25: ='BM 01'!G25 -> 85.4 | H25: =D25+G25 -> 10 | I25: =ROUND(G25*E25,2) -> 0 | J25: =ROUND(F25+G25*E25,2) -> 85.4
A26: =PLAN!#REF! -> #REF! | B26: =PLAN!#REF! -> #REF! | C26: =PLAN!#REF! -> #REF! | D26: =PLAN!#REF! -> #REF! | E26: ='BM 01'!F26 -> #REF! | F26: ='BM 01'!G26 -> #REF! | H26: =D26+G26 -> #REF! | I26: =ROUND(G26*E26,2) -> #REF! | J26: =ROUND(F26+G26*E26,2) -> #REF!
A27: =PLAN!#REF! -> #REF! | B27: =PLAN!#REF! -> #REF! | C27: =PLAN!#REF! -> #REF! | D27: =PLAN!#REF! -> #REF! | E27: ='BM 01'!F27 -> 0 | F27: ='BM 01'!G27 -> 0 | H27: =D27+G27 -> #REF! | I27: =ROUND(G27*E27,2) -> 0 | J27: =ROUND(F27+G27*E27,2) -> 0
A28: =PLAN!#REF! -> #REF! | B28: =PLAN!#REF! -> #REF! | C28: =PLAN!#REF! -> #REF! | D28: =PLAN!#REF! -> #REF! | E28: ='BM 01'!F28 -> #REF! | F28: ='BM 01'!G28 -> #REF! | H28: =D28+G28 -> #REF! | I28: =ROUND(G28*E28,2) -> #REF! | J28: =ROUND(F28+G28*E28,2) -> #REF!
A29: =PLAN!#REF! -> #REF! | B29: =PLAN!#REF! -> #REF! | C29: =PLAN!#REF! -> #REF! | D29: =PLAN!#REF! -> #REF! | E29: ='BM 01'!F29 -> #REF! | F29: ='BM 01'!G29 -> #REF! | H29: =D29+G29 -> #REF! | I29: =ROUND(G29*E29,2) -> #REF! | J29: =ROUND(F29+G29*E29,2) -> #REF!
A30: =PLAN!A70 -> 4.4 | B30: =PLAN!C70 -> DRENAGEM PLUVIAL | C30: =PLAN!D70 -> 0 | D30: =PLAN!E70 -> 0 | E30: ='BM 01'!F30 -> 0 | F30: ='BM 01'!G30 -> 0 | H30: =D30+G30 -> 0 | I30: =ROUND(G30*E30,2) -> 0 | J30: =ROUND(F30+G30*E30,2) -> 0
A31: =PLAN!A74 -> 4.4.4 | B31: =PLAN!C74 -> ESCAVAÇÃO MECÂNICA DE VALAS COM PROFUNDIDADE MENOR OU IGUAL A 1,5M, INCLUSIVE CARGA EM CAMINHÃO, EXCLUSIVE TRANSPORTE E DESCARGA | C31: =PLAN!D74 -> M3 | D31: =PLAN!E74 -> 203.72 | E31: ='BM 01'!F31 -> 14.52 | F31: ='BM 01'!G31 -> 2958.01 | H31: =D31+G31 -> 203.72 | I31: =ROUND(G31*E31,2) -> 0 | J31: =ROUND(F31+G31*E31,2) -> 2958.01
A32: =PLAN!#REF! -> #REF! | B32: =PLAN!#REF! -> #REF! | C32: =PLAN!#REF! -> #REF! | D32: =PLAN!#REF! -> #REF! | E32: ='BM 01'!F32 -> #REF! | F32: ='BM 01'!G32 -> #REF! | H32: =D32+G32 -> #REF! | I32: =ROUND(G32*E32,2) -> #REF! | J32: =ROUND(F32+G32*E32,2) -> #REF!
A33: =PLAN!A76 -> 4.4.6 | B33: =PLAN!C76 -> APILOAMENTO DO FUNDO DE VALAS COM PLACA VIBRATÓRIA | C33: =PLAN!D76 -> M2 | D33: =PLAN!E76 -> 142.82 | E33: ='BM 01'!F33 -> 19.3 | F33: ='BM 01'!G33 -> 2756.43 | H33: =D33+G33 -> 142.82 | I33: =ROUND(G33*E33,2) -> 0 | J33: =ROUND(F33+G33*E33,2) -> 2756.43
A34: =PLAN!A80 -> 4.4.10 | B34: =PLAN!C80 -> TUBO DE CONCRETO ARMADO, CLASSE PA1, DIÂMETRO DE 800MM, INCLUSIVE CARGA E DESCARGA MECÂNICA EM CAMINHÃO, ASSENTAMENTO E REJUNTAMENTO, EXCLUSIVE ESCAVAÇÃO E TRANSPORTE | C34: =PLAN!D80 -> M | D34: =PLAN!E80 -> 77 | E34: ='BM 01'!F34 -> 523.26 | F34: ='BM 01'!G34 -> 40291.02 | H34: =D34+G34 -> 77 | I34: =ROUND(G34*E34,2) -> 0 | J34: =ROUND(F34+G34*E34,2) -> 40291.02
A35: =PLAN!A81 -> 4.4.11 | B35: =PLAN!C81 -> REATERRO COMPACTADO DE VALA COM EQUIPAMENTO PLACA VIBRATÓRIA | C35: =PLAN!D81 -> M3 | D35: =PLAN!E81 -> 148.76 | E35: ='BM 01'!F35 -> 63.96 | F35: ='BM 01'!G35 -> 9514.69 | H35: =D35+G35 -> 148.76 | I35: =ROUND(G35*E35,2) -> 0 | J35: =ROUND(F35+G35*E35,2) -> 9514.69
A36: =PLAN!A83 -> 4.4.13 | B36: =PLAN!C83 -> Boca de Lobo Simples combinada com grelha, quadro e cantoneira pré moldados de concreto BLS 01 areia e brita comerciais (Execução, incluindo escavação, fornecimento, carga e transporte de todos os materiais) (Caderno de Drenagem RT 01.47.d) | C36: =PLAN!D83 -> UNID | D36: =PLAN!E83 -> 8 | E36: ='BM 01'!F36 -> 1655.66 | F36: ='BM 01'!G36 -> 13245.28 | H36: =D36+G36 -> 8 | I36: =ROUND(G36*E36,2) -> 0 | J36: =ROUND(F36+G36*E36,2) -> 13245.28
A37: =PLAN!#REF! -> #REF! | B37: =PLAN!#REF! -> #REF! | C37: =PLAN!#REF! -> #REF! | D37: =PLAN!#REF! -> #REF! | E37: ='BM 01'!F37 -> 0 | F37: ='BM 01'!G37 -> 0 | H37: =D37+G37 -> #REF! | I37: =ROUND(G37*E37,2) -> 0 | J37: =ROUND(F37+G37*E37,2) -> 0
A38: =PLAN!#REF! -> #REF! | B38: =PLAN!#REF! -> #REF! | C38: =PLAN!#REF! -> #REF! | D38: =PLAN!#REF! -> #REF! | E38: ='BM 01'!F38 -> #REF! | F38: ='BM 01'!G38 -> #REF! | H38: =D38+G38 -> #REF! | I38: =ROUND(G38*E38,2) -> #REF! | J38: =ROUND(F38+G38*E38,2) -> #REF!
A39: =PLAN!#REF! -> #REF! | B39: =PLAN!#REF! -> #REF! | C39: =PLAN!#REF! -> #REF! | D39: =PLAN!#REF! -> #REF! | E39: ='BM 01'!F39 -> #REF! | F39: ='BM 01'!G39 -> #REF! | H39: =D39+G39 -> #REF! | I39: =ROUND(G39*E39,2) -> #REF! | J39: =ROUND(F39+G39*E39,2) -> #REF!
A40: =PLAN!#REF! -> #REF! | B40: =PLAN!#REF! -> #REF! | C40: =PLAN!#REF! -> #REF! | D40: =PLAN!#REF! -> #REF! | E40: ='BM 01'!F40 -> #REF! | F40: ='BM 01'!G40 -> #REF! | H40: =D40+G40 -> #REF! | I40: =ROUND(G40*E40,2) -> #REF! | J40: =ROUND(F40+G40*E40,2) -> #REF!
A41: =PLAN!#REF! -> #REF! | B41: =PLAN!#REF! -> #REF! | C41: =PLAN!#REF! -> #REF! | D41: =PLAN!#REF! -> #REF! | E41: ='BM 01'!F41 -> 0 | F41: ='BM 01'!G41 -> 0 | H41: =D41+G41 -> #REF! | I41: =ROUND(G41*E41,2) -> 0 | J41: =ROUND(F41+G41*E41,2) -> 0
A42: =PLAN!#REF! -> #REF! | B42: =PLAN!#REF! -> #REF! | C42: =PLAN!#REF! -> #REF! | D42: =PLAN!#REF! -> #REF! | E42: ='BM 01'!F42 -> #REF! | F42: ='BM 01'!G42 -> #REF! | H42: =D42+G42 -> #REF! | I42: =ROUND(G42*E42,2) -> #REF! | J42: =ROUND(F42+G42*E42,2) -> #REF!
A43: =PLAN!#REF! -> #REF! | B43: =PLAN!#REF! -> #REF! | C43: =PLAN!#REF! -> #REF! | D43: =PLAN!#REF! -> #REF! | E43: ='BM 01'!F43 -> #REF! | F43: ='BM 01'!G43 -> #REF! | H43: =D43+G43 -> #REF! | I43: =ROUND(G43*E43,2) -> #REF! | J43: =ROUND(F43+G43*E43,2) -> #REF!
A44: =PLAN!#REF! -> #REF! | B44: =PLAN!#REF! -> #REF! | C44: =PLAN!#REF! -> #REF! | D44: =PLAN!#REF! -> #REF! | E44: ='BM 01'!F44 -> #REF! | F44: ='BM 01'!G44 -> #REF! | H44: =D44+G44 -> #REF! | I44: =ROUND(G44*E44,2) -> #REF! | J44: =ROUND(F44+G44*E44,2) -> #REF!
A45: Valores R$ | F45: =SUM(F8:F44) -> #REF! | I45: =SUM(I8:I44) -> #REF! | J45: =SUM(J8:J44) -> #REF!
B49: WILSON DIAS FONSECA JR.
B50: Eng. Civil - CREA 61.924 / D
B51: Engenheiro Responsável pela FISCALIZAÇÃO
I52: valor pago até última medição
I54: valor medição final a ser feita
I55: =J45-I53 -> #REF!
I56: valor WILSON | J56: =PLAN!H84 -> 842254.45
I57: valor HUGO | J57: ='BM 01'!G65 -> #REF!
I58: DESCONTO | J58: =J57/J56 -> #REF!
